Workbook

Sheet Anexo Tec _ PIC_25_WT
A1: ADICION _ ANEXO TÉCNICO DE PLANES DE INTERVENCIONES COLECTIVAS - PIC - 2024 _
A2: MUNICIPIO DE MAICAO - LA GUAJIRA
A3: FORTALECIMIENTO DE LA FORMULACION Y EJECUCION DEL PLAN DE SALUD PUBLICA DE INTERVENCIONES COLECTIVAS - PIC - EN LAS ACCIONES DE PROMOCION DE LA SALUD Y GESTION DEL RIESGO ENCAMINADAS A MODIFICAR POSITIVAMENTE LOS DETERMINANTES SOCIALES DE LA SALUD DEL MUNICIPIO DE MAICAO PARA VIGENCIA 2024.
A4: Objetivo Estrategico | B4: Eje Estrategico PDSP | C4: Resultado | D4: Valor apropiación año 2025 (en pesos) | E4: Fuente de Financiación Real | F4: Valor apropiación fuente año 2025 (en pesos) | G4: Id_Actividad | H4: CUPS - Resolucion 2641 / 2024 (Anexo Tecnico 5) | I4: DESCRIPCION | J4: SUBCODIGO | K4: Descripción de la Actividad | L4: Intervenciòn año 2025 | M4: Unidad de Medida | N4: Trimestre 1 | O4: Trimestre 2 | P4: Trimestre 3 | Q4: Trimestre 4 | R4: Código Rubro Presupuestal | S4: Línea Operativa PDSP | T4: Valor Unitario x Actividad | U4: Costos total | V4: Costos Directos_Talento Humano | W4: Costos Directos_ Transporte | X4: Costos Directos_ Gastos _Adtivo y Finac | Y4: Costos indirectos | AH4: Medio de Verificaciòn Soporte | AI4: Equipo Bàsico | AJ4: Perfiles Equipo Bàsico | AK4: Entorno | AL4: Poblaciòn Sujeto | AM4: Territorios | AN4: Microterritorio | AO4: No. Comunidades/Barrios | AP4: No. Familias priorizadas | AQ4: No. Personas | AR4: Resposable
Y5: Total, Costo Indirectos | Z5: Piezas Comunicativas Impresas | AC5: Piezas Comunicativas de Difucion | AE5: Logistica | AF5: Registros y Formatos (Papeleria) | AG5: Insumos y Elementos (Articulos de Oficina)
Z6: Volantes Full Color 10x14 Cm, x1000 Uni | AA6: Rotafolios 30Pg Full Color Propalcote 200Gr | AB6: Pendon 140x100 Cm, en Banner con Tubos | AC6: Cuñas Radiales x30 Sg | AD6: Perifoneo Informativo
A7: Contar con elementos para la acción que le permita aproximarse a las condiciones de vida y salud de las diferentes poblaciones de acuerdo con sus particularidades y necesidades, mediante el respeto a la integridad y la participación social, y como garante en la construcción conjunta de intervenciones desde el dialogo horizontal y respetuoso de sus saberes, prácticas y creencias. | B7: Pueblos y comunidades étnicas y campesinas, mujeres, sectores LGBTIQ+ y otras poblaciones por condición y/o situación | C7: Prácticas, saberes y conocimientos para la salud pública reconocidos y fortalecidos para Pueblos y comunidades étnicas, mujeres, población campesina, LBGTIQ+ y otras poblaciones por condición y/o situación | D7: 2.272106e+09 | E7: SGP-SALUD-SALUD PUBLICA | F7: 12836757 | G7: 305 | H7: I30204 | I7: CONFORMACIÓN Y FORTALECIMIENTO DE REDES FAMILIARES, COMUNITARIAS Y SOCIALES PARA LA PROMOCIÓN DE LOS COMPONENTES DE SALUD AMBIENTAL | J7: I302041 | K7: Implementar cuatro (4) estrategias pedagógicas, dirigidas a la población de los micro-territorios priorizados en el municipio de Maicao, a través de acciones para reducir la contaminación del aire y el uso adecuado del agua, con el fin de promover adecuadas prácticas ambientales. | L7: 4 | M7: numero | N7: 0 | O7: 2 | P7: 1 | Q7: 1 | R7: 1.1.02.06.001.02.02 | S7: cuidado de la salud en el territorio | T7: =U7/L7 -> 3769851.6 | U7: =SUM(V7:Y7) -> 15079406 | V7: =Cpte_Financiero_WT_PIC25!$H$19/75 -> 6126000 | W7: =Cpte_Financiero_WT_PIC25!$H$25/75 -> 4707000 | X7: =Cpte_Financiero_WT_PIC25!$E$58/75 -> 736552.18 | Y7: =SUM(Z7:AG7) -> 3509854.1 | Z7: ='Cadena de Valor'!$I$19*1 -> 169333.33 | AA7: ='Cadena de Valor'!$I$20*4 -> 378666.67 | AB7: ='Cadena de Valor'!$I$17*2 -> 290000 | AC7: ='Cadena de Valor'!$I$15*5 -> 373543.33 | AD7: ='Cadena de Valor'!$I$16*2 -> 788888.67 | AE7: 800000 | AF7: =24499365/75 -> 326658.2 | AG7: =28707293.67/75 -> 382763.92 | AH7: 0. Informe Tecnico-Operativo de Ejecucion PIC 1.Registro de Asistencia 2. Formato de Acta de Reunion-Formato Acta de Concertacion-Formato Acta de dialogo para Consesno o disenso 3. Formato de Registros Filmicos (Fotograficos/Videos). 4. Ficha de Caracterizacion Socio-Demografica. 5. Ficha de Monitoreo y Seguimiento. 6. Formato de monitoreo y seguimiento de la Adherencia a las Rutas integrales de atencion en salud. 7. Formato de Visita Domiciliaria 8. Formato de Canalizacion 9. Formato y oficio de Remision 10. Registro Individual de Prestacion de servicios-RIPS-Codigo unico de prestacion de servicios-CUPS 11.Formato de intervenciones Breves | AI7: EBS # 5 | AJ7: Medico General, Enfermero, Promotor de Salud, Auxiliar de Enfermeria | AK7: 1. Institucional 2. Laboral 3. Educativo 4. Comunitario 5. Familia Hogar | AL7: 1. Primera Infancia 2. Infancia 3. Adolescencia 4. Juventud 5. Adultez 6. Adulto mayor 7. Mujer Lactante-gestante 8. Etnicos: Indigenas, Afros, Negros, Raizales, Rrom 9. Victimas del conflicto Armado 10. Poblacion en situacion de discapacidad 11. Trabajador Informal: Estacionario-Ambulante 12. Comunidad LGTBIQ+ | AM7: T24 | AN7: MT01 MT05 MT03 | AO7: MT01. Ishain. MT05. Laguna de Oxidacion, Palasumana. MT03. Mi Ranchito | AP7: 200 200 200 | AQ7: 800 800 800 | AR7: Secretaria de Salud Municipal de Maicao-Autoridad Sanitaria
A8: Contar con elementos para la acción que le permita aproximarse a las condiciones de vida y salud de las diferentes poblaciones de acuerdo con sus particularidades y necesidades, mediante el respeto a la integridad y la participación social, y como garante en la construcción conjunta de intervenciones desde el dialogo horizontal y respetuoso de sus saberes, prácticas y creencias. | B8: Pueblos y comunidades étnicas y campesinas, mujeres, sectores LGBTIQ+ y otras poblaciones por condición y/o situación | C8: Prácticas, saberes y conocimientos para la salud pública reconocidos y fortalecidos para Pueblos y comunidades étnicas, mujeres, población campesina, LBGTIQ+ y otras poblaciones por condición y/o situación | D8: 2.272106e+09 | E8: SGP-SALUD-SALUD PUBLICA | F8: 12836757 | G8: 306 | H8: I11101 | I8: EDUCACIÓN Y COMUNICACIÓN PARA LA PROMOCIÓN DE LA SALUD MENTAL | J8: I111012 | K8: Efectuar dos (2) actividades informativas en español y Wayuunaiki, dirigidas a la población en general de la zona rural, que incluyan sesiones educativas, folletos, volantes y cuñas radiales, para conmemorar el día de la salud mental programada para el 02 de octubre de 2025. | L8: 2 | M8: numero | N8: 0 | O8: 1 | P8: 0 | Q8: 1 | R8: 1.1.02.06.001.02.02 | S8: cuidado de la salud en el territorio | T8: =U8/L8 -> 7608129.3 | U8: =SUM(V8:Y8) -> 15216259 | V8: =Cpte_Financiero_WT_PIC25!$H$19/75 -> 6126000 | W8: =Cpte_Financiero_WT_PIC25!$H$25/75 -> 4707000 | X8: =Cpte_Financiero_WT_PIC25!$E$58/75 -> 736552.18 | Y8: =SUM(Z8:AG8) -> 3646706.4 | Z8: ='Cadena de Valor'!$I$19*1 -> 169333.33 | AA8: ='Cadena de Valor'!I20*2 -> 189333.33 | AB8: ='Cadena de Valor'!$I$17*2 -> 290000 | AC8: ='Cadena de Valor'!I15*20 -> 1494173.3 | AD8: ='Cadena de Valor'!$I$16*1 -> 394444.33 | AE8: 400000 | AF8: =24499365/75 -> 326658.2 | AG8: =28707293.67/75 -> 382763.92 | AH8: 0. Informe Tecnico-Operativo de Ejecucion PIC 1.Registro de Asistencia 2. Formato de Acta de Reunion-Formato Acta de Concertacion-Formato Acta de dialogo para Consesno o disenso 3. Formato de Registros Filmicos (Fotograficos/Videos). 4. Ficha de Caracterizacion Socio-Demografica. 5. Ficha de Monitoreo y Seguimiento. 6. Formato de monitoreo y seguimiento de la Adherencia a las Rutas integrales de atencion en salud. 7. Formato de Visita Domiciliaria 8. Formato de Canalizacion 9. Formato y oficio de Remision 10. Registro Individual de Prestacion de servicios-RIPS-Codigo unico de prestacion de servicios-CUPS 11.Formato de intervenciones Breves | AI8: EBS # 5 | AJ8: Medico General, Enfermero, Promotor de Salud, Auxiliar de Enfermeria | AK8: 1. Institucional 2. Laboral 3. Educativo 4. Comunitario 5. Familia Hogar | AL8: 1. Primera Infancia 2. Infancia 3. Adolescencia 4. Juventud 5. Adultez 6. Adulto mayor 7. Mujer Lactante-gestante 8. Etnicos: Indigenas, Afros, Negros, Raizales, Rrom 9. Victimas del conflicto Armado 10. Poblacion en situacion de discapacidad 11. Trabajador Informal: Estacionario-Ambulante 12. Comunidad LGTBIQ+ | AM8: T11 T14 | AN8: comuna 3 comuna 5 | AO8: CM 3. 1 de diciembre CM 5. villa amelia 2 | AP8: 650 450 | AQ8: 3250 2250 | AR8: Secretaria de Salud Municipal de Maicao-Autoridad Sanitaria
A9: Contar con elementos para la acción que le permita aproximarse a las condiciones de vida y salud de las diferentes poblaciones de acuerdo con sus particularidades y necesidades, mediante el respeto a la integridad y la participación social, y como garante en la construcción conjunta de intervenciones desde el dialogo horizontal y respetuoso de sus saberes, prácticas y creencias. | B9: Pueblos y comunidades étnicas y campesinas, mujeres, sectores LGBTIQ+ y otras poblaciones por condición y/o situación | C9: Prácticas, saberes y conocimientos para la salud pública reconocidos y fortalecidos para Pueblos y comunidades étnicas, mujeres, población campesina, LBGTIQ+ y otras poblaciones por condición y/o situación | D9: 2.272106e+09 | E9: SGP-SALUD-SALUD PUBLICA | F9: 12836757 | G9: 307 | H9: I30304 | I9: CARACTERIZACIÓN DEL ENTORNO COMUNITARIO | J9: I303043 | K9: Captar y caracterizar al 100% los sabedores de prácticas medicinales ancestrales en la etnia wayuu residentes en Maicao, en el marco del Sistema Indígena de Salud Propia e Intercultural SISPI y el decreto 1953 de 2014. | L9: 100 | M9: porcentaje | N9: 0 | O9: 25 | P9: 50 | Q9: 25 | R9: 1.1.02.06.001.02.02 | S9: cuidado de la salud en el territorio | T9: =U9/L9 -> 139062.95 | U9: =SUM(V9:Y9) -> 13906295 | V9: =Cpte_Financiero_WT_PIC25!$H$19/75 -> 6126000 | W9: =Cpte_Financiero_WT_PIC25!$H$25/75 -> 4707000 | X9: =Cpte_Financiero_WT_PIC25!$E$58/75 -> 736552.18 | Y9: =SUM(Z9:AG9) -> 2336743.1 | Z9: ='Cadena de Valor'!$I$19*1 -> 169333.33 | AA9: 0 | AB9: ='Cadena de Valor'!$I$17*2 -> 290000 | AC9: ='Cadena de Valor'!I15*5 -> 373543.33 | AD9: ='Cadena de Valor'!I16*1 -> 394444.33 | AE9: 400000 | AF9: =24499365/75 -> 326658.2 | AG9: =28707293.67/75 -> 382763.92 | AH9: 0. Informe Tecnico-Operativo de Ejecucion PIC 1.Registro de Asistencia 2. Formato de Acta de Reunion-Formato Acta de Concertacion-Formato Acta de dialogo para Consesno o disenso 3. Formato de Registros Filmicos (Fotograficos/Videos). 4. Ficha de Caracterizacion Socio-Demografica. 5. Ficha de Monitoreo y Seguimiento. 6. Formato de monitoreo y seguimiento de la Adherencia a las Rutas integrales de atencion en salud. 7. Formato de Visita Domiciliaria 8. Formato de Canalizacion 9. Formato y oficio de Remision 10. Registro Individual de Prestacion de servicios-RIPS-Codigo unico de prestacion de servicios-CUPS 11.Formato de intervenciones Breves | AI9: EBS # 5 | AJ9: Medico General, Enfermero, Promotor de Salud, Auxiliar de Enfermeria | AK9: 1. Institucional 2. Laboral 3. Educativo 4. Comunitario 5. Familia Hogar | AL9: 1. Primera Infancia 2. Infancia 3. Adolescencia 4. Juventud 5. Adultez 6. Adulto mayor 7. Mujer Lactante-gestante 8. Etnicos: Indigenas, Afros, Negros, Raizales, Rrom 9. Victimas del conflicto Armado 10. Poblacion en situacion de discapacidad 11. Trabajador Informal: Estacionario-Ambulante 12. Comunidad LGTBIQ+ | AM9: T09, T10, T11, T13, T14 | AN9: no aplica | AO9: no aplica | AP9: no aplica | AQ9: no aplica | AR9: Secretaria de Salud Municipal de Maicao-Autoridad Sanitaria
A10: Contar con elementos para la acción que le permita aproximarse a las condiciones de vida y salud de las diferentes poblaciones de acuerdo con sus particularidades y necesidades, mediante el respeto a la integridad y la participación social, y como garante en la construcción conjunta de intervenciones desde el dialogo horizontal y respetuoso de sus saberes, prácticas y creencias. | B10: Pueblos y comunidades étnicas y campesinas, mujeres, sectores LGBTIQ+ y otras poblaciones por condición y/o situación | C10: Prácticas, saberes y conocimientos para la salud pública reconocidos y fortalecidos para Pueblos y comunidades étnicas, mujeres, población campesina, LBGTIQ+ y otras poblaciones por condición y/o situación | D10: 2.272106e+09 | E10: SGP-SALUD-SALUD PUBLICA | F10: 12836757 | G10: 308 | H10: I11107 | I10: EDUCACIÓN Y COMUNICACIÓN PARA LA PREVENCIÓN DE LA CONDUCTA SUICIDA | J10: I111074 | K10: Realizar una (1) movilización social, dirigida a la población en general del municipio de Maicao, para la conmemoración del día mundial para la prevención del suicidio, programado el 10 de septiembre de 2025. | L10: 1 | M10: numero | N10: 0 | O10: 0 | P10: 1 | Q10: 0 | R10: 1.1.02.06.001.02.02 | S10: cuidado de la salud en el territorio | T10: =U10/L10 -> 14548049 | U10: =SUM(V10:Y10) -> 14548049 | V10: =Cpte_Financiero_WT_PIC25!$H$19/75 -> 6126000 | W10: =Cpte_Financiero_WT_PIC25!$H$25/75 -> 4707000 | X10: =Cpte_Financiero_WT_PIC25!$E$58/75 -> 736552.18 | Y10: =SUM(Z10:AG10) -> 2978496.4 | Z10: ='Cadena de Valor'!$I$19*1 -> 169333.33 | AA10: ='Cadena de Valor'!I20*1 -> 94666.667 | AB10: ='Cadena de Valor'!$I$17*2 -> 290000 | AC10: ='Cadena de Valor'!I15*15 -> 1120630 | AD10: ='Cadena de Valor'!I16*1 -> 394444.33 | AE10: 200000 | AF10: =24499365/75 -> 326658.2 | AG10: =28707293.67/75 -> 382763.92 | AH10: 0. Informe Tecnico-Operativo de Ejecucion PIC 1.Registro de Asistencia 2. Formato de Acta de Reunion-Formato Acta de Concertacion-Formato Acta de dialogo para Consesno o disenso 3. Formato de Registros Filmicos (Fotograficos/Videos). 4. Ficha de Caracterizacion Socio-Demografica. 5. Ficha de Monitoreo y Seguimiento. 6. Formato de monitoreo y seguimiento de la Adherencia a las Rutas integrales de atencion en salud. 7. Formato de Visita Domiciliaria 8. Formato de Canalizacion 9. Formato y oficio de Remision 10. Registro Individual de Prestacion de servicios-RIPS-Codigo unico de prestacion de servicios-CUPS 11.Formato de intervenciones Breves | AI10: EBS # 5 | AJ10: Medico General, Enfermero, Promotor de Salud, Auxiliar de Enfermeria | AK10: 1. Institucional 2. Laboral 3. Educativo 4. Comunitario 5. Familia Hogar | AL10: 1. Primera Infancia 2. Infancia 3. Adolescencia 4. Juventud 5. Adultez 6. Adulto mayor 7. Mujer Lactante-gestante 8. Etnicos: Indigenas, Afros, Negros, Raizales, Rrom 9. Victimas del conflicto Armado 10. Poblacion en situacion de discapacidad 11. Trabajador Informal: Estacionario-Ambulante 12. Comunidad LGTBIQ+ | AM10: T11 T14 | AN10: comuna 3 comuna 5 | AO10: CM 3. 1 de diciembre, los laureles, 7 de agosto, 28 de noviembre, altos de parrantial, la bendición de Dios, san francisco. CM 5. villa amelia 2, villa urci, la bendición de Dios 2, Jorge arrieta, la victoria, santo domingo. | AP10: 650 450 | AQ10: 3250 2250 | AR10: Secretaria de Salud Municipal de Maicao-Autoridad Sanitaria
A11: Contar con elementos para la acción que le permita aproximarse a las condiciones de vida y salud de las diferentes poblaciones de acuerdo con sus particularidades y necesidades, mediante el respeto a la integridad y la participación social, y como garante en la construcción conjunta de intervenciones desde el dialogo horizontal y respetuoso de sus saberes, prácticas y creencias. | B11: Pueblos y comunidades étnicas y campesinas, mujeres, sectores LGBTIQ+ y otras poblaciones por condición y/o situación | C11: Prácticas, saberes y conocimientos para la salud pública reconocidos y fortalecidos para Pueblos y comunidades étnicas, mujeres, población campesina, LBGTIQ+ y otras poblaciones por condición y/o situación | D11: 2.272106e+09 | E11: SGP-SALUD-SALUD PUBLICA | F11: 12836757 | G11: 309 | H11: I11101 | I11: EDUCACIÓN Y COMUNICACIÓN PARA LA PROMOCIÓN DE LA SALUD MENTAL | J11: I111015 | K11: Efectuar dos (2) actividades educativas en español y Wayuunaiki, dirigidas a la población en general de la zona rural, que incluyan sesiones educativas, folletos, volantes y cuñas radiales, para conmemorar el día mundial de la salud mental programada para el 10 de octubre de 2025. | L11: 2 | M11: numero | N11: 0 | O11: 0 | P11: 0 | Q11: 2 | R11: 1.1.02.06.001.02.02 | S11: cuidado de la salud en el territorio | T11: =U11/L11 -> 7139919.3 | U11: =SUM(V11:Y11) -> 14279839 | V11: =Cpte_Financiero_WT_PIC25!$H$19/75 -> 6126000 | W11: =Cpte_Financiero_WT_PIC25!$H$25/75 -> 4707000 | X11: =Cpte_Financiero_WT_PIC25!$E$58/75 -> 736552.18 | Y11: =SUM(Z11:AG11) -> 2710286.4 | Z11: ='Cadena de Valor'!$I$19*1 -> 169333.33 | AA11: 0 | AB11: ='Cadena de Valor'!$I$17*2 -> 290000 | AC11: ='Cadena de Valor'!$I$15*10 -> 747086.67 | AD11: ='Cadena de Valor'!I16*1 -> 394444.33 | AE11: 400000 | AF11: =24499365/75 -> 326658.2 | AG11: =28707293.67/75 -> 382763.92 | AH11: 0. Informe Tecnico-Operativo de Ejecucion PIC 1.Registro de Asistencia 2. Formato de Acta de Reunion-Formato Acta de Concertacion-Formato Acta de dialogo para Consesno o disenso 3. Formato de Registros Filmicos (Fotograficos/Videos). 4. Ficha de Caracterizacion Socio-Demografica. 5. Ficha de Monitoreo y Seguimiento. 6. Formato de monitoreo y seguimiento de la Adherencia a las Rutas integrales de atencion en salud. 7. Formato de Visita Domiciliaria 8. Formato de Canalizacion 9. Formato y oficio de Remision 10. Registro Individual de Prestacion de servicios-RIPS-Codigo unico de prestacion de servicios-CUPS 11.Formato de intervenciones Breves | AI11: EBS # 5 | AJ11: Medico General, Enfermero, Promotor de Salud, Auxiliar de Enfermeria | AK11: 1. Institucional 2. Laboral 3. Educativo 4. Comunitario 5. Familia Hogar | AL11: 1. Primera Infancia 2. Infancia 3. Adolescencia 4. Juventud 5. Adultez 6. Adulto mayor 7. Mujer Lactante-gestante 8. Etnicos: Indigenas, Afros, Negros, Raizales, Rrom 9. Victimas del conflicto Armado 10. Poblacion en situacion de discapacidad 11. Trabajador Informal: Estacionario-Ambulante 12. Comunidad LGTBIQ+ | AM11: T23 | AN11: T23. MT01, MT03 | AO11: T23. MT01. Sarampiomana T23. MT03. Yotojoroshi | AP11: 200 200 | AQ11: 800 800 | AR11: Secretaria de Salud Municipal de Maicao-Autoridad Sanitaria
A12: Contar con elementos para la acción que le permita aproximarse a las condiciones de vida y salud de las diferentes poblaciones de acuerdo con sus particularidades y necesidades, mediante el respeto a la integridad y la participación social, y como garante en la construcción conjunta de intervenciones desde el dialogo horizontal y respetuoso de sus saberes, prácticas y creencias. | B12: Pueblos y comunidades étnicas y campesinas, mujeres, sectores LGBTIQ+ y otras poblaciones por condición y/o situación | C12: Prácticas, saberes y conocimientos para la salud pública reconocidos y fortalecidos para Pueblos y comunidades étnicas, mujeres, población campesina, LBGTIQ+ y otras poblaciones por condición y/o situación | D12: 2.272106e+09 | E12: SGP-SALUD-SALUD PUBLICA | F12: 12836757 | G12: 310 | H12: I11101 | I12: EDUCACIÓN Y COMUNICACIÓN PARA LA PROMOCIÓN DE LA SALUD MENTAL | J12: I111016 | K12: Efectuar cuatro (4) actividades educativas en español y Wayuunaiki, dirigidas a la población en general de la zona urbana, que incluyan sesiones educativas, folletos, volantes y cuñas radiales, para conmemorar el día mundial de la salud mental programada para el 10 de octubre de 2025. | L12: 4 | M12: numero | N12: 0 | O12: 0 | P12: 0 | Q12: 4 | R12: 1.1.02.06.001.02.02 | S12: cuidado de la salud en el territorio | T12: =U12/L12 -> 3956623.2 | U12: =SUM(V12:Y12) -> 15826493 | V12: =Cpte_Financiero_WT_PIC25!$H$19/75 -> 6126000 | W12: =Cpte_Financiero_WT_PIC25!$H$25/75 -> 4707000 | X12: =Cpte_Financiero_WT_PIC25!$E$58/75 -> 736552.18 | Y12: =SUM(Z12:AG12) -> 4256940.8 | Z12: ='Cadena de Valor'!$I$19*1 -> 169333.33 | AA12: ='Cadena de Valor'!$I$20*4 -> 378666.67 | AB12: ='Cadena de Valor'!$I$17*2 -> 290000 | AC12: ='Cadena de Valor'!$I$15*15 -> 1120630 | AD12: ='Cadena de Valor'!$I$16*2 -> 788888.67 | AE12: 800000 | AF12: =24499365/75 -> 326658.2 | AG12: =28707293.67/75 -> 382763.92 | AH12: 0. Informe Tecnico-Operativo de Ejecucion PIC 1.Registro de Asistencia 2. Formato de Acta de Reunion-Formato Acta de Concertacion-Formato Acta de dialogo para Consesno o disenso 3. Formato de Registros Filmicos (Fotograficos/Videos). 4. Ficha de Caracterizacion Socio-Demografica. 5. Ficha de Monitoreo y Seguimiento. 6. Formato de monitoreo y seguimiento de la Adherencia a las Rutas integrales de atencion en salud. 7. Formato de Visita Domiciliaria 8. Formato de Canalizacion 9. Formato y oficio de Remision 10. Registro Individual de Prestacion de servicios-RIPS-Codigo unico de prestacion de servicios-CUPS 11.Formato de intervenciones Breves | AI12: EBS # 5 | AJ12: Medico General, Enfermero, Promotor de Salud, Auxiliar de Enfermeria | AK12: 1. Institucional 2. Laboral 3. Educativo 4. Comunitario 5. Familia Hogar | AL12: 1. Primera Infancia 2. Infancia 3. Adolescencia 4. Juventud 5. Adultez 6. Adulto mayor 7. Mujer Lactante-gestante 8. Etnicos: Indigenas, Afros, Negros, Raizales, Rrom 9. Victimas del conflicto Armado 10. Poblacion en situacion de discapacidad 11. Trabajador Informal: Estacionario-Ambulante 12. Comunidad LGTBIQ+ | AM12: T11 T14 | AN12: comuna 3 comuna 5 | AO12: CM 3. 1 de diciembre, los laureles CM 5. villa amelia 2, villa urci | AP12: 650 450 | AQ12: 3250 2250 | AR12: Secretaria de Salud Municipal de Maicao-Autoridad Sanitaria
A13: Contar con elementos para la acción que le permita aproximarse a las condiciones de vida y salud de las diferentes poblaciones de acuerdo con sus particularidades y necesidades, mediante el respeto a la integridad y la participación social, y como garante en la construcción conjunta de intervenciones desde el dialogo horizontal y respetuoso de sus saberes, prácticas y creencias. | B13: Pueblos y comunidades étnicas y campesinas, mujeres, sectores LGBTIQ+ y otras poblaciones por condición y/o situación | C13: Prácticas, saberes y conocimientos para la salud pública reconocidos y fortalecidos para Pueblos y comunidades étnicas, mujeres, población campesina, LBGTIQ+ y otras poblaciones por condición y/o situación | D13: 2.272106e+09 | E13: SGP-SALUD-SALUD PUBLICA | F13: 12836757 | G13: 311 | H13: I11412 | I13: EDUCACIÓN Y COMUNICACIÓN PARA LA ADOPCIÓN DE ESTILOS DE VIDA SALUDABLE | J13: I114127 | K13: Desarrollar un (1) foro educativo, dirigido a la población adolescente y adulta del municipio, donde se eduque sobre el control en el consumo de alcohol, en celebración al día mundial sin alcohol, programado para el 15 de noviembre de 2025. | L13: 1 | M13: numero | N13: 0 | O13: 0 | P13: 0 | Q13: 1 | R13: 1.1.02.06.001.02.02 | S13: cuidado de la salud en el territorio | T13: =U13/L13 -> 14174505 | U13: =SUM(V13:Y13) -> 14174505 | V13: =Cpte_Financiero_WT_PIC25!$H$19/75 -> 6126000 | W13: =Cpte_Financiero_WT_PIC25!$H$25/75 -> 4707000 | X13: =Cpte_Financiero_WT_PIC25!$E$58/75 -> 736552.18 | Y13: =SUM(Z13:AG13) -> 2604953.1 | Z13: ='Cadena de Valor'!$I$19*1 -> 169333.33 | AA13: ='Cadena de Valor'!$I$20*1 -> 94666.667 | AB13: ='Cadena de Valor'!$I$17*2 -> 290000 | AC13: ='Cadena de Valor'!$I$15*10 -> 747086.67 | AD13: ='Cadena de Valor'!$I$16*1 -> 394444.33 | AE13: 200000 | AF13: =24499365/75 -> 326658.2 | AG13: =28707293.67/75 -> 382763.92 | AH13: 0. Informe Tecnico-Operativo de Ejecucion PIC 1.Registro de Asistencia 2. Formato de Acta de Reunion-Formato Acta de Concertacion-Formato Acta de dialogo para Consesno o disenso 3. Formato de Registros Filmicos (Fotograficos/Videos). 4. Ficha de Caracterizacion Socio-Demografica. 5. Ficha de Monitoreo y Seguimiento. 6. Formato de monitoreo y seguimiento de la Adherencia a las Rutas integrales de atencion en salud. 7. Formato de Visita Domiciliaria 8. Formato de Canalizacion 9. Formato y oficio de Remision 10. Registro Individual de Prestacion de servicios-RIPS-Codigo unico de prestacion de servicios-CUPS 11.Formato de intervenciones Breves | AI13: EBS # 5 | AJ13: Medico General, Enfermero, Promotor de Salud, Auxiliar de Enfermeria | AK13: 1. Institucional 2. Laboral 3. Educativo 4. Comunitario 5. Familia Hogar | AL13: 1. Primera Infancia 2. Infancia 3. Adolescencia 4. Juventud 5. Adultez 6. Adulto mayor 7. Mujer Lactante-gestante 8. Etnicos: Indigenas, Afros, Negros, Raizales, Rrom 9. Victimas del conflicto Armado 10. Poblacion en situacion de discapacidad 11. Trabajador Informal: Estacionario-Ambulante 12. Comunidad LGTBIQ+ | AM13: T11 T14 | AN13: comuna 3 comuna 5 | AO13: CM 3. 1 de diciembre, los laureles CM 5. villa amelia 2, villa urci | AP13: 650 450 | AQ13: 3250 2250 | AR13: Secretaria de Salud Municipal de Maicao-Autoridad Sanitaria
A14: Contar con elementos para la acción que le permita aproximarse a las condiciones de vida y salud de las diferentes poblaciones de acuerdo con sus particularidades y necesidades, mediante el respeto a la integridad y la participación social, y como garante en la construcción conjunta de intervenciones desde el dialogo horizontal y respetuoso de sus saberes, prácticas y creencias. | B14: Pueblos y comunidades étnicas y campesinas, mujeres, sectores LGBTIQ+ y otras poblaciones por condición y/o situación | C14: Prácticas, saberes y conocimientos para la salud pública reconocidos y fortalecidos para Pueblos y comunidades étnicas, mujeres, población campesina, LBGTIQ+ y otras poblaciones por condición y/o situación | D14: 2.272106e+09 | E14: SGP-SALUD-SALUD PUBLICA | F14: 12836757 | G14: 312 | H14: I11107 | I14: EDUCACIÓN Y COMUNICACIÓN PARA LA PREVENCIÓN DE LA CONDUCTA SUICIDA | J14: I111078 | K14: Realizar ocho (8) acciones pedagógicas con enfoque étnico, dirigido a la población adolescente de los micro-territorios y comunas priorizadas, donde se incluyan factores protectores frente a los trastornos mentales más comunes, con el fin de mitigar las conductas suicidas, el consumo de SPA y alteraciones en la salud mental de los jóvenes de las distintas etnias. | L14: 8 | M14: numero | N14: 0 | O14: 3 | P14: 3 | Q14: 2 | R14: 1.1.02.06.001.02.02 | S14: cuidado de la salud en el territorio | T14: =U14/L14 -> 2078952 | U14: =SUM(V14:Y14) -> 16631616 | V14: =Cpte_Financiero_WT_PIC25!$H$19/75 -> 6126000 | W14: =Cpte_Financiero_WT_PIC25!$H$25/75 -> 4707000 | X14: =Cpte_Financiero_WT_PIC25!$E$58/75 -> 736552.18 | Y14: =SUM(Z14:AG14) -> 5062064.1 | Z14: ='Cadena de Valor'!$I$19*1 -> 169333.33 | AA14: ='Cadena de Valor'!$I$20*8 -> 757333.33 | AB14: ='Cadena de Valor'!$I$17*2 -> 290000 | AC14: ='Cadena de Valor'!$I$15*10 -> 747086.67 | AD14: ='Cadena de Valor'!$I$16*2 -> 788888.67 | AE14: 1600000 | AF14: =24499365/75 -> 326658.2 | AG14: =28707293.67/75 -> 382763.92 | AH14: 0. Informe Tecnico-Operativo de Ejecucion PIC 1.Registro de Asistencia 2. Formato de Acta de Reunion-Formato Acta de Concertacion-Formato Acta de dialogo para Consesno o disenso 3. Formato de Registros Filmicos (Fotograficos/Videos). 4. Ficha de Caracterizacion Socio-Demografica. 5. Ficha de Monitoreo y Seguimiento. 6. Formato de monitoreo y seguimiento de la Adherencia a las Rutas integrales de atencion en salud. 7. Formato de Visita Domiciliaria 8. Formato de Canalizacion 9. Formato y oficio de Remision 10. Registro Individual de Prestacion de servicios-RIPS-Codigo unico de prestacion de servicios-CUPS 11.Formato de intervenciones Breves | AI14: EBS # 5 | AJ14: Medico General, Enfermero, Promotor de Salud, Auxiliar de Enfermeria | AK14: 1. Institucional 2. Laboral 3. Educativo 4. Comunitario 5. Familia Hogar | AL14: 1. Primera Infancia 2. Infancia 3. Adolescencia 4. Juventud 5. Adultez 6. Adulto mayor 7. Mujer Lactante-gestante 8. Etnicos: Indigenas, Afros, Negros, Raizales, Rrom 9. Victimas del conflicto Armado 10. Poblacion en situacion de discapacidad 11. Trabajador Informal: Estacionario-Ambulante 12. Comunidad LGTBIQ+ | AM14: T11 T14 T23 T24 | AN14: comuna 3 comuna 5 T23. MT01 T24. MT05 | AO14: CM3. 28 de Noviembre, Monte Bello CM5. Villa Amelia, la Victoria T23. MT01. Patillita, Sabaneta T24. MT05. Ekimana, Naranjito | AP14: 650 450 200 200 | AQ14: 3250 2250 800 800 | AR14: Secretaria de Salud Municipal de Maicao-Autoridad Sanitaria
A15: Contar con elementos para la acción que le permita aproximarse a las condiciones de vida y salud de las diferentes poblaciones de acuerdo con sus particularidades y necesidades, mediante el respeto a la integridad y la participación social, y como garante en la construcción conjunta de intervenciones desde el dialogo horizontal y respetuoso de sus saberes, prácticas y creencias. | B15: Pueblos y comunidades étnicas y campesinas, mujeres, sectores LGBTIQ+ y otras poblaciones por condición y/o situación | C15: Prácticas, saberes y conocimientos para la salud pública reconocidos y fortalecidos para Pueblos y comunidades étnicas, mujeres, población campesina, LBGTIQ+ y otras poblaciones por condición y/o situación | D15: 2.272106e+09 | E15: SGP-SALUD-SALUD PUBLICA | F15: 12836757 | G15: 313 | H15: I11405 | I15: EDUCACIÓN Y COMUNICACIÓN EN SALUD PARA LA PROMOCIÓN DE LA SALUD VISUAL | J15: I114059 | K15: Ejecutar una (1) estrategia informativa, dirigida a la población de los microterritorios priorizados, donde se promuevan las prácticas de salud visual, auditiva y comunicativa, con el fin de prevenir las alteraciones crónicas, no transmisibles. | L15: 1 | M15: numero | N15: 0 | O15: 0 | P15: 1 | Q15: 0 | R15: 1.1.02.06.001.02.02 | S15: cuidado de la salud en el territorio | T15: =U15/L15 -> 13884505 | U15: =SUM(V15:Y15) -> 13884505 | V15: =Cpte_Financiero_WT_PIC25!$H$19/75 -> 6126000 | W15: =Cpte_Financiero_WT_PIC25!$H$25/75 -> 4707000 | X15: =Cpte_Financiero_WT_PIC25!$E$58/75 -> 736552.18 | Y15: =SUM(Z15:AG15) -> 2314953.1 | Z15: ='Cadena de Valor'!$I$19*1 -> 169333.33 | AA15: ='Cadena de Valor'!$I$20*1 -> 94666.667 | AB15: 0 | AC15: ='Cadena de Valor'!$I$15*10 -> 747086.67 | AD15: ='Cadena de Valor'!$I$16*1 -> 394444.33 | AE15: 200000 | AF15: =24499365/75 -> 326658.2 | AG15: =28707293.67/75 -> 382763.92 | AH15: 0. Informe Tecnico-Operativo de Ejecucion PIC 1.Registro de Asistencia 2. Formato de Acta de Reunion-Formato Acta de Concertacion-Formato Acta de dialogo para Consesno o disenso 3. Formato de Registros Filmicos (Fotograficos/Videos). 4. Ficha de Caracterizacion Socio-Demografica. 5. Ficha de Monitoreo y Seguimiento. 6. Formato de monitoreo y seguimiento de la Adherencia a las Rutas integrales de atencion en salud. 7. Formato de Visita Domiciliaria 8. Formato de Canalizacion 9. Formato y oficio de Remision 10. Registro Individual de Prestacion de servicios-RIPS-Codigo unico de prestacion de servicios-CUPS 11.Formato de intervenciones Breves | AI15: EBS # 5 | AJ15: Medico General, Enfermero, Promotor de Salud, Auxiliar de Enfermeria | AK15: 1. Institucional 2. Laboral 3. Educativo 4. Comunitario 5. Familia Hogar | AL15: 1. Primera Infancia 2. Infancia 3. Adolescencia 4. Juventud 5. Adultez 6. Adulto mayor 7. Mujer Lactante-gestante 8. Etnicos: Indigenas, Afros, Negros, Raizales, Rrom 9. Victimas del conflicto Armado 10. Poblacion en situacion de discapacidad 11. Trabajador Informal: Estacionario-Ambulante 12. Comunidad LGTBIQ+ | AM15: T24 | AN15: T24. MT05 | AO15: T24. MT05. Laguna de Oxidacion | AP15: 200 | AQ15: 800 | AR15: Secretaria de Salud Municipal de Maicao-Autoridad Sanitaria
A16: Contar con elementos para la acción que le permita aproximarse a las condiciones de vida y salud de las diferentes poblaciones de acuerdo con sus particularidades y necesidades, mediante el respeto a la integridad y la participación social, y como garante en la construcción conjunta de intervenciones desde el dialogo horizontal y respetuoso de sus saberes, prácticas y creencias. | B16: Pueblos y comunidades étnicas y campesinas, mujeres, sectores LGBTIQ+ y otras poblaciones por condición y/o situación | C16: Prácticas, saberes y conocimientos para la salud pública reconocidos y fortalecidos para Pueblos y comunidades étnicas, mujeres, población campesina, LBGTIQ+ y otras poblaciones por condición y/o situación | D16: 2.272106e+09 | E16: SGP-SALUD-SALUD PUBLICA | F16: 12836757 | G16: 314 | H16: I30001 | I16: CARACTERIZACIÓN DEL INDIVIDUO Y SU ENTORNO FAMILIAR | J16: I3000110 | K16: Hacer entrega mensual al proceso de gestión de la SSMM, mediante un informe y copia de la base de datos, de los avances en el proceso de captación y caracterización poblacional, programados para la vigencia 2025. | L16: 9 | M16: numero | N16: 0 | O16: 3 | P16: 3 | Q16: 3 | R16: 1.1.02.06.001.02.02 | S16: cuidado de la salud en el territorio | T16: =U16/L16 -> 1405367.5 | U16: =SUM(V16:Y16) -> 12648308 | V16: =Cpte_Financiero_WT_PIC25!$H$19/75 -> 6126000 | W16: =Cpte_Financiero_WT_PIC25!$H$25/75 -> 4707000 | X16: =Cpte_Financiero_WT_PIC25!$E$58/75 -> 736552.18 | Y16: =SUM(Z16:AG16) -> 1078755.4 | Z16: ='Cadena de Valor'!$I$19*1 -> 169333.33 | AA16: 0 | AB16: 0 | AC16: 0 | AD16: 0 | AE16: 200000 | AF16: =24499365/75 -> 326658.2 | AG16: =28707293.67/75 -> 382763.92 | AH16: 0. Informe Tecnico-Operativo de Ejecucion PIC 1.Registro de Asistencia 2. Formato de Acta de Reunion-Formato Acta de Concertacion-Formato Acta de dialogo para Consesno o disenso 3. Formato de Registros Filmicos (Fotograficos/Videos). 4. Ficha de Caracterizacion Socio-Demografica. 5. Ficha de Monitoreo y Seguimiento. 6. Formato de monitoreo y seguimiento de la Adherencia a las Rutas integrales de atencion en salud. 7. Formato de Visita Domiciliaria 8. Formato de Canalizacion 9. Formato y oficio de Remision 10. Registro Individual de Prestacion de servicios-RIPS-Codigo unico de prestacion de servicios-CUPS 11.Formato de intervenciones Breves | AI16: EBS # 5 | AJ16: Medico General, Enfermero, Promotor de Salud, Auxiliar de Enfermeria | AK16: 1. Institucional 2. Laboral 3. Educativo 4. Comunitario 5. Familia Hogar | AL16: 1. Primera Infancia 2. Infancia 3. Adolescencia 4. Juventud 5. Adultez 6. Adulto mayor 7. Mujer Lactante-gestante 8. Etnicos: Indigenas, Afros, Negros, Raizales, Rrom 9. Victimas del conflicto Armado 10. Poblacion en situacion de discapacidad 11. Trabajador Informal: Estacionario-Ambulante 12. Comunidad LGTBIQ+ | AM16: no aplica | AN16: no aplica | AO16: no aplica | AP16: no aplica | AQ16: no aplica | AR16: Secretaria de Salud Municipal de Maicao-Autoridad Sanitaria
A17: Contar con elementos para la acción que le permita aproximarse a las condiciones de vida y salud de las diferentes poblaciones de acuerdo con sus particularidades y necesidades, mediante el respeto a la integridad y la participación social, y como garante en la construcción conjunta de intervenciones desde el dialogo horizontal y respetuoso de sus saberes, prácticas y creencias. | B17: Pueblos y comunidades étnicas y campesinas, mujeres, sectores LGBTIQ+ y otras poblaciones por condición y/o situación | C17: Prácticas, saberes y conocimientos para la salud pública reconocidos y fortalecidos para Pueblos y comunidades étnicas, mujeres, población campesina, LBGTIQ+ y otras poblaciones por condición y/o situación | D17: 2.272106e+09 | E17: SGP-SALUD-SALUD PUBLICA | F17: 12836757 | G17: 315 | H17: I11206 | I17: EDUCACIÓN Y COMUNICACIÓN PARA LA PREVENCIÓN DE ITS, VIH/SIDA Y HEPATITIS | J17: I1120611 | K17: Concertar con los actores sociales, la realización de una mesa de diálogo con enfoque étnico, en articulación con el proceso de gestión, en la que se informe y eduque sobre las acciones frente a casos de ITS, con el fin de capacitarlos en la identificación y notificación oportuna de los casos que se presenten en sus comunidades. | L17: 1 | M17: numero | N17: 0 | O17: 1 | P17: 0 | Q17: 0 | R17: 1.1.02.06.001.02.02 | S17: cuidado de la salud en el territorio | T17: =U17/L17 -> 14374505 | U17: =SUM(V17:Y17) -> 14374505 | V17: =Cpte_Financiero_WT_PIC25!$H$19/75 -> 6126000 | W17: =Cpte_Financiero_WT_PIC25!$H$25/75 -> 4707000 | X17: =Cpte_Financiero_WT_PIC25!$E$58/75 -> 736552.18 | Y17: =SUM(Z17:AG17) -> 2804953.1 | Z17: ='Cadena de Valor'!$I$19*1 -> 169333.33 | AA17: ='Cadena de Valor'!$I$20*1 -> 94666.667 | AB17: ='Cadena de Valor'!$I$17*2 -> 290000 | AC17: ='Cadena de Valor'!$I$15*10 -> 747086.67 | AD17: ='Cadena de Valor'!$I$16*1 -> 394444.33 | AE17: 400000 | AF17: =24499365/75 -> 326658.2 | AG17: =28707293.67/75 -> 382763.92 | AH17: 0. Informe Tecnico-Operativo de Ejecucion PIC 1.Registro de Asistencia 2. Formato de Acta de Reunion-Formato Acta de Concertacion-Formato Acta de dialogo para Consesno o disenso 3. Formato de Registros Filmicos (Fotograficos/Videos). 4. Ficha de Caracterizacion Socio-Demografica. 5. Ficha de Monitoreo y Seguimiento. 6. Formato de monitoreo y seguimiento de la Adherencia a las Rutas integrales de atencion en salud. 7. Formato de Visita Domiciliaria 8. Formato de Canalizacion 9. Formato y oficio de Remision 10. Registro Individual de Prestacion de servicios-RIPS-Codigo unico de prestacion de servicios-CUPS 11.Formato de intervenciones Breves | AI17: EBS # 5 | AJ17: Medico General, Enfermero, Promotor de Salud, Auxiliar de Enfermeria | AK17: 1. Institucional 2. Laboral 3. Educativo 4. Comunitario 5. Familia Hogar | AL17: 1. Primera Infancia 2. Infancia 3. Adolescencia 4. Juventud 5. Adultez 6. Adulto mayor 7. Mujer Lactante-gestante 8. Etnicos: Indigenas, Afros, Negros, Raizales, Rrom 9. Victimas del conflicto Armado 10. Poblacion en situacion de discapacidad 11. Trabajador Informal: Estacionario-Ambulante 12. Comunidad LGTBIQ+ | AM17: T09, T10, T11, T13, T14 | AN17: no aplica | AO17: no aplica | AP17: no aplica | AQ17: no aplica | AR17: Secretaria de Salud Municipal de Maicao-Autoridad Sanitaria
A18: Contar con elementos para la acción que le permita aproximarse a las condiciones de vida y salud de las diferentes poblaciones de acuerdo con sus particularidades y necesidades, mediante el respeto a la integridad y la participación social, y como garante en la construcción conjunta de intervenciones desde el dialogo horizontal y respetuoso de sus saberes, prácticas y creencias. | B18: Pueblos y comunidades étnicas y campesinas, mujeres, sectores LGBTIQ+ y otras poblaciones por condición y/o situación | C18: Prácticas, saberes y conocimientos para la salud pública reconocidos y fortalecidos para Pueblos y comunidades étnicas, mujeres, población campesina, LBGTIQ+ y otras poblaciones por condición y/o situación | D18: 2.272106e+09 | E18: SGP-SALUD-SALUD PUBLICA | F18: 12836757 | G18: 316 | H18: I11203 | I18: EDUCACIÓN Y COMUNICACIÓN PARA LA PREVENCIÓN DEL EMBARAZO EN LA INFANCIA Y ADOLESCENCIA | J18: I1120312 | K18: Concertar con la comunidad de las comunas priorizadas, un encuentro educativo, en articulación con el proceso de gestión, en el que se eduque sobre temas de sexualidad, tipos de violencia y embarazo en adolescentes. | L18: 1 | M18: numero | N18: 0 | O18: 0 | P18: 1 | Q18: 0 | R18: 1.1.02.06.001.02.02 | S18: cuidado de la salud en el territorio | T18: =U18/L18 -> 14084505 | U18: =SUM(V18:Y18) -> 14084505 | V18: =Cpte_Financiero_WT_PIC25!$H$19/75 -> 6126000 | W18: =Cpte_Financiero_WT_PIC25!$H$25/75 -> 4707000 | X18: =Cpte_Financiero_WT_PIC25!$E$58/75 -> 736552.18 | Y18: =SUM(Z18:AG18) -> 2514953.1 | Z18: ='Cadena de Valor'!$I$19*1 -> 169333.33 | AA18: ='Cadena de Valor'!$I$20*1 -> 94666.667 | AB18: 0 | AC18: ='Cadena de Valor'!$I$15*10 -> 747086.67 | AD18: ='Cadena de Valor'!$I$16*1 -> 394444.33 | AE18: 400000 | AF18: =24499365/75 -> 326658.2 | AG18: =28707293.67/75 -> 382763.92 | AH18: 0. Informe Tecnico-Operativo de Ejecucion PIC 1.Registro de Asistencia 2. Formato de Acta de Reunion-Formato Acta de Concertacion-Formato Acta de dialogo para Consesno o disenso 3. Formato de Registros Filmicos (Fotograficos/Videos). 4. Ficha de Caracterizacion Socio-Demografica. 5. Ficha de Monitoreo y Seguimiento. 6. Formato de monitoreo y seguimiento de la Adherencia a las Rutas integrales de atencion en salud. 7. Formato de Visita Domiciliaria 8. Formato de Canalizacion 9. Formato y oficio de Remision 10. Registro Individual de Prestacion de servicios-RIPS-Codigo unico de prestacion de servicios-CUPS 11.Formato de intervenciones Breves | AI18: EBS # 5 | AJ18: Medico General, Enfermero, Promotor de Salud, Auxiliar de Enfermeria | AK18: 1. Institucional 2. Laboral 3. Educativo 4. Comunitario 5. Familia Hogar | AL18: 1. Primera Infancia 2. Infancia 3. Adolescencia 4. Juventud 5. Adultez 6. Adulto mayor 7. Mujer Lactante-gestante 8. Etnicos: Indigenas, Afros, Negros, Raizales, Rrom 9. Victimas del conflicto Armado 10. Poblacion en situacion de discapacidad 11. Trabajador Informal: Estacionario-Ambulante 12. Comunidad LGTBIQ+ | AM18: T13 | AN18: comuna 4 | AO18: Cristo vive, Galán, Fonseca Siosi, Hary Fuminaya, Belén de Judea, La union, Los olivos. | AP18: 200 | AQ18: 1000 | AR18: Secretaria de Salud Municipal de Maicao-Autoridad Sanitaria
A19: Contar con elementos para la acción que le permita aproximarse a las condiciones de vida y salud de las diferentes poblaciones de acuerdo con sus particularidades y necesidades, mediante el respeto a la integridad y la participación social, y como garante en la construcción conjunta de intervenciones desde el dialogo horizontal y respetuoso de sus saberes, prácticas y creencias. | B19: Pueblos y comunidades étnicas y campesinas, mujeres, sectores LGBTIQ+ y otras poblaciones por condición y/o situación | C19: Prácticas, saberes y conocimientos para la salud pública reconocidos y fortalecidos para Pueblos y comunidades étnicas, mujeres, población campesina, LBGTIQ+ y otras poblaciones por condición y/o situación | D19: 2.272106e+09 | E19: SGP-SALUD-SALUD PUBLICA | F19: 12836757 | G19: 317 | H19: I11201 | I19: EDUCACIÓN Y COMUNICACIÓN EN SALUD SOBRE EL LIBRE EJERCICIO DE LA SEXUALIDAD, LA IDENTIDAD DE GÉNERO Y LA ORIENTACIÓN SEXUAL | J19: I1120113 | K19: Desarrollar una (1) estrategia informativa, dirigida a la población en general, a través de cuñas radiales con mensajes claros y sencillos, además del uso de volantes informativos y otros canales de comunicación, que sensibilice a la comunidad sobre la importancia de la educación sexual temprana y la prevención de abusos. | L19: 1 | M19: numero | N19: 0 | O19: 1 | P19: 0 | Q19: 0 | R19: 1.1.02.06.001.02.02 | S19: cuidado de la salud en el territorio | T19: =U19/L19 -> 13884505 | U19: =SUM(V19:Y19) -> 13884505 | V19: =Cpte_Financiero_WT_PIC25!$H$19/75 -> 6126000 | W19: =Cpte_Financiero_WT_PIC25!$H$25/75 -> 4707000 | X19: =Cpte_Financiero_WT_PIC25!$E$58/75 -> 736552.18 | Y19: =SUM(Z19:AG19) -> 2314953.1 | Z19: ='Cadena de Valor'!$I$19*1 -> 169333.33 | AA19: ='Cadena de Valor'!$I$20*1 -> 94666.667 | AB19: 0 | AC19: ='Cadena de Valor'!$I$15*10 -> 747086.67 | AD19: ='Cadena de Valor'!$I$16*1 -> 394444.33 | AE19: 200000 | AF19: =24499365/75 -> 326658.2 | AG19: =28707293.67/75 -> 382763.92 | AH19: 0. Informe Tecnico-Operativo de Ejecucion PIC 1.Registro de Asistencia 2. Formato de Acta de Reunion-Formato Acta de Concertacion-Formato Acta de dialogo para Consesno o disenso 3. Formato de Registros Filmicos (Fotograficos/Videos). 4. Ficha de Caracterizacion Socio-Demografica. 5. Ficha de Monitoreo y Seguimiento. 6. Formato de monitoreo y seguimiento de la Adherencia a las Rutas integrales de atencion en salud. 7. Formato de Visita Domiciliaria 8. Formato de Canalizacion 9. Formato y oficio de Remision 10. Registro Individual de Prestacion de servicios-RIPS-Codigo unico de prestacion de servicios-CUPS 11.Formato de intervenciones Breves | AI19: EBS # 5 | AJ19: Medico General, Enfermero, Promotor de Salud, Auxiliar de Enfermeria | AK19: 1. Institucional 2. Laboral 3. Educativo 4. Comunitario 5. Familia Hogar | AL19: 1. Primera Infancia 2. Infancia 3. Adolescencia 4. Juventud 5. Adultez 6. Adulto mayor 7. Mujer Lactante-gestante 8. Etnicos: Indigenas, Afros, Negros, Raizales, Rrom 9. Victimas del conflicto Armado 10. Poblacion en situacion de discapacidad 11. Trabajador Informal: Estacionario-Ambulante 12. Comunidad LGTBIQ+ | AM19: T13 | AN19: comuna 4 | AO19: La bendición de Dios, Somos Unidos, Brisas de Parrantial, Las torres de la majayura, San Francisco, Mareigua, San Francisco, La Pista. | AP19: 200 | AQ19: 1000 | AR19: Secretaria de Salud Municipal de Maicao-Autoridad Sanitaria
A20: Contar con elementos para la acción que le permita aproximarse a las condiciones de vida y salud de las diferentes poblaciones de acuerdo con sus particularidades y necesidades, mediante el respeto a la integridad y la participación social, y como garante en la construcción conjunta de intervenciones desde el dialogo horizontal y respetuoso de sus saberes, prácticas y creencias. | B20: Pueblos y comunidades étnicas y campesinas, mujeres, sectores LGBTIQ+ y otras poblaciones por condición y/o situación | C20: Prácticas, saberes y conocimientos para la salud pública reconocidos y fortalecidos para Pueblos y comunidades étnicas, mujeres, población campesina, LBGTIQ+ y otras poblaciones por condición y/o situación | D20: 2.272106e+09 | E20: SGP-SALUD-SALUD PUBLICA | F20: 12836757 | G20: 318 | H20: I10202 | I20: INFORMACIÓN EN SALUD PARA LA PREVENCIÓN DE VIOLENCIAS POR RAZONES DE GÉNERO Y VIOLENCIAS SEXUALES | J20: I1020214 | K20: Realizar una (1) estrategia educativa, dirigida a la población de los micro-territorios priorizados, a través pendones, talleres y sesiones educativas, en conmemoración del día internacional de la eliminación de la violencia contra la mujer, programada el día 25 de noviembre de 2025. | L20: 1 | M20: numero | N20: 0 | O20: 0 | P20: 0 | Q20: 1 | R20: 1.1.02.06.001.02.02 | S20: cuidado de la salud en el territorio | T20: =U20/L20 -> 14174505 | U20: =SUM(V20:Y20) -> 14174505 | V20: =Cpte_Financiero_WT_PIC25!$H$19/75 -> 6126000 | W20: =Cpte_Financiero_WT_PIC25!$H$25/75 -> 4707000 | X20: =Cpte_Financiero_WT_PIC25!$E$58/75 -> 736552.18 | Y20: =SUM(Z20:AG20) -> 2604953.1 | Z20: ='Cadena de Valor'!$I$19*1 -> 169333.33 | AA20: ='Cadena de Valor'!$I$20*1 -> 94666.667 | AB20: ='Cadena de Valor'!$I$17*2 -> 290000 | AC20: ='Cadena de Valor'!$I$15*10 -> 747086.67 | AD20: ='Cadena de Valor'!$I$16*1 -> 394444.33 | AE20: 200000 | AF20: =24499365/75 -> 326658.2 | AG20: =28707293.67/75 -> 382763.92 | AH20: 0. Informe Tecnico-Operativo de Ejecucion PIC 1.Registro de Asistencia 2. Formato de Acta de Reunion-Formato Acta de Concertacion-Formato Acta de dialogo para Consesno o disenso 3. Formato de Registros Filmicos (Fotograficos/Videos). 4. Ficha de Caracterizacion Socio-Demografica. 5. Ficha de Monitoreo y Seguimiento. 6. Formato de monitoreo y seguimiento de la Adherencia a las Rutas integrales de atencion en salud. 7. Formato de Visita Domiciliaria 8. Formato de Canalizacion 9. Formato y oficio de Remision 10. Registro Individual de Prestacion de servicios-RIPS-Codigo unico de prestacion de servicios-CUPS 11.Formato de intervenciones Breves | AI20: EBS # 5 | AJ20: Medico General, Enfermero, Promotor de Salud, Auxiliar de Enfermeria | AK20: 1. Institucional 2. Laboral 3. Educativo 4. Comunitario 5. Familia Hogar | AL20: 1. Primera Infancia 2. Infancia 3. Adolescencia 4. Juventud 5. Adultez 6. Adulto mayor 7. Mujer Lactante-gestante 8. Etnicos: Indigenas, Afros, Negros, Raizales, Rrom 9. Victimas del conflicto Armado 10. Poblacion en situacion de discapacidad 11. Trabajador Informal: Estacionario-Ambulante 12. Comunidad LGTBIQ+ | AM20: T24 | AN20: T24. MT05 | AO20: T24. MT05. Ekimana | AP20: 200 | AQ20: 800 | AR20: Secretaria de Salud Municipal de Maicao-Autoridad Sanitaria
A21: Contar con elementos para la acción que le permita aproximarse a las condiciones de vida y salud de las diferentes poblaciones de acuerdo con sus particularidades y necesidades, mediante el respeto a la integridad y la participación social, y como garante en la construcción conjunta de intervenciones desde el dialogo horizontal y respetuoso de sus saberes, prácticas y creencias. | B21: Pueblos y comunidades étnicas y campesinas, mujeres, sectores LGBTIQ+ y otras poblaciones por condición y/o situación | C21: Prácticas, saberes y conocimientos para la salud pública reconocidos y fortalecidos para Pueblos y comunidades étnicas, mujeres, población campesina, LBGTIQ+ y otras poblaciones por condición y/o situación | D21: 2.272106e+09 | E21: SGP-SALUD-SALUD PUBLICA | F21: 12836757 | G21: 319 | H21: I11201 | I21: EDUCACIÓN Y COMUNICACIÓN EN SALUD SOBRE EL LIBRE EJERCICIO DE LA SEXUALIDAD, LA IDENTIDAD DE GÉNERO Y LA ORIENTACIÓN SEXUAL | J21: I1120115 | K21: Implementar una (1) estrategia educativa, dirigida a los hombres y mujeres a cargo de los estudiantes de las instituciones educativas de los micro-territorios priorizados, donde se eduque sobre estrategias de comunicación abierta y natural entre padres e hijos, métodos de respuesta a las preguntas de los niños sobre sexualidad de manera clara y creación de ambientes de confianza, con el fin de sensibilizar al cuidador sobre la importancia de la sexualidad saludable y responsable, previniendo abusos y garantizando el desarrollo integral de los niños. | L21: 1 | M21: numero | N21: 0 | O21: 1 | P21: 0 | Q21: 0 | R21: 1.1.02.06.001.02.02 | S21: cuidado de la salud en el territorio | T21: =U21/L21 -> 14174505 | U21: =SUM(V21:Y21) -> 14174505 | V21: =Cpte_Financiero_WT_PIC25!$H$19/75 -> 6126000 | W21: =Cpte_Financiero_WT_PIC25!$H$25/75 -> 4707000 | X21: =Cpte_Financiero_WT_PIC25!$E$58/75 -> 736552.18 | Y21: =SUM(Z21:AG21) -> 2604953.1 | Z21: ='Cadena de Valor'!$I$19*1 -> 169333.33 | AA21: ='Cadena de Valor'!$I$20*1 -> 94666.667 | AB21: ='Cadena de Valor'!$I$17*2 -> 290000 | AC21: ='Cadena de Valor'!$I$15*10 -> 747086.67 | AD21: ='Cadena de Valor'!$I$16*1 -> 394444.33 | AE21: 200000 | AF21: =24499365/75 -> 326658.2 | AG21: =28707293.67/75 -> 382763.92 | AH21: 0. Informe Tecnico-Operativo de Ejecucion PIC 1.Registro de Asistencia 2. Formato de Acta de Reunion-Formato Acta de Concertacion-Formato Acta de dialogo para Consesno o disenso 3. Formato de Registros Filmicos (Fotograficos/Videos). 4. Ficha de Caracterizacion Socio-Demografica. 5. Ficha de Monitoreo y Seguimiento. 6. Formato de monitoreo y seguimiento de la Adherencia a las Rutas integrales de atencion en salud. 7. Formato de Visita Domiciliaria 8. Formato de Canalizacion 9. Formato y oficio de Remision 10. Registro Individual de Prestacion de servicios-RIPS-Codigo unico de prestacion de servicios-CUPS 11.Formato de intervenciones Breves | AI21: EBS # 5 | AJ21: Medico General, Enfermero, Promotor de Salud, Auxiliar de Enfermeria | AK21: 1. Institucional 2. Laboral 3. Educativo 4. Comunitario 5. Familia Hogar | AL21: 1. Primera Infancia 2. Infancia 3. Adolescencia 4. Juventud 5. Adultez 6. Adulto mayor 7. Mujer Lactante-gestante 8. Etnicos: Indigenas, Afros, Negros, Raizales, Rrom 9. Victimas del conflicto Armado 10. Poblacion en situacion de discapacidad 11. Trabajador Informal: Estacionario-Ambulante 12. Comunidad LGTBIQ+ | AM21: T24 | AN21: T24. MT05 | AO21: T24. MT05. I.E.I N°01 Sede Jonjoncito | AP21: 200 | AQ21: 800 | AR21: Secretaria de Salud Municipal de Maicao-Autoridad Sanitaria
A22: Contar con elementos para la acción que le permita aproximarse a las condiciones de vida y salud de las diferentes poblaciones de acuerdo con sus particularidades y necesidades, mediante el respeto a la integridad y la participación social, y como garante en la construcción conjunta de intervenciones desde el dialogo horizontal y respetuoso de sus saberes, prácticas y creencias. | B22: Pueblos y comunidades étnicas y campesinas, mujeres, sectores LGBTIQ+ y otras poblaciones por condición y/o situación | C22: Prácticas, saberes y conocimientos para la salud pública reconocidos y fortalecidos para Pueblos y comunidades étnicas, mujeres, población campesina, LBGTIQ+ y otras poblaciones por condición y/o situación | D22: 2.272106e+09 | E22: SGP-SALUD-SALUD PUBLICA | F22: 12836757 | G22: 320 | H22: I11101 | I22: EDUCACIÓN Y COMUNICACIÓN PARA LA PROMOCIÓN DE LA SALUD MENTAL | J22: I1110116 | K22: Desarrollar tres (3) talleres lúdicos con enfoque diferencial, dirigido a la población migrante con envejecimiento y vejez que residen en el municipio de Maicao, a través de talleres de estimulación cognitiva, como ejercicios de memoria, mente activa, juegos de mesa y lectura, con el fin de promover y mantener el bienestar mental, reduciendo el riesgo de enfermedades mentales, estrés y ansiedad en la vejez. | L22: 3 | M22: numero | N22: 0 | O22: 1 | P22: 1 | Q22: 1 | R22: 1.1.02.06.001.02.02 | S22: cuidado de la salud en el territorio | T22: =U22/L22 -> 4921279.5 | U22: =SUM(V22:Y22) -> 14763839 | V22: =Cpte_Financiero_WT_PIC25!$H$19/75 -> 6126000 | W22: =Cpte_Financiero_WT_PIC25!$H$25/75 -> 4707000 | X22: =Cpte_Financiero_WT_PIC25!$E$58/75 -> 736552.18 | Y22: =SUM(Z22:AG22) -> 3194286.4 | Z22: ='Cadena de Valor'!$I$19*1 -> 169333.33 | AA22: ='Cadena de Valor'!$I$20*3 -> 284000 | AB22: ='Cadena de Valor'!$I$17*2 -> 290000 | AC22: ='Cadena de Valor'!$I$15*10 -> 747086.67 | AD22: ='Cadena de Valor'!$I$16*1 -> 394444.33 | AE22: 600000 | AF22: =24499365/75 -> 326658.2 | AG22: =28707293.67/75 -> 382763.92 | AH22: 0. Informe Tecnico-Operativo de Ejecucion PIC 1.Registro de Asistencia 2. Formato de Acta de Reunion-Formato Acta de Concertacion-Formato Acta de dialogo para Consesno o disenso 3. Formato de Registros Filmicos (Fotograficos/Videos). 4. Ficha de Caracterizacion Socio-Demografica. 5. Ficha de Monitoreo y Seguimiento. 6. Formato de monitoreo y seguimiento de la Adherencia a las Rutas integrales de atencion en salud. 7. Formato de Visita Domiciliaria 8. Formato de Canalizacion 9. Formato y oficio de Remision 10. Registro Individual de Prestacion de servicios-RIPS-Codigo unico de prestacion de servicios-CUPS 11.Formato de intervenciones Breves | AI22: EBS # 5 | AJ22: Medico General, Enfermero, Promotor de Salud, Auxiliar de Enfermeria | AK22: 1. Institucional 2. Laboral 3. Educativo 4. Comunitario 5. Familia Hogar | AL22: 1. Primera Infancia 2. Infancia 3. Adolescencia 4. Juventud 5. Adultez 6. Adulto mayor 7. Mujer Lactante-gestante 8. Etnicos: Indigenas, Afros, Negros, Raizales, Rrom 9. Victimas del conflicto Armado 10. Poblacion en situacion de discapacidad 11. Trabajador Informal: Estacionario-Ambulante 12. Comunidad LGTBIQ+ | AM22: T11 T14 | AN22: comuna 3 comuna 5 | AO22: CM3. altos de parrantial CM 5. Jorge arrieta, la victoria | AP22: 650 450 | AQ22: 3250 2250 | AR22: Secretaria de Salud Municipal de Maicao-Autoridad Sanitaria
A23: Contar con elementos para la acción que le permita aproximarse a las condiciones de vida y salud de las diferentes poblaciones de acuerdo con sus particularidades y necesidades, mediante el respeto a la integridad y la participación social, y como garante en la construcción conjunta de intervenciones desde el dialogo horizontal y respetuoso de sus saberes, prácticas y creencias. | B23: Pueblos y comunidades étnicas y campesinas, mujeres, sectores LGBTIQ+ y otras poblaciones por condición y/o situación | C23: Prácticas, saberes y conocimientos para la salud pública reconocidos y fortalecidos para Pueblos y comunidades étnicas, mujeres, población campesina, LBGTIQ+ y otras poblaciones por condición y/o situación | D23: 2.272106e+09 | E23: SGP-SALUD-SALUD PUBLICA | F23: 12836757 | G23: 321 | H23: I30201 | I23: MAPEO Y CARACTERIZACIÓN DE ACTORES | J23: I3020117 | K23: Realizar cinco (5) campañas de atención integral, dirigida a los micro-territorios priorizados del municipio de Maicao, donde se identifique, capte y caracterice los eventos de interés en salud pública, que incluya activación de ruta y notificación oportuna del caso a los organismos interdisciplinares correspondientes. | L23: 5 | M23: numero | N23: 0 | O23: 2 | P23: 2 | Q23: 1 | R23: 1.1.02.06.001.02.02 | S23: cuidado de la salud en el territorio | T23: =U23/L23 -> 3149523.3 | U23: =SUM(V23:Y23) -> 15747616 | V23: =Cpte_Financiero_WT_PIC25!$H$19/75 -> 6126000 | W23: =Cpte_Financiero_WT_PIC25!$H$25/75 -> 4707000 | X23: =Cpte_Financiero_WT_PIC25!$E$58/75 -> 736552.18 | Y23: =SUM(Z23:AG23) -> 4178064.1 | Z23: ='Cadena de Valor'!$I$19*1 -> 169333.33 | AA23: ='Cadena de Valor'!$I$20*5 -> 473333.33 | AB23: ='Cadena de Valor'!$I$17*2 -> 290000 | AC23: ='Cadena de Valor'!$I$15*10 -> 747086.67 | AD23: ='Cadena de Valor'!$I$16*2 -> 788888.67 | AE23: 1000000 | AF23: =24499365/75 -> 326658.2 | AG23: =28707293.67/75 -> 382763.92 | AH23: 0. Informe Tecnico-Operativo de Ejecucion PIC 1.Registro de Asistencia 2. Formato de Acta de Reunion-Formato Acta de Concertacion-Formato Acta de dialogo para Consesno o disenso 3. Formato de Registros Filmicos (Fotograficos/Videos). 4. Ficha de Caracterizacion Socio-Demografica. 5. Ficha de Monitoreo y Seguimiento. 6. Formato de monitoreo y seguimiento de la Adherencia a las Rutas integrales de atencion en salud. 7. Formato de Visita Domiciliaria 8. Formato de Canalizacion 9. Formato y oficio de Remision 10. Registro Individual de Prestacion de servicios-RIPS-Codigo unico de prestacion de servicios-CUPS 11.Formato de intervenciones Breves | AI23: EBS # 5 | AJ23: Medico General, Enfermero, Promotor de Salud, Auxiliar de Enfermeria | AK23: 1. Institucional 2. Laboral 3. Educativo 4. Comunitario 5. Familia Hogar | AL23: 1. Primera Infancia 2. Infancia 3. Adolescencia 4. Juventud 5. Adultez 6. Adulto mayor 7. Mujer Lactante-gestante 8. Etnicos: Indigenas, Afros, Negros, Raizales, Rrom 9. Victimas del conflicto Armado 10. Poblacion en situacion de discapacidad 11. Trabajador Informal: Estacionario-Ambulante 12. Comunidad LGTBIQ+ | AM23: T23 | AN23: T23. MT03. | AO23: T23. MT03. Torinchen, Kalanshira, Apuamana, Botonamana, San Antonio de Wamayao | AP23: 400 | AQ23: 1600 | AR23: Secretaria de Salud Municipal de Maicao-Autoridad Sanitaria
A24: Contar con elementos para la acción que le permita aproximarse a las condiciones de vida y salud de las diferentes poblaciones de acuerdo con sus particularidades y necesidades, mediante el respeto a la integridad y la participación social, y como garante en la construcción conjunta de intervenciones desde el dialogo horizontal y respetuoso de sus saberes, prácticas y creencias. | B24: Pueblos y comunidades étnicas y campesinas, mujeres, sectores LGBTIQ+ y otras poblaciones por condición y/o situación | C24: Prácticas, saberes y conocimientos para la salud pública reconocidos y fortalecidos para Pueblos y comunidades étnicas, mujeres, población campesina, LBGTIQ+ y otras poblaciones por condición y/o situación | D24: 2.272106e+09 | E24: SGP-SALUD-SALUD PUBLICA | F24: 12836757 | G24: 322 | H24: I11110 | I24: EDUCACIÓN Y COMUNICACIÓN PARA LA PREVENCIÓN DE PROBLEMAS Y TRASTORNOS MENTALES (INCLUIDA LA FORMACIÓN DE PRIMEROS RESPONDIENTES Y PREPARACIÓN PARA EL CUIDADO DE LA SALUD MENTAL EN LA COTIDIANIDAD Y EN SITUACIONES DE EMERGENCIAS SOCIALES Y SANITARIAS) | J24: I1111018 | K24: Realizar dos (2) talleres educativos, dirigido a la población de los micro-territorios priorizados del municipio de Maicao, donde se eduque sobre los signos de alteraciones mentales y conductas autolesivas, con el fin de capacitar en la identificación temprana, notificación oportuna y actuación eficiente, frente a las sospechas de dicha problemática. | L24: 2 | M24: numero | N24: 0 | O24: 0 | P24: 1 | Q24: 1 | R24: 1.1.02.06.001.02.02 | S24: cuidado de la salud en el territorio | T24: =U24/L24 -> 7234586 | U24: =SUM(V24:Y24) -> 14469172 | V24: =Cpte_Financiero_WT_PIC25!$H$19/75 -> 6126000 | W24: =Cpte_Financiero_WT_PIC25!$H$25/75 -> 4707000 | X24: =Cpte_Financiero_WT_PIC25!$E$58/75 -> 736552.18 | Y24: =SUM(Z24:AG24) -> 2899619.8 | Z24: ='Cadena de Valor'!$I$19*1 -> 169333.33 | AA24: ='Cadena de Valor'!$I$20*2 -> 189333.33 | AB24: ='Cadena de Valor'!$I$17*2 -> 290000 | AC24: ='Cadena de Valor'!$I$15*10 -> 747086.67 | AD24: ='Cadena de Valor'!$I$16*1 -> 394444.33 | AE24: 400000 | AF24: =24499365/75 -> 326658.2 | AG24: =28707293.67/75 -> 382763.92 | AH24: 0. Informe Tecnico-Operativo de Ejecucion PIC 1.Registro de Asistencia 2. Formato de Acta de Reunion-Formato Acta de Concertacion-Formato Acta de dialogo para Consesno o disenso 3. Formato de Registros Filmicos (Fotograficos/Videos). 4. Ficha de Caracterizacion Socio-Demografica. 5. Ficha de Monitoreo y Seguimiento. 6. Formato de monitoreo y seguimiento de la Adherencia a las Rutas integrales de atencion en salud. 7. Formato de Visita Domiciliaria 8. Formato de Canalizacion 9. Formato y oficio de Remision 10. Registro Individual de Prestacion de servicios-RIPS-Codigo unico de prestacion de servicios-CUPS 11.Formato de intervenciones Breves | AI24: EBS # 5 | AJ24: Medico General, Enfermero, Promotor de Salud, Auxiliar de Enfermeria | AK24: 1. Institucional 2. Laboral 3. Educativo 4. Comunitario 5. Familia Hogar | AL24: 1. Primera Infancia 2. Infancia 3. Adolescencia 4. Juventud 5. Adultez 6. Adulto mayor 7. Mujer Lactante-gestante 8. Etnicos: Indigenas, Afros, Negros, Raizales, Rrom 9. Victimas del conflicto Armado 10. Poblacion en situacion de discapacidad 11. Trabajador Informal: Estacionario-Ambulante 12. Comunidad LGTBIQ+ | AM24: T23 | AN24: T23. MT03. | AO24: T23. MT03. Torinchen, Kalanshira | AP24: 200 | AQ24: 800 | AR24: Secretaria de Salud Municipal de Maicao-Autoridad Sanitaria
A25: Contar con elementos para la acción que le permita aproximarse a las condiciones de vida y salud de las diferentes poblaciones de acuerdo con sus particularidades y necesidades, mediante el respeto a la integridad y la participación social, y como garante en la construcción conjunta de intervenciones desde el dialogo horizontal y respetuoso de sus saberes, prácticas y creencias. | B25: Pueblos y comunidades étnicas y campesinas, mujeres, sectores LGBTIQ+ y otras poblaciones por condición y/o situación | C25: Prácticas, saberes y conocimientos para la salud pública reconocidos y fortalecidos para Pueblos y comunidades étnicas, mujeres, población campesina, LBGTIQ+ y otras poblaciones por condición y/o situación | D25: 2.272106e+09 | E25: SGP-SALUD-SALUD PUBLICA | F25: 12836757 | G25: 323 | H25: I10301 | I25: INFORMACIÓN EN SALUD EN PREVENCIÓN DE ENFERMEDADES INFECCIOSAS TRANSMITIDAS POR VÍA AÉREA Y CONTACTO DIRECTO | J25: I1030119 | K25: Realizar una (1) estrategia operativa de vacunación antirrábica, de los felinos y caninos de la zona urbana priorizada en el municipio de Maicao, en articulación con la Secretaría de Salud Departamental de la Guajira, con el fin de prevenir y controlar nuevos casos de rabia en perros y gatos. | L25: 1 | M25: numero | N25: 0 | O25: 0 | P25: 1 | Q25: 0 | R25: 1.1.02.06.001.02.02 | S25: cuidado de la salud en el territorio | T25: =U25/L25 -> 14174505 | U25: =SUM(V25:Y25) -> 14174505 | V25: =Cpte_Financiero_WT_PIC25!$H$19/75 -> 6126000 | W25: =Cpte_Financiero_WT_PIC25!$H$25/75 -> 4707000 | X25: =Cpte_Financiero_WT_PIC25!$E$58/75 -> 736552.18 | Y25: =SUM(Z25:AG25) -> 2604953.1 | Z25: ='Cadena de Valor'!$I$19*1 -> 169333.33 | AA25: ='Cadena de Valor'!$I$20*1 -> 94666.667 | AB25: ='Cadena de Valor'!$I$17*2 -> 290000 | AC25: ='Cadena de Valor'!$I$15*10 -> 747086.67 | AD25: ='Cadena de Valor'!$I$16*1 -> 394444.33 | AE25: 200000 | AF25: =24499365/75 -> 326658.2 | AG25: =28707293.67/75 -> 382763.92 | AH25: 0. Informe Tecnico-Operativo de Ejecucion PIC 1.Registro de Asistencia 2. Formato de Acta de Reunion-Formato Acta de Concertacion-Formato Acta de dialogo para Consesno o disenso 3. Formato de Registros Filmicos (Fotograficos/Videos). 4. Ficha de Caracterizacion Socio-Demografica. 5. Ficha de Monitoreo y Seguimiento. 6. Formato de monitoreo y seguimiento de la Adherencia a las Rutas integrales de atencion en salud. 7. Formato de Visita Domiciliaria 8. Formato de Canalizacion 9. Formato y oficio de Remision 10. Registro Individual de Prestacion de servicios-RIPS-Codigo unico de prestacion de servicios-CUPS 11.Formato de intervenciones Breves | AI25: EBS # 5 | AJ25: Medico General, Enfermero, Promotor de Salud, Auxiliar de Enfermeria | AK25: 1. Institucional 2. Laboral 3. Educativo 4. Comunitario 5. Familia Hogar | AL25: 1. Primera Infancia 2. Infancia 3. Adolescencia 4. Juventud 5. Adultez 6. Adulto mayor 7. Mujer Lactante-gestante 8. Etnicos: Indigenas, Afros, Negros, Raizales, Rrom 9. Victimas del conflicto Armado 10. Poblacion en situacion de discapacidad 11. Trabajador Informal: Estacionario-Ambulante 12. Comunidad LGTBIQ+ | AM25: T09 | AN25: comuna 1 | AO25: Concepción, Flor de cañaguate, maximiliano moscote, Majupay. | AP25: 250 | AQ25: 1250 | AR25: Secretaria de Salud Municipal de Maicao-Autoridad Sanitaria
A26: Contar con elementos para la acción que le permita aproximarse a las condiciones de vida y salud de las diferentes poblaciones de acuerdo con sus particularidades y necesidades, mediante el respeto a la integridad y la participación social, y como garante en la construcción conjunta de intervenciones desde el dialogo horizontal y respetuoso de sus saberes, prácticas y creencias. | B26: Pueblos y comunidades étnicas y campesinas, mujeres, sectores LGBTIQ+ y otras poblaciones por condición y/o situación | C26: Prácticas, saberes y conocimientos para la salud pública reconocidos y fortalecidos para Pueblos y comunidades étnicas, mujeres, población campesina, LBGTIQ+ y otras poblaciones por condición y/o situación | D26: 2.272106e+09 | E26: SGP-SALUD-SALUD PUBLICA | F26: 12836757 | G26: 324 | H26: I30202 | I26: INTERVENCIONES PARA EL DESARROLLO DE CAPACIDADES A REDES Y ORGANIZACIONES COMUNITARIAS | J26: I3020220 | K26: Realizar intervención de personas, familias y comunidades a través del modelo municipal de APS durante el desarrollo de las campañas programadas para los micro-territorios priorizados en la vigencia 2025. | L26: 100 | M26: porcentaje | N26: 0 | O26: 50 | P26: 25 | Q26: 25 | R26: 1.1.02.06.001.02.02 | S26: cuidado de la salud en el territorio | T26: =U26/L26 -> 143745.05 | U26: =SUM(V26:Y26) -> 14374505 | V26: =Cpte_Financiero_WT_PIC25!$H$19/75 -> 6126000 | W26: =Cpte_Financiero_WT_PIC25!$H$25/75 -> 4707000 | X26: =Cpte_Financiero_WT_PIC25!$E$58/75 -> 736552.18 | Y26: =SUM(Z26:AG26) -> 2804953.1 | Z26: ='Cadena de Valor'!$I$19*1 -> 169333.33 | AA26: ='Cadena de Valor'!$I$20*1 -> 94666.667 | AB26: ='Cadena de Valor'!$I$17*2 -> 290000 | AC26: ='Cadena de Valor'!$I$15*10 -> 747086.67 | AD26: ='Cadena de Valor'!$I$16*1 -> 394444.33 | AE26: 400000 | AF26: =24499365/75 -> 326658.2 | AG26: =28707293.67/75 -> 382763.92 | AH26: 0. Informe Tecnico-Operativo de Ejecucion PIC 1.Registro de Asistencia 2. Formato de Acta de Reunion-Formato Acta de Concertacion-Formato Acta de dialogo para Consesno o disenso 3. Formato de Registros Filmicos (Fotograficos/Videos). 4. Ficha de Caracterizacion Socio-Demografica. 5. Ficha de Monitoreo y Seguimiento. 6. Formato de monitoreo y seguimiento de la Adherencia a las Rutas integrales de atencion en salud. 7. Formato de Visita Domiciliaria 8. Formato de Canalizacion 9. Formato y oficio de Remision 10. Registro Individual de Prestacion de servicios-RIPS-Codigo unico de prestacion de servicios-CUPS 11.Formato de intervenciones Breves | AI26: EBS # 5 | AJ26: Medico General, Enfermero, Promotor de Salud, Auxiliar de Enfermeria | AK26: 1. Institucional 2. Laboral 3. Educativo 4. Comunitario 5. Familia Hogar | AL26: 1. Primera Infancia 2. Infancia 3. Adolescencia 4. Juventud 5. Adultez 6. Adulto mayor 7. Mujer Lactante-gestante 8. Etnicos: Indigenas, Afros, Negros, Raizales, Rrom 9. Victimas del conflicto Armado 10. Poblacion en situacion de discapacidad 11. Trabajador Informal: Estacionario-Ambulante 12. Comunidad LGTBIQ+ | AM26: No Aplica | AN26: No Aplica | AO26: Según Corresponda | AP26: 200 | AQ26: 800 | AR26: Secretaria de Salud Municipal de Maicao-Autoridad Sanitaria
A27: Contar con elementos para la acción que le permita aproximarse a las condiciones de vida y salud de las diferentes poblaciones de acuerdo con sus particularidades y necesidades, mediante el respeto a la integridad y la participación social, y como garante en la construcción conjunta de intervenciones desde el dialogo horizontal y respetuoso de sus saberes, prácticas y creencias. | B27: Pueblos y comunidades étnicas y campesinas, mujeres, sectores LGBTIQ+ y otras poblaciones por condición y/o situación | C27: Prácticas, saberes y conocimientos para la salud pública reconocidos y fortalecidos para Pueblos y comunidades étnicas, mujeres, población campesina, LBGTIQ+ y otras poblaciones por condición y/o situación | D27: 2.272106e+09 | E27: SGP-SALUD-SALUD PUBLICA | F27: 12836757 | G27: 325 | H27: I30203 | I27: ESPACIOS SECTORIALES E INTERSECTORIALES PARA TOMA DE DECISIONES EN POLÍTICAS PÚBLICAS | J27: I3020321 | K27: Realizar dos (2) campañas de promoción, dirigidas a la población en general, a través de volantes, folletos y talleres, donde se incentive a la comunidad a participar en la donación de hemo-componentes, en articulación con las Unidades Transfusionales autorizadas y el proceso de gestión de la secretaría de salud municipal. | L27: 2 | M27: numero | N27: 0 | O27: 1 | P27: 0 | Q27: 1 | R27: 1.1.02.06.001.02.02 | S27: cuidado de la salud en el territorio | T27: =U27/L27 -> 7234586 | U27: =SUM(V27:Y27) -> 14469172 | V27: =Cpte_Financiero_WT_PIC25!$H$19/75 -> 6126000 | W27: =Cpte_Financiero_WT_PIC25!$H$25/75 -> 4707000 | X27: =Cpte_Financiero_WT_PIC25!$E$58/75 -> 736552.18 | Y27: =SUM(Z27:AG27) -> 2899619.8 | Z27: ='Cadena de Valor'!$I$19*1 -> 169333.33 | AA27: ='Cadena de Valor'!$I$20*2 -> 189333.33 | AB27: ='Cadena de Valor'!$I$17*2 -> 290000 | AC27: ='Cadena de Valor'!$I$15*10 -> 747086.67 | AD27: ='Cadena de Valor'!$I$16*1 -> 394444.33 | AE27: 400000 | AF27: =24499365/75 -> 326658.2 | AG27: =28707293.67/75 -> 382763.92 | AH27: 0. Informe Tecnico-Operativo de Ejecucion PIC 1.Registro de Asistencia 2. Formato de Acta de Reunion-Formato Acta de Concertacion-Formato Acta de dialogo para Consesno o disenso 3. Formato de Registros Filmicos (Fotograficos/Videos). 4. Ficha de Caracterizacion Socio-Demografica. 5. Ficha de Monitoreo y Seguimiento. 6. Formato de monitoreo y seguimiento de la Adherencia a las Rutas integrales de atencion en salud. 7. Formato de Visita Domiciliaria 8. Formato de Canalizacion 9. Formato y oficio de Remision 10. Registro Individual de Prestacion de servicios-RIPS-Codigo unico de prestacion de servicios-CUPS 11.Formato de intervenciones Breves | AI27: EBS # 5 | AJ27: Medico General, Enfermero, Promotor de Salud, Auxiliar de Enfermeria | AK27: 1. Institucional 2. Laboral 3. Educativo 4. Comunitario 5. Familia Hogar | AL27: 1. Primera Infancia 2. Infancia 3. Adolescencia 4. Juventud 5. Adultez 6. Adulto mayor 7. Mujer Lactante-gestante 8. Etnicos: Indigenas, Afros, Negros, Raizales, Rrom 9. Victimas del conflicto Armado 10. Poblacion en situacion de discapacidad 11. Trabajador Informal: Estacionario-Ambulante 12. Comunidad LGTBIQ+ | AM27: T11 T14 | AN27: comuna 3 comuna 5 | AO27: CM3. 28 de noviembre CM 5. villa amelia 2 | AP27: 650 450 | AQ27: 3250 2250 | AR27: Secretaria de Salud Municipal de Maicao-Autoridad Sanitaria
A28: Contar con elementos para la acción que le permita aproximarse a las condiciones de vida y salud de las diferentes poblaciones de acuerdo con sus particularidades y necesidades, mediante el respeto a la integridad y la participación social, y como garante en la construcción conjunta de intervenciones desde el dialogo horizontal y respetuoso de sus saberes, prácticas y creencias. | B28: Pueblos y comunidades étnicas y campesinas, mujeres, sectores LGBTIQ+ y otras poblaciones por condición y/o situación | C28: Prácticas, saberes y conocimientos para la salud pública reconocidos y fortalecidos para Pueblos y comunidades étnicas, mujeres, población campesina, LBGTIQ+ y otras poblaciones por condición y/o situación | D28: 2.272106e+09 | E28: SGP-SALUD-SALUD PUBLICA | F28: 12836757 | G28: 326 | H28: I30004 | I28: VINCULACIÓN A OTRAS REDES DE APOYO | J28: I3000422 | K28: Hacer entrega de un informe mensual al proceso de gestión de la SSMM, de las bases de datos diligenciadas durante las jornadas de desparasitación antihelmíntica, donde se distinga el avance en la captación de cada niño que cumpla con el criterio de desparasitación y que se le garantice la segunda ronda en el periodo establecido. | L28: 9 | M28: numero | N28: 0 | O28: 3 | P28: 3 | Q28: 3 | R28: 1.1.02.06.001.02.02 | S28: cuidado de la salud en el territorio | T28: =U28/L28 -> 1405367.5 | U28: =SUM(V28:Y28) -> 12648308 | V28: =Cpte_Financiero_WT_PIC25!$H$19/75 -> 6126000 | W28: =Cpte_Financiero_WT_PIC25!$H$25/75 -> 4707000 | X28: =Cpte_Financiero_WT_PIC25!$E$58/75 -> 736552.18 | Y28: =SUM(Z28:AG28) -> 1078755.4 | Z28: ='Cadena de Valor'!$I$19*1 -> 169333.33 | AA28: 0 | AB28: 0 | AC28: 0 | AD28: 0 | AE28: 200000 | AF28: =24499365/75 -> 326658.2 | AG28: =28707293.67/75 -> 382763.92 | AH28: 0. Informe Tecnico-Operativo de Ejecucion PIC 1.Registro de Asistencia 2. Formato de Acta de Reunion-Formato Acta de Concertacion-Formato Acta de dialogo para Consesno o disenso 3. Formato de Registros Filmicos (Fotograficos/Videos). 4. Ficha de Caracterizacion Socio-Demografica. 5. Ficha de Monitoreo y Seguimiento. 6. Formato de monitoreo y seguimiento de la Adherencia a las Rutas integrales de atencion en salud. 7. Formato de Visita Domiciliaria 8. Formato de Canalizacion 9. Formato y oficio de Remision 10. Registro Individual de Prestacion de servicios-RIPS-Codigo unico de prestacion de servicios-CUPS 11.Formato de intervenciones Breves | AI28: EBS # 5 | AJ28: Medico General, Enfermero, Promotor de Salud, Auxiliar de Enfermeria | AK28: 1. Institucional 2. Laboral 3. Educativo 4. Comunitario 5. Familia Hogar | AL28: 1. Primera Infancia 2. Infancia 3. Adolescencia 4. Juventud 5. Adultez 6. Adulto mayor 7. Mujer Lactante-gestante 8. Etnicos: Indigenas, Afros, Negros, Raizales, Rrom 9. Victimas del conflicto Armado 10. Poblacion en situacion de discapacidad 11. Trabajador Informal: Estacionario-Ambulante 12. Comunidad LGTBIQ+ | AM28: no aplica | AN28: no aplica | AO28: no aplica | AP28: no aplica | AQ28: no aplica | AR28: Secretaria de Salud Municipal de Maicao-Autoridad Sanitaria
A29: Contar con elementos para la acción que le permita aproximarse a las condiciones de vida y salud de las diferentes poblaciones de acuerdo con sus particularidades y necesidades, mediante el respeto a la integridad y la participación social, y como garante en la construcción conjunta de intervenciones desde el dialogo horizontal y respetuoso de sus saberes, prácticas y creencias. | B29: Pueblos y comunidades étnicas y campesinas, mujeres, sectores LGBTIQ+ y otras poblaciones por condición y/o situación | C29: Prácticas, saberes y conocimientos para la salud pública reconocidos y fortalecidos para Pueblos y comunidades étnicas, mujeres, población campesina, LBGTIQ+ y otras poblaciones por condición y/o situación | D29: 2.272106e+09 | E29: SGP-SALUD-SALUD PUBLICA | F29: 12836757 | G29: 327 | H29: I10301 | I29: INFORMACIÓN EN SALUD EN PREVENCIÓN DE ENFERMEDADES INFECCIOSAS TRANSMITIDAS POR VÍA AÉREA Y CONTACTO DIRECTO | J29: I1030123 | K29: Hacer entrega de un informe mensual, al proceso de gestión de la SSMM, de los formatos diligenciados posterior a cada jornada de vacunación antirrábica a los felinos y caninos del municipio. | L29: 9 | M29: numero | N29: 0 | O29: 3 | P29: 3 | Q29: 3 | R29: 1.1.02.06.001.02.02 | S29: cuidado de la salud en el territorio | T29: =U29/L29 -> 1405367.5 | U29: =SUM(V29:Y29) -> 12648308 | V29: =Cpte_Financiero_WT_PIC25!$H$19/75 -> 6126000 | W29: =Cpte_Financiero_WT_PIC25!$H$25/75 -> 4707000 | X29: =Cpte_Financiero_WT_PIC25!$E$58/75 -> 736552.18 | Y29: =SUM(Z29:AG29) -> 1078755.4 | Z29: ='Cadena de Valor'!$I$19*1 -> 169333.33 | AA29: 0 | AB29: 0 | AC29: 0 | AD29: 0 | AE29: 200000 | AF29: =24499365/75 -> 326658.2 | AG29: =28707293.67/75 -> 382763.92 | AH29: 0. Informe Tecnico-Operativo de Ejecucion PIC 1.Registro de Asistencia 2. Formato de Acta de Reunion-Formato Acta de Concertacion-Formato Acta de dialogo para Consesno o disenso 3. Formato de Registros Filmicos (Fotograficos/Videos). 4. Ficha de Caracterizacion Socio-Demografica. 5. Ficha de Monitoreo y Seguimiento. 6. Formato de monitoreo y seguimiento de la Adherencia a las Rutas integrales de atencion en salud. 7. Formato de Visita Domiciliaria 8. Formato de Canalizacion 9. Formato y oficio de Remision 10. Registro Individual de Prestacion de servicios-RIPS-Codigo unico de prestacion de servicios-CUPS 11.Formato de intervenciones Breves | AI29: EBS # 5 | AJ29: Medico General, Enfermero, Promotor de Salud, Auxiliar de Enfermeria | AK29: 1. Institucional 2. Laboral 3. Educativo 4. Comunitario 5. Familia Hogar | AL29: 1. Primera Infancia 2. Infancia 3. Adolescencia 4. Juventud 5. Adultez 6. Adulto mayor 7. Mujer Lactante-gestante 8. Etnicos: Indigenas, Afros, Negros, Raizales, Rrom 9. Victimas del conflicto Armado 10. Poblacion en situacion de discapacidad 11. Trabajador Informal: Estacionario-Ambulante 12. Comunidad LGTBIQ+ | AM29: no aplica | AN29: no aplica | AO29: no aplica | AP29: no aplica | AQ29: no aplica | AR29: Secretaria de Salud Municipal de Maicao-Autoridad Sanitaria
A30: Contar con elementos para la acción que le permita aproximarse a las condiciones de vida y salud de las diferentes poblaciones de acuerdo con sus particularidades y necesidades, mediante el respeto a la integridad y la participación social, y como garante en la construcción conjunta de intervenciones desde el dialogo horizontal y respetuoso de sus saberes, prácticas y creencias. | B30: Pueblos y comunidades étnicas y campesinas, mujeres, sectores LGBTIQ+ y otras poblaciones por condición y/o situación | C30: Prácticas, saberes y conocimientos para la salud pública reconocidos y fortalecidos para Pueblos y comunidades étnicas, mujeres, población campesina, LBGTIQ+ y otras poblaciones por condición y/o situación | D30: 2.272106e+09 | E30: SGP-SALUD-SALUD PUBLICA | F30: 12836757 | G30: 328 | H30: I11206 | I30: EDUCACIÓN Y COMUNICACIÓN PARA LA PREVENCIÓN DE ITS, VIH/SIDA Y HEPATITIS | J30: I1120624 | K30: Realizar tres (3) jornadas de atención en zonas rurales priorizadas en el municipio de Maicao, con enfoque diferencial, dirigidas a la población circundante, donde se realice tamizaje para ITS, mediante educación a través de folletos y volantes, y realización voluntaria de pruebas rápidas de VIH y Hepatitis B, que incluya la captación y caracterización de la población intervenida. | L30: 3 | M30: numero | N30: 0 | O30: 1 | P30: 1 | Q30: 1 | R30: 1.1.02.06.001.02.02 | S30: cuidado de la salud en el territorio | T30: =U30/L30 -> 4921279.5 | U30: =SUM(V30:Y30) -> 14763839 | V30: =Cpte_Financiero_WT_PIC25!$H$19/75 -> 6126000 | W30: =Cpte_Financiero_WT_PIC25!$H$25/75 -> 4707000 | X30: =Cpte_Financiero_WT_PIC25!$E$58/75 -> 736552.18 | Y30: =SUM(Z30:AG30) -> 3194286.4 | Z30: ='Cadena de Valor'!$I$19*1 -> 169333.33 | AA30: ='Cadena de Valor'!$I$20*3 -> 284000 | AB30: ='Cadena de Valor'!$I$17*2 -> 290000 | AC30: ='Cadena de Valor'!$I$15*10 -> 747086.67 | AD30: ='Cadena de Valor'!$I$16*1 -> 394444.33 | AE30: 600000 | AF30: =24499365/75 -> 326658.2 | AG30: =28707293.67/75 -> 382763.92 | AH30: 0. Informe Tecnico-Operativo de Ejecucion PIC 1.Registro de Asistencia 2. Formato de Acta de Reunion-Formato Acta de Concertacion-Formato Acta de dialogo para Consesno o disenso 3. Formato de Registros Filmicos (Fotograficos/Videos). 4. Ficha de Caracterizacion Socio-Demografica. 5. Ficha de Monitoreo y Seguimiento. 6. Formato de monitoreo y seguimiento de la Adherencia a las Rutas integrales de atencion en salud. 7. Formato de Visita Domiciliaria 8. Formato de Canalizacion 9. Formato y oficio de Remision 10. Registro Individual de Prestacion de servicios-RIPS-Codigo unico de prestacion de servicios-CUPS 11.Formato de intervenciones Breves | AI30: EBS # 5 | AJ30: Medico General, Enfermero, Promotor de Salud, Auxiliar de Enfermeria | AK30: 1. Institucional 2. Laboral 3. Educativo 4. Comunitario 5. Familia Hogar | AL30: 1. Primera Infancia 2. Infancia 3. Adolescencia 4. Juventud 5. Adultez 6. Adulto mayor 7. Mujer Lactante-gestante 8. Etnicos: Indigenas, Afros, Negros, Raizales, Rrom 9. Victimas del conflicto Armado 10. Poblacion en situacion de discapacidad 11. Trabajador Informal: Estacionario-Ambulante 12. Comunidad LGTBIQ+ | AM30: T24 | AN30: T24. MT06. | AO30: T24. MT06. Silencio, Wasimal, Manaure | AP30: 200 | AQ30: 800 | AR30: Secretaria de Salud Municipal de Maicao-Autoridad Sanitaria
A31: Contar con elementos para la acción que le permita aproximarse a las condiciones de vida y salud de las diferentes poblaciones de acuerdo con sus particularidades y necesidades, mediante el respeto a la integridad y la participación social, y como garante en la construcción conjunta de intervenciones desde el dialogo horizontal y respetuoso de sus saberes, prácticas y creencias. | B31: Pueblos y comunidades étnicas y campesinas, mujeres, sectores LGBTIQ+ y otras poblaciones por condición y/o situación | C31: Prácticas, saberes y conocimientos para la salud pública reconocidos y fortalecidos para Pueblos y comunidades étnicas, mujeres, población campesina, LBGTIQ+ y otras poblaciones por condición y/o situación | D31: 2.272106e+09 | E31: SGP-SALUD-SALUD PUBLICA | F31: 12836757 | G31: 329 | H31: I11206 | I31: EDUCACIÓN Y COMUNICACIÓN PARA LA PREVENCIÓN DE ITS, VIH/SIDA Y HEPATITIS | J31: I1120625 | K31: Realizar tres (3) jornadas de atención en zonas abiertas urbanas priorizadas en el municipio de Maicao, con enfoque diferencial, dirigidas a la población circundante, donde se realice tamizaje para ITS, mediante educación a través de folletos y volantes, y realización voluntaria de pruebas rápidas de VIH y Hepatitis B, que incluya la captación y caracterización de la población intervenida. | L31: 3 | M31: numero | N31: 0 | O31: 1 | P31: 1 | Q31: 1 | R31: 1.1.02.06.001.02.02 | S31: cuidado de la salud en el territorio | T31: =U31/L31 -> 4921279.5 | U31: =SUM(V31:Y31) -> 14763839 | V31: =Cpte_Financiero_WT_PIC25!$H$19/75 -> 6126000 | W31: =Cpte_Financiero_WT_PIC25!$H$25/75 -> 4707000 | X31: =Cpte_Financiero_WT_PIC25!$E$58/75 -> 736552.18 | Y31: =SUM(Z31:AG31) -> 3194286.4 | Z31: ='Cadena de Valor'!$I$19*1 -> 169333.33 | AA31: ='Cadena de Valor'!$I$20*3 -> 284000 | AB31: ='Cadena de Valor'!$I$17*2 -> 290000 | AC31: ='Cadena de Valor'!$I$15*10 -> 747086.67 | AD31: ='Cadena de Valor'!$I$16*1 -> 394444.33 | AE31: 600000 | AF31: =24499365/75 -> 326658.2 | AG31: =28707293.67/75 -> 382763.92 | AH31: 0. Informe Tecnico-Operativo de Ejecucion PIC 1.Registro de Asistencia 2. Formato de Acta de Reunion-Formato Acta de Concertacion-Formato Acta de dialogo para Consesno o disenso 3. Formato de Registros Filmicos (Fotograficos/Videos). 4. Ficha de Caracterizacion Socio-Demografica. 5. Ficha de Monitoreo y Seguimiento. 6. Formato de monitoreo y seguimiento de la Adherencia a las Rutas integrales de atencion en salud. 7. Formato de Visita Domiciliaria 8. Formato de Canalizacion 9. Formato y oficio de Remision 10. Registro Individual de Prestacion de servicios-RIPS-Codigo unico de prestacion de servicios-CUPS 11.Formato de intervenciones Breves | AI31: EBS # 5 | AJ31: Medico General, Enfermero, Promotor de Salud, Auxiliar de Enfermeria | AK31: 1. Institucional 2. Laboral 3. Educativo 4. Comunitario 5. Familia Hogar | AL31: 1. Primera Infancia 2. Infancia 3. Adolescencia 4. Juventud 5. Adultez 6. Adulto mayor 7. Mujer Lactante-gestante 8. Etnicos: Indigenas, Afros, Negros, Raizales, Rrom 9. Victimas del conflicto Armado 10. Poblacion en situacion de discapacidad 11. Trabajador Informal: Estacionario-Ambulante 12. Comunidad LGTBIQ+ | AM31: T13 | AN31: comuna 4 | AO31: Cristo vive, Galán, Fonseca Siosi. | AP31: 200 | AQ31: 1000 | AR31: Secretaria de Salud Municipal de Maicao-Autoridad Sanitaria
A32: Contar con elementos para la acción que le permita aproximarse a las condiciones de vida y salud de las diferentes poblaciones de acuerdo con sus particularidades y necesidades, mediante el respeto a la integridad y la participación social, y como garante en la construcción conjunta de intervenciones desde el dialogo horizontal y respetuoso de sus saberes, prácticas y creencias. | B32: Pueblos y comunidades étnicas y campesinas, mujeres, sectores LGBTIQ+ y otras poblaciones por condición y/o situación | C32: Prácticas, saberes y conocimientos para la salud pública reconocidos y fortalecidos para Pueblos y comunidades étnicas, mujeres, población campesina, LBGTIQ+ y otras poblaciones por condición y/o situación | D32: 2.272106e+09 | E32: SGP-SALUD-SALUD PUBLICA | F32: 12836757 | G32: 330 | H32: I30001 | I32: CARACTERIZACIÓN DEL INDIVIDUO Y SU ENTORNO FAMILIAR | J32: I3000126 | K32: Realizar tres (3) jornadas de atención en zonas abiertas urbanas priorizadas en el municipio de Maicao, con enfoque integral, dirigidas a la población circundante, donde se realice tamizaje para riesgo nutricional, mediante educación a través de folletos y volantes, e identificación de alteraciones nutricionales en niños y adultos, que incluya la captación y caracterización de la población intervenida. | L32: 3 | M32: Numero | N32: 0 | O32: 1 | P32: 1 | Q32: 1 | R32: 1.1.02.06.001.02.02 | S32: cuidado de la salud en el territorio | T32: =U32/L32 -> 4921279.5 | U32: =SUM(V32:Y32) -> 14763839 | V32: =Cpte_Financiero_WT_PIC25!$H$19/75 -> 6126000 | W32: =Cpte_Financiero_WT_PIC25!$H$25/75 -> 4707000 | X32: =Cpte_Financiero_WT_PIC25!$E$58/75 -> 736552.18 | Y32: =SUM(Z32:AG32) -> 3194286.4 | Z32: ='Cadena de Valor'!$I$19*1 -> 169333.33 | AA32: ='Cadena de Valor'!$I$20*3 -> 284000 | AB32: ='Cadena de Valor'!$I$17*2 -> 290000 | AC32: ='Cadena de Valor'!$I$15*10 -> 747086.67 | AD32: ='Cadena de Valor'!$I$16*1 -> 394444.33 | AE32: 600000 | AF32: =24499365/75 -> 326658.2 | AG32: =28707293.67/75 -> 382763.92 | AH32: 0. Informe Tecnico-Operativo de Ejecucion PIC 1.Registro de Asistencia 2. Formato de Acta de Reunion-Formato Acta de Concertacion-Formato Acta de dialogo para Consesno o disenso 3. Formato de Registros Filmicos (Fotograficos/Videos). 4. Ficha de Caracterizacion Socio-Demografica. 5. Ficha de Monitoreo y Seguimiento. 6. Formato de monitoreo y seguimiento de la Adherencia a las Rutas integrales de atencion en salud. 7. Formato de Visita Domiciliaria 8. Formato de Canalizacion 9. Formato y oficio de Remision 10. Registro Individual de Prestacion de servicios-RIPS-Codigo unico de prestacion de servicios-CUPS 11.Formato de intervenciones Breves | AI32: EBS # 5 | AJ32: Medico General, Enfermero, Promotor de Salud, Auxiliar de Enfermeria | AK32: 1. Institucional 2. Laboral 3. Educativo 4. Comunitario 5. Familia Hogar | AL32: 1. Primera Infancia 2. Infancia 3. Adolescencia 4. Juventud 5. Adultez 6. Adulto mayor 7. Mujer Lactante-gestante 8. Etnicos: Indigenas, Afros, Negros, Raizales, Rrom 9. Victimas del conflicto Armado 10. Poblacion en situacion de discapacidad 11. Trabajador Informal: Estacionario-Ambulante 12. Comunidad LGTBIQ+ | AM32: T11 T14 | AN32: comuna 3 comuna 5 | AO32: CM 3. la bendición de Dios, san francisco. CM 5. Santo domingo. | AP32: 650 450 | AQ32: 3250 2250 | AR32: Secretaria de Salud Municipal de Maicao-Autoridad Sanitaria
A33: Contar con elementos para la acción que le permita aproximarse a las condiciones de vida y salud de las diferentes poblaciones de acuerdo con sus particularidades y necesidades, mediante el respeto a la integridad y la participación social, y como garante en la construcción conjunta de intervenciones desde el dialogo horizontal y respetuoso de sus saberes, prácticas y creencias. | B33: Pueblos y comunidades étnicas y campesinas, mujeres, sectores LGBTIQ+ y otras poblaciones por condición y/o situación | C33: Prácticas, saberes y conocimientos para la salud pública reconocidos y fortalecidos para Pueblos y comunidades étnicas, mujeres, población campesina, LBGTIQ+ y otras poblaciones por condición y/o situación | D33: 2.272106e+09 | E33: SGP-SALUD-SALUD PUBLICA | F33: 12836757 | G33: 331 | H33: I30001 | I33: CARACTERIZACIÓN DEL INDIVIDUO Y SU ENTORNO FAMILIAR | J33: I3000127 | K33: Realizar tres (3) jornadas de atención en microterritorios priorizados en el municipio de Maicao, con enfoque integral, dirigidas a la población circundante, donde se realice tamizaje para riesgo nutricional, mediante educación a través de folletos y volantes, e identificación de alteraciones nutricionales en niños y adultos, que incluya la captación y caracterización de la población intervenida. | L33: 3 | M33: numero | N33: 0 | O33: 1 | P33: 1 | Q33: 1 | R33: 1.1.02.06.001.02.02 | S33: cuidado de la salud en el territorio | T33: =U33/L33 -> 4921279.5 | U33: =SUM(V33:Y33) -> 14763839 | V33: =Cpte_Financiero_WT_PIC25!$H$19/75 -> 6126000 | W33: =Cpte_Financiero_WT_PIC25!$H$25/75 -> 4707000 | X33: =Cpte_Financiero_WT_PIC25!$E$58/75 -> 736552.18 | Y33: =SUM(Z33:AG33) -> 3194286.4 | Z33: ='Cadena de Valor'!$I$19*1 -> 169333.33 | AA33: ='Cadena de Valor'!$I$20*3 -> 284000 | AB33: ='Cadena de Valor'!$I$17*2 -> 290000 | AC33: ='Cadena de Valor'!$I$15*10 -> 747086.67 | AD33: ='Cadena de Valor'!$I$16*1 -> 394444.33 | AE33: 600000 | AF33: =24499365/75 -> 326658.2 | AG33: =28707293.67/75 -> 382763.92 | AH33: 0. Informe Tecnico-Operativo de Ejecucion PIC 1.Registro de Asistencia 2. Formato de Acta de Reunion-Formato Acta de Concertacion-Formato Acta de dialogo para Consesno o disenso 3. Formato de Registros Filmicos (Fotograficos/Videos). 4. Ficha de Caracterizacion Socio-Demografica. 5. Ficha de Monitoreo y Seguimiento. 6. Formato de monitoreo y seguimiento de la Adherencia a las Rutas integrales de atencion en salud. 7. Formato de Visita Domiciliaria 8. Formato de Canalizacion 9. Formato y oficio de Remision 10. Registro Individual de Prestacion de servicios-RIPS-Codigo unico de prestacion de servicios-CUPS 11.Formato de intervenciones Breves | AI33: EBS # 5 | AJ33: Medico General, Enfermero, Promotor de Salud, Auxiliar de Enfermeria | AK33: 1. Institucional 2. Laboral 3. Educativo 4. Comunitario 5. Familia Hogar | AL33: 1. Primera Infancia 2. Infancia 3. Adolescencia 4. Juventud 5. Adultez 6. Adulto mayor 7. Mujer Lactante-gestante 8. Etnicos: Indigenas, Afros, Negros, Raizales, Rrom 9. Victimas del conflicto Armado 10. Poblacion en situacion de discapacidad 11. Trabajador Informal: Estacionario-Ambulante 12. Comunidad LGTBIQ+ | AM33: T24 | AN33: T24. MT02 | AO33: T24. MT02. Kasichi 1 y 2, Shalimana | AP33: 200 | AQ33: 800 | AR33: Secretaria de Salud Municipal de Maicao-Autoridad Sanitaria
A34: Contar con elementos para la acción que le permita aproximarse a las condiciones de vida y salud de las diferentes poblaciones de acuerdo con sus particularidades y necesidades, mediante el respeto a la integridad y la participación social, y como garante en la construcción conjunta de intervenciones desde el dialogo horizontal y respetuoso de sus saberes, prácticas y creencias. | B34: Pueblos y comunidades étnicas y campesinas, mujeres, sectores LGBTIQ+ y otras poblaciones por condición y/o situación | C34: Prácticas, saberes y conocimientos para la salud pública reconocidos y fortalecidos para Pueblos y comunidades étnicas, mujeres, población campesina, LBGTIQ+ y otras poblaciones por condición y/o situación | D34: 2.272106e+09 | E34: SGP-SALUD-SALUD PUBLICA | F34: 12836757 | G34: 332 | H34: I30006 | I34: ACOMPAÑAMIENTO A LA FAMILIA PARA EL MANEJO EN LOS DIFERENTES ENTORNOS | J34: I3000628 | K34: Realizar dos (2) estrategias pedagógicas, dirigidas a la población de los micro-territorios priorizados en el municipio de Maicao, donde se eduque sobre las consecuencias negativas del trabajo infantil y se promuevan medidas alternativas de educación y recreación, con el fin de contribuir en la prevención del trabajo infantil. | L34: 2 | M34: numero | N34: 0 | O34: 1 | P34: 1 | Q34: 0 | R34: 1.1.02.06.001.02.02 | S34: cuidado de la salud en el territorio | T34: =U34/L34 -> 7234586 | U34: =SUM(V34:Y34) -> 14469172 | V34: =Cpte_Financiero_WT_PIC25!$H$19/75 -> 6126000 | W34: =Cpte_Financiero_WT_PIC25!$H$25/75 -> 4707000 | X34: =Cpte_Financiero_WT_PIC25!$E$58/75 -> 736552.18 | Y34: =SUM(Z34:AG34) -> 2899619.8 | Z34: ='Cadena de Valor'!$I$19*1 -> 169333.33 | AA34: ='Cadena de Valor'!$I$20*2 -> 189333.33 | AB34: ='Cadena de Valor'!$I$17*2 -> 290000 | AC34: ='Cadena de Valor'!$I$15*10 -> 747086.67 | AD34: ='Cadena de Valor'!$I$16*1 -> 394444.33 | AE34: 400000 | AF34: =24499365/75 -> 326658.2 | AG34: =28707293.67/75 -> 382763.92 | AH34: 0. Informe Tecnico-Operativo de Ejecucion PIC 1.Registro de Asistencia 2. Formato de Acta de Reunion-Formato Acta de Concertacion-Formato Acta de dialogo para Consesno o disenso 3. Formato de Registros Filmicos (Fotograficos/Videos). 4. Ficha de Caracterizacion Socio-Demografica. 5. Ficha de Monitoreo y Seguimiento. 6. Formato de monitoreo y seguimiento de la Adherencia a las Rutas integrales de atencion en salud. 7. Formato de Visita Domiciliaria 8. Formato de Canalizacion 9. Formato y oficio de Remision 10. Registro Individual de Prestacion de servicios-RIPS-Codigo unico de prestacion de servicios-CUPS 11.Formato de intervenciones Breves | AI34: EBS # 5 | AJ34: Medico General, Enfermero, Promotor de Salud, Auxiliar de Enfermeria | AK34: 1. Institucional 2. Laboral 3. Educativo 4. Comunitario 5. Familia Hogar | AL34: 1. Primera Infancia 2. Infancia 3. Adolescencia 4. Juventud 5. Adultez 6. Adulto mayor 7. Mujer Lactante-gestante 8. Etnicos: Indigenas, Afros, Negros, Raizales, Rrom 9. Victimas del conflicto Armado 10. Poblacion en situacion de discapacidad 11. Trabajador Informal: Estacionario-Ambulante 12. Comunidad LGTBIQ+ | AM34: T24 | AN34: T24. MT07. | AO34: T24. MT07. Wamayao, Shoromana | AP34: 200 | AQ34: 800 | AR34: Secretaria de Salud Municipal de Maicao-Autoridad Sanitaria
A35: Contar con elementos para la acción que le permita aproximarse a las condiciones de vida y salud de las diferentes poblaciones de acuerdo con sus particularidades y necesidades, mediante el respeto a la integridad y la participación social, y como garante en la construcción conjunta de intervenciones desde el dialogo horizontal y respetuoso de sus saberes, prácticas y creencias. | B35: Pueblos y comunidades étnicas y campesinas, mujeres, sectores LGBTIQ+ y otras poblaciones por condición y/o situación | C35: Prácticas, saberes y conocimientos para la salud pública reconocidos y fortalecidos para Pueblos y comunidades étnicas, mujeres, población campesina, LBGTIQ+ y otras poblaciones por condición y/o situación | D35: 2.272106e+09 | E35: SGP-SALUD-SALUD PUBLICA | F35: 12836757 | G35: 333 | H35: I11006 | I35: EDUCACIÓN Y COMUNICACIÓN PARA EL SANEAMIENTO BÁSICO | J35: I1100629 | K35: Captar y caracterizar al 100% de la población perteneciente a las comunas priorizadas del municipio de Maicao, que incluya datos generales de identificación de las familias, contextos de vivienda, situaciones socio-ambientales y condiciones de saneamiento básico. | L35: 100 | M35: porcentaje | N35: 0 | O35: 50 | P35: 25 | Q35: 25 | R35: 1.1.02.06.001.02.02 | S35: cuidado de la salud en el territorio | T35: =U35/L35 -> 139898.39 | U35: =SUM(V35:Y35) -> 13989839 | V35: =Cpte_Financiero_WT_PIC25!$H$19/75 -> 6126000 | W35: =Cpte_Financiero_WT_PIC25!$H$25/75 -> 4707000 | X35: =Cpte_Financiero_WT_PIC25!$E$58/75 -> 736552.18 | Y35: =SUM(Z35:AG35) -> 2420286.4 | Z35: ='Cadena de Valor'!$I$19*1 -> 169333.33 | AA35: 0 | AB35: 0 | AC35: ='Cadena de Valor'!$I$15*10 -> 747086.67 | AD35: ='Cadena de Valor'!$I$16*1 -> 394444.33 | AE35: 400000 | AF35: =24499365/75 -> 326658.2 | AG35: =28707293.67/75 -> 382763.92 | AH35: 0. Informe Tecnico-Operativo de Ejecucion PIC 1.Registro de Asistencia 2. Formato de Acta de Reunion-Formato Acta de Concertacion-Formato Acta de dialogo para Consesno o disenso 3. Formato de Registros Filmicos (Fotograficos/Videos). 4. Ficha de Caracterizacion Socio-Demografica. 5. Ficha de Monitoreo y Seguimiento. 6. Formato de monitoreo y seguimiento de la Adherencia a las Rutas integrales de atencion en salud. 7. Formato de Visita Domiciliaria 8. Formato de Canalizacion 9. Formato y oficio de Remision 10. Registro Individual de Prestacion de servicios-RIPS-Codigo unico de prestacion de servicios-CUPS 11.Formato de intervenciones Breves | AI35: EBS # 5 | AJ35: Medico General, Enfermero, Promotor de Salud, Auxiliar de Enfermeria | AK35: 1. Institucional 2. Laboral 3. Educativo 4. Comunitario 5. Familia Hogar | AL35: 1. Primera Infancia 2. Infancia 3. Adolescencia 4. Juventud 5. Adultez 6. Adulto mayor 7. Mujer Lactante-gestante 8. Etnicos: Indigenas, Afros, Negros, Raizales, Rrom 9. Victimas del conflicto Armado 10. Poblacion en situacion de discapacidad 11. Trabajador Informal: Estacionario-Ambulante 12. Comunidad LGTBIQ+ | AM35: T11 T13 | AN35: comuna 3 comuna 4 | AO35: CM 4. La pista, las torres de la majayura. CM 5. Cristo vive, Galán, Fonseca Siosi, Hary Fuminaya, Belén de Judea, La union. | AP35: 200 450 | AQ35: 1000 2250 | AR35: Secretaria de Salud Municipal de Maicao-Autoridad Sanitaria
A36: Contar con elementos para la acción que le permita aproximarse a las condiciones de vida y salud de las diferentes poblaciones de acuerdo con sus particularidades y necesidades, mediante el respeto a la integridad y la participación social, y como garante en la construcción conjunta de intervenciones desde el dialogo horizontal y respetuoso de sus saberes, prácticas y creencias. | B36: Pueblos y comunidades étnicas y campesinas, mujeres, sectores LGBTIQ+ y otras poblaciones por condición y/o situación | C36: Prácticas, saberes y conocimientos para la salud pública reconocidos y fortalecidos para Pueblos y comunidades étnicas, mujeres, población campesina, LBGTIQ+ y otras poblaciones por condición y/o situación | D36: 2.272106e+09 | E36: SGP-SALUD-SALUD PUBLICA | F36: 12836757 | G36: 334 | H36: I30201 | I36: MAPEO Y CARACTERIZACIÓN DE ACTORES | J36: I3020130 | K36: Captar y caracterizar al 100% de la población perteneciente a los micro-territorios priorizados del municipio de Maicao, que incluya datos generales de identificación de las familias, contextos de vivienda, situaciones socio-ambientales y condiciones de saneamiento básico. | L36: 100 | M36: porcentaje | N36: 0 | O36: 50 | P36: 25 | Q36: 25 | R36: 1.1.02.06.001.02.02 | S36: cuidado de la salud en el territorio | T36: =U36/L36 -> 142798.39 | U36: =SUM(V36:Y36) -> 14279839 | V36: =Cpte_Financiero_WT_PIC25!$H$19/75 -> 6126000 | W36: =Cpte_Financiero_WT_PIC25!$H$25/75 -> 4707000 | X36: =Cpte_Financiero_WT_PIC25!$E$58/75 -> 736552.18 | Y36: =SUM(Z36:AG36) -> 2710286.4 | Z36: ='Cadena de Valor'!$I$19*1 -> 169333.33 | AA36: 0 | AB36: ='Cadena de Valor'!$I$17*2 -> 290000 | AC36: ='Cadena de Valor'!$I$15*10 -> 747086.67 | AD36: ='Cadena de Valor'!$I$16*1 -> 394444.33 | AE36: 400000 | AF36: =24499365/75 -> 326658.2 | AG36: =28707293.67/75 -> 382763.92 | AH36: 0. Informe Tecnico-Operativo de Ejecucion PIC 1.Registro de Asistencia 2. Formato de Acta de Reunion-Formato Acta de Concertacion-Formato Acta de dialogo para Consesno o disenso 3. Formato de Registros Filmicos (Fotograficos/Videos). 4. Ficha de Caracterizacion Socio-Demografica. 5. Ficha de Monitoreo y Seguimiento. 6. Formato de monitoreo y seguimiento de la Adherencia a las Rutas integrales de atencion en salud. 7. Formato de Visita Domiciliaria 8. Formato de Canalizacion 9. Formato y oficio de Remision 10. Registro Individual de Prestacion de servicios-RIPS-Codigo unico de prestacion de servicios-CUPS 11.Formato de intervenciones Breves | AI36: EBS # 5 | AJ36: Medico General, Enfermero, Promotor de Salud, Auxiliar de Enfermeria | AK36: 1. Institucional 2. Laboral 3. Educativo 4. Comunitario 5. Familia Hogar | AL36: 1. Primera Infancia 2. Infancia 3. Adolescencia 4. Juventud 5. Adultez 6. Adulto mayor 7. Mujer Lactante-gestante 8. Etnicos: Indigenas, Afros, Negros, Raizales, Rrom 9. Victimas del conflicto Armado 10. Poblacion en situacion de discapacidad 11. Trabajador Informal: Estacionario-Ambulante 12. Comunidad LGTBIQ+ | AM36: T23 T14 | AN36: T23. MT03. comuna 5 | AO36: T23. MT03. Torinchen, Kalanshira CM 5. Erika beatríz, Camilo torres | AP36: 200 450 | AQ36: 1000 2250 | AR36: Secretaria de Salud Municipal de Maicao-Autoridad Sanitaria
A37: Contar con elementos para la acción que le permita aproximarse a las condiciones de vida y salud de las diferentes poblaciones de acuerdo con sus particularidades y necesidades, mediante el respeto a la integridad y la participación social, y como garante en la construcción conjunta de intervenciones desde el dialogo horizontal y respetuoso de sus saberes, prácticas y creencias. | B37: Pueblos y comunidades étnicas y campesinas, mujeres, sectores LGBTIQ+ y otras poblaciones por condición y/o situación | C37: Prácticas, saberes y conocimientos para la salud pública reconocidos y fortalecidos para Pueblos y comunidades étnicas, mujeres, población campesina, LBGTIQ+ y otras poblaciones por condición y/o situación | D37: 2.272106e+09 | E37: SGP-SALUD-SALUD PUBLICA | F37: 12836757 | G37: 335 | H37: I11402 | I37: EDUCACIÓN Y COMUNICACIÓN EN SALUD PARA PROMOVER LA CESACIÓN DEL CONSUMO DE TABACO, DERIVADOS Y SUCEDÁNEOS | J37: I1140231 | K37: Realizar dos (2) estrategias pedagógicas con enfoque étnico, dirigidas a la población de los micro-territorios priorizados en el municipio de Maicao, donde se eduque sobre las consecuencias negativas del uso del cigarro y tabaco, además de los métodos alternativos para reducir la adicción a estos, con el fin de contribuir en la prevención de las enfermedades cardiopulmonares crónicas generadas por el uso de sustancias nocivas como el tabaco. | L37: 2 | M37: numero | N37: 0 | O37: 1 | P37: 1 | Q37: 0 | R37: 1.1.02.06.001.02.02 | S37: cuidado de la salud en el territorio | T37: =U37/L37 -> 7234586 | U37: =SUM(V37:Y37) -> 14469172 | V37: =Cpte_Financiero_WT_PIC25!$H$19/75 -> 6126000 | W37: =Cpte_Financiero_WT_PIC25!$H$25/75 -> 4707000 | X37: =Cpte_Financiero_WT_PIC25!$E$58/75 -> 736552.18 | Y37: =SUM(Z37:AG37) -> 2899619.8 | Z37: ='Cadena de Valor'!$I$19*1 -> 169333.33 | AA37: ='Cadena de Valor'!$I$20*2 -> 189333.33 | AB37: ='Cadena de Valor'!$I$17*2 -> 290000 | AC37: ='Cadena de Valor'!$I$15*10 -> 747086.67 | AD37: ='Cadena de Valor'!$I$16*1 -> 394444.33 | AE37: 400000 | AF37: =24499365/75 -> 326658.2 | AG37: =28707293.67/75 -> 382763.92 | AH37: 0. Informe Tecnico-Operativo de Ejecucion PIC 1.Registro de Asistencia 2. Formato de Acta de Reunion-Formato Acta de Concertacion-Formato Acta de dialogo para Consesno o disenso 3. Formato de Registros Filmicos (Fotograficos/Videos). 4. Ficha de Caracterizacion Socio-Demografica. 5. Ficha de Monitoreo y Seguimiento. 6. Formato de monitoreo y seguimiento de la Adherencia a las Rutas integrales de atencion en salud. 7. Formato de Visita Domiciliaria 8. Formato de Canalizacion 9. Formato y oficio de Remision 10. Registro Individual de Prestacion de servicios-RIPS-Codigo unico de prestacion de servicios-CUPS 11.Formato de intervenciones Breves | AI37: EBS # 5 | AJ37: Medico General, Enfermero, Promotor de Salud, Auxiliar de Enfermeria | AK37: 1. Institucional 2. Laboral 3. Educativo 4. Comunitario 5. Familia Hogar | AL37: 1. Primera Infancia 2. Infancia 3. Adolescencia 4. Juventud 5. Adultez 6. Adulto mayor 7. Mujer Lactante-gestante 8. Etnicos: Indigenas, Afros, Negros, Raizales, Rrom 9. Victimas del conflicto Armado 10. Poblacion en situacion de discapacidad 11. Trabajador Informal: Estacionario-Ambulante 12. Comunidad LGTBIQ+ | AM37: T23 | AN37: T23. MT02 | AO37: T23. MT02. Jularen, Kalapashon | AP37: 200 | AQ37: 800 | AR37: Secretaria de Salud Municipal de Maicao-Autoridad Sanitaria
A38: Contar con elementos para la acción que le permita aproximarse a las condiciones de vida y salud de las diferentes poblaciones de acuerdo con sus particularidades y necesidades, mediante el respeto a la integridad y la participación social, y como garante en la construcción conjunta de intervenciones desde el dialogo horizontal y respetuoso de sus saberes, prácticas y creencias. | B38: Pueblos y comunidades étnicas y campesinas, mujeres, sectores LGBTIQ+ y otras poblaciones por condición y/o situación | C38: Prácticas, saberes y conocimientos para la salud pública reconocidos y fortalecidos para Pueblos y comunidades étnicas, mujeres, población campesina, LBGTIQ+ y otras poblaciones por condición y/o situación | D38: 2.272106e+09 | E38: SGP-SALUD-SALUD PUBLICA | F38: 12836757 | G38: 336 | H38: I30201 | I38: MAPEO Y CARACTERIZACIÓN DE ACTORES | J38: I3020132 | K38: Realizar la caracterización del 100% de la población afectada por situaciones de Emergencias y Desastres en el municipio de Maicao, en articulación con ONG, fundaciones, Red de Prestadores, Aseguradores, Comunidad y Transectorial. | L38: 100 | M38: porcentaje | N38: 0 | O38: 50 | P38: 25 | Q38: 25 | R38: 1.1.02.06.001.02.02 | S38: cuidado de la salud en el territorio | T38: =U38/L38 -> 139898.39 | U38: =SUM(V38:Y38) -> 13989839 | V38: =Cpte_Financiero_WT_PIC25!$H$19/75 -> 6126000 | W38: =Cpte_Financiero_WT_PIC25!$H$25/75 -> 4707000 | X38: =Cpte_Financiero_WT_PIC25!$E$58/75 -> 736552.18 | Y38: =SUM(Z38:AG38) -> 2420286.4 | Z38: ='Cadena de Valor'!$I$19*1 -> 169333.33 | AA38: 0 | AB38: 0 | AC38: ='Cadena de Valor'!$I$15*10 -> 747086.67 | AD38: ='Cadena de Valor'!$I$16*1 -> 394444.33 | AE38: 400000 | AF38: =24499365/75 -> 326658.2 | AG38: =28707293.67/75 -> 382763.92 | AH38: 0. Informe Tecnico-Operativo de Ejecucion PIC 1.Registro de Asistencia 2. Formato de Acta de Reunion-Formato Acta de Concertacion-Formato Acta de dialogo para Consesno o disenso 3. Formato de Registros Filmicos (Fotograficos/Videos). 4. Ficha de Caracterizacion Socio-Demografica. 5. Ficha de Monitoreo y Seguimiento. 6. Formato de monitoreo y seguimiento de la Adherencia a las Rutas integrales de atencion en salud. 7. Formato de Visita Domiciliaria 8. Formato de Canalizacion 9. Formato y oficio de Remision 10. Registro Individual de Prestacion de servicios-RIPS-Codigo unico de prestacion de servicios-CUPS 11.Formato de intervenciones Breves | AI38: EBS # 5 | AJ38: Medico General, Enfermero, Promotor de Salud, Auxiliar de Enfermeria | AK38: 1. Institucional 2. Laboral 3. Educativo 4. Comunitario 5. Familia Hogar | AL38: 1. Primera Infancia 2. Infancia 3. Adolescencia 4. Juventud 5. Adultez 6. Adulto mayor 7. Mujer Lactante-gestante 8. Etnicos: Indigenas, Afros, Negros, Raizales, Rrom 9. Victimas del conflicto Armado 10. Poblacion en situacion de discapacidad 11. Trabajador Informal: Estacionario-Ambulante 12. Comunidad LGTBIQ+ | AM38: según corresponda | AN38: según corresponda | AO38: según corresponda | AP38: 250 | AQ38: 1250 | AR38: Secretaria de Salud Municipal de Maicao-Autoridad Sanitaria
A39: Contar con elementos para la acción que le permita aproximarse a las condiciones de vida y salud de las diferentes poblaciones de acuerdo con sus particularidades y necesidades, mediante el respeto a la integridad y la participación social, y como garante en la construcción conjunta de intervenciones desde el dialogo horizontal y respetuoso de sus saberes, prácticas y creencias. | B39: Pueblos y comunidades étnicas y campesinas, mujeres, sectores LGBTIQ+ y otras poblaciones por condición y/o situación | C39: Prácticas, saberes y conocimientos para la salud pública reconocidos y fortalecidos para Pueblos y comunidades étnicas, mujeres, población campesina, LBGTIQ+ y otras poblaciones por condición y/o situación | D39: 2.272106e+09 | E39: SGP-SALUD-SALUD PUBLICA | F39: 12836757 | G39: 337 | H39: I11110 | I39: EDUCACIÓN Y COMUNICACIÓN PARA LA PREVENCIÓN DE PROBLEMAS Y TRASTORNOS MENTALES (INCLUIDA LA FORMACIÓN DE PRIMEROS RESPONDIENTES Y PREPARACIÓN PARA EL CUIDADO DE LA SALUD MENTAL EN LA COTIDIANIDAD Y EN SITUACIONES DE EMERGENCIAS SOCIALES Y SANITARIAS) | J39: I1111033 | K39: Realizar una (1) concertación con los docentes de las instituciones educativas priorizadas, en la que se desarrolle las capacidades en la identificación y actuación frente a los casos de crisis, ataques de pánico, y otros eventos psicológicos, con el fin de que el docente identifique, los signos de alteraciones mentales, consumo de sustancias psicoactivas, conductas autolesivas, entre otros; además de notificar oportunamente cada caso hallado. | L39: 1 | M39: numero | N39: 0 | O39: 1 | P39: 0 | Q39: 0 | R39: 1.1.02.06.001.02.02 | S39: cuidado de la salud en el territorio | T39: =U39/L39 -> 14469172 | U39: =SUM(V39:Y39) -> 14469172 | V39: =Cpte_Financiero_WT_PIC25!$H$19/75 -> 6126000 | W39: =Cpte_Financiero_WT_PIC25!$H$25/75 -> 4707000 | X39: =Cpte_Financiero_WT_PIC25!$E$58/75 -> 736552.18 | Y39: =SUM(Z39:AG39) -> 2899619.8 | Z39: ='Cadena de Valor'!$I$19*1 -> 169333.33 | AA39: ='Cadena de Valor'!$I$20*2 -> 189333.33 | AB39: ='Cadena de Valor'!$I$17*2 -> 290000 | AC39: ='Cadena de Valor'!$I$15*10 -> 747086.67 | AD39: ='Cadena de Valor'!$I$16*1 -> 394444.33 | AE39: 400000 | AF39: =24499365/75 -> 326658.2 | AG39: =28707293.67/75 -> 382763.92 | AH39: 0. Informe Tecnico-Operativo de Ejecucion PIC 1.Registro de Asistencia 2. Formato de Acta de Reunion-Formato Acta de Concertacion-Formato Acta de dialogo para Consesno o disenso 3. Formato de Registros Filmicos (Fotograficos/Videos). 4. Ficha de Caracterizacion Socio-Demografica. 5. Ficha de Monitoreo y Seguimiento. 6. Formato de monitoreo y seguimiento de la Adherencia a las Rutas integrales de atencion en salud. 7. Formato de Visita Domiciliaria 8. Formato de Canalizacion 9. Formato y oficio de Remision 10. Registro Individual de Prestacion de servicios-RIPS-Codigo unico de prestacion de servicios-CUPS 11.Formato de intervenciones Breves | AI39: EBS # 5 | AJ39: Medico General, Enfermero, Promotor de Salud, Auxiliar de Enfermeria | AK39: 1. Institucional 2. Laboral 3. Educativo 4. Comunitario 5. Familia Hogar | AL39: 1. Primera Infancia 2. Infancia 3. Adolescencia 4. Juventud 5. Adultez 6. Adulto mayor 7. Mujer Lactante-gestante 8. Etnicos: Indigenas, Afros, Negros, Raizales, Rrom 9. Victimas del conflicto Armado 10. Poblacion en situacion de discapacidad 11. Trabajador Informal: Estacionario-Ambulante 12. Comunidad LGTBIQ+ | AM39: No Aplica | AN39: No Aplica | AO39: Auditorio de La Secretaria de Salud Municipal de Maicao, CAS | AP39: 250 | AQ39: 1250 | AR39: Secretaria de Salud Municipal de Maicao-Autoridad Sanitaria
A40: Contar con elementos para la acción que le permita aproximarse a las condiciones de vida y salud de las diferentes poblaciones de acuerdo con sus particularidades y necesidades, mediante el respeto a la integridad y la participación social, y como garante en la construcción conjunta de intervenciones desde el dialogo horizontal y respetuoso de sus saberes, prácticas y creencias. | B40: Pueblos y comunidades étnicas y campesinas, mujeres, sectores LGBTIQ+ y otras poblaciones por condición y/o situación | C40: Prácticas, saberes y conocimientos para la salud pública reconocidos y fortalecidos para Pueblos y comunidades étnicas, mujeres, población campesina, LBGTIQ+ y otras poblaciones por condición y/o situación | D40: 2.272106e+09 | E40: SGP-SALUD-SALUD PUBLICA | F40: 12836757 | G40: 338 | H40: I30301 | I40: CARACTERIZACIÓN DEL ENTORNO LABORAL CON ÉNFASIS EN LA INFORMALIDAD | J40: I3030134 | K40: Hacer entrega mensual al proceso de gestión de la SSMM, de un informe de resultados con copia de la base de datos con el avance en el proceso de caracterización de trabajadores informales del mercado del municipio de Maicao. | L40: 9 | M40: numero | N40: 0 | O40: 3 | P40: 3 | Q40: 3 | R40: 1.1.02.06.001.02.02 | S40: cuidado de la salud en el territorio | T40: =U40/L40 -> 1405367.5 | U40: =SUM(V40:Y40) -> 12648308 | V40: =Cpte_Financiero_WT_PIC25!$H$19/75 -> 6126000 | W40: =Cpte_Financiero_WT_PIC25!$H$25/75 -> 4707000 | X40: =Cpte_Financiero_WT_PIC25!$E$58/75 -> 736552.18 | Y40: =SUM(Z40:AG40) -> 1078755.4 | Z40: ='Cadena de Valor'!$I$19*1 -> 169333.33 | AA40: 0 | AB40: 0 | AC40: 0 | AD40: 0 | AE40: 200000 | AF40: =24499365/75 -> 326658.2 | AG40: =28707293.67/75 -> 382763.92 | AH40: 0. Informe Tecnico-Operativo de Ejecucion PIC 1.Registro de Asistencia 2. Formato de Acta de Reunion-Formato Acta de Concertacion-Formato Acta de dialogo para Consesno o disenso 3. Formato de Registros Filmicos (Fotograficos/Videos). 4. Ficha de Caracterizacion Socio-Demografica. 5. Ficha de Monitoreo y Seguimiento. 6. Formato de monitoreo y seguimiento de la Adherencia a las Rutas integrales de atencion en salud. 7. Formato de Visita Domiciliaria 8. Formato de Canalizacion 9. Formato y oficio de Remision 10. Registro Individual de Prestacion de servicios-RIPS-Codigo unico de prestacion de servicios-CUPS 11.Formato de intervenciones Breves | AI40: EBS # 5 | AJ40: Medico General, Enfermero, Promotor de Salud, Auxiliar de Enfermeria | AK40: 1. Institucional 2. Laboral 3. Educativo 4. Comunitario 5. Familia Hogar | AL40: 1. Primera Infancia 2. Infancia 3. Adolescencia 4. Juventud 5. Adultez 6. Adulto mayor 7. Mujer Lactante-gestante 8. Etnicos: Indigenas, Afros, Negros, Raizales, Rrom 9. Victimas del conflicto Armado 10. Poblacion en situacion de discapacidad 11. Trabajador Informal: Estacionario-Ambulante 12. Comunidad LGTBIQ+ | AM40: no aplica | AN40: no aplica | AO40: no aplica | AP40: no aplica | AQ40: no aplica | AR40: Secretaria de Salud Municipal de Maicao-Autoridad Sanitaria
A41: Contar con elementos para la acción que le permita aproximarse a las condiciones de vida y salud de las diferentes poblaciones de acuerdo con sus particularidades y necesidades, mediante el respeto a la integridad y la participación social, y como garante en la construcción conjunta de intervenciones desde el dialogo horizontal y respetuoso de sus saberes, prácticas y creencias. | B41: Pueblos y comunidades étnicas y campesinas, mujeres, sectores LGBTIQ+ y otras poblaciones por condición y/o situación | C41: Prácticas, saberes y conocimientos para la salud pública reconocidos y fortalecidos para Pueblos y comunidades étnicas, mujeres, población campesina, LBGTIQ+ y otras poblaciones por condición y/o situación | D41: 2.272106e+09 | E41: SGP-SALUD-SALUD PUBLICA | F41: 12836757 | G41: 339 | H41: I30201 | I41: MAPEO Y CARACTERIZACIÓN DE ACTORES | J41: I3020135 | K41: Hacer entrega mensual a los procesos de gestión de la SSMM de un informe general de actividades correspondientes a cada mes, con la descripción de la actividad, acciones, impacto y resultado obtenido, además de recomendaciones y conclusión, en la plantilla institucional de la entidad contratada. | L41: 9 | M41: numero | N41: 0 | O41: 3 | P41: 3 | Q41: 3 | R41: 1.1.02.06.001.02.02 | S41: cuidado de la salud en el territorio | T41: =U41/L41 -> 1488377.1 | U41: =SUM(V41:Y41) -> 13395394 | V41: =Cpte_Financiero_WT_PIC25!$H$19/75 -> 6126000 | W41: =Cpte_Financiero_WT_PIC25!$H$25/75 -> 4707000 | X41: =Cpte_Financiero_WT_PIC25!$E$58/75 -> 736552.18 | Y41: =SUM(Z41:AG41) -> 1825842.1 | Z41: ='Cadena de Valor'!$I$19*1 -> 169333.33 | AA41: 0 | AB41: 0 | AC41: ='Cadena de Valor'!$I$15*10 -> 747086.67 | AD41: 0 | AE41: 200000 | AF41: =24499365/75 -> 326658.2 | AG41: =28707293.67/75 -> 382763.92 | AH41: 0. Informe Tecnico-Operativo de Ejecucion PIC 1.Registro de Asistencia 2. Formato de Acta de Reunion-Formato Acta de Concertacion-Formato Acta de dialogo para Consesno o disenso 3. Formato de Registros Filmicos (Fotograficos/Videos). 4. Ficha de Caracterizacion Socio-Demografica. 5. Ficha de Monitoreo y Seguimiento. 6. Formato de monitoreo y seguimiento de la Adherencia a las Rutas integrales de atencion en salud. 7. Formato de Visita Domiciliaria 8. Formato de Canalizacion 9. Formato y oficio de Remision 10. Registro Individual de Prestacion de servicios-RIPS-Codigo unico de prestacion de servicios-CUPS 11.Formato de intervenciones Breves | AI41: EBS # 5 | AJ41: Medico General, Enfermero, Promotor de Salud, Auxiliar de Enfermeria | AK41: 1. Institucional 2. Laboral 3. Educativo 4. Comunitario 5. Familia Hogar | AL41: 1. Primera Infancia 2. Infancia 3. Adolescencia 4. Juventud 5. Adultez 6. Adulto mayor 7. Mujer Lactante-gestante 8. Etnicos: Indigenas, Afros, Negros, Raizales, Rrom 9. Victimas del conflicto Armado 10. Poblacion en situacion de discapacidad 11. Trabajador Informal: Estacionario-Ambulante 12. Comunidad LGTBIQ+ | AM41: no aplica | AN41: no aplica | AO41: no aplica | AP41: no aplica | AQ41: no aplica | AR41: Secretaria de Salud Municipal de Maicao-Autoridad Sanitaria
A42: Contar con elementos para la acción que le permita aproximarse a las condiciones de vida y salud de las diferentes poblaciones de acuerdo con sus particularidades y necesidades, mediante el respeto a la integridad y la participación social, y como garante en la construcción conjunta de intervenciones desde el dialogo horizontal y respetuoso de sus saberes, prácticas y creencias. | B42: Pueblos y comunidades étnicas y campesinas, mujeres, sectores LGBTIQ+ y otras poblaciones por condición y/o situación | C42: Prácticas, saberes y conocimientos para la salud pública reconocidos y fortalecidos para Pueblos y comunidades étnicas, mujeres, población campesina, LBGTIQ+ y otras poblaciones por condición y/o situación | D42: 2.272106e+09 | E42: SGP-SALUD-SALUD PUBLICA | F42: 12836757 | G42: 340 | H42: I30201 | I42: MAPEO Y CARACTERIZACIÓN DE ACTORES | J42: I3020136 | K42: Captar y caracterizar a la población residente en los asentamientos ubicados en la zona periurbana del municipio de Maicao, que defina datos generales de cada miembro de las viviendas, datos generales de identificación, determinantes sociales y condiciones generales de vivienda y saneamiento básico. | L42: 100 | M42: porcentaje | N42: 0 | O42: 50 | P42: 25 | Q42: 25 | R42: 1.1.02.06.001.02.02 | S42: cuidado de la salud en el territorio | T42: =U42/L42 -> 142798.39 | U42: =SUM(V42:Y42) -> 14279839 | V42: =Cpte_Financiero_WT_PIC25!$H$19/75 -> 6126000 | W42: =Cpte_Financiero_WT_PIC25!$H$25/75 -> 4707000 | X42: =Cpte_Financiero_WT_PIC25!$E$58/75 -> 736552.18 | Y42: =SUM(Z42:AG42) -> 2710286.4 | Z42: ='Cadena de Valor'!$I$19*1 -> 169333.33 | AA42: 0 | AB42: ='Cadena de Valor'!$I$17*2 -> 290000 | AC42: ='Cadena de Valor'!$I$15*10 -> 747086.67 | AD42: ='Cadena de Valor'!$I$16*1 -> 394444.33 | AE42: 400000 | AF42: =24499365/75 -> 326658.2 | AG42: =28707293.67/75 -> 382763.92 | AH42: 0. Informe Tecnico-Operativo de Ejecucion PIC 1.Registro de Asistencia 2. Formato de Acta de Reunion-Formato Acta de Concertacion-Formato Acta de dialogo para Consesno o disenso 3. Formato de Registros Filmicos (Fotograficos/Videos). 4. Ficha de Caracterizacion Socio-Demografica. 5. Ficha de Monitoreo y Seguimiento. 6. Formato de monitoreo y seguimiento de la Adherencia a las Rutas integrales de atencion en salud. 7. Formato de Visita Domiciliaria 8. Formato de Canalizacion 9. Formato y oficio de Remision 10. Registro Individual de Prestacion de servicios-RIPS-Codigo unico de prestacion de servicios-CUPS 11.Formato de intervenciones Breves | AI42: EBS # 5 | AJ42: Medico General, Enfermero, Promotor de Salud, Auxiliar de Enfermeria | AK42: 1. Institucional 2. Laboral 3. Educativo 4. Comunitario 5. Familia Hogar | AL42: 1. Primera Infancia 2. Infancia 3. Adolescencia 4. Juventud 5. Adultez 6. Adulto mayor 7. Mujer Lactante-gestante 8. Etnicos: Indigenas, Afros, Negros, Raizales, Rrom 9. Victimas del conflicto Armado 10. Poblacion en situacion de discapacidad 11. Trabajador Informal: Estacionario-Ambulante 12. Comunidad LGTBIQ+ | AM42: T11 T13 | AN42: comuna 3 comuna 4 | AO42: CM3. al tos de parrantial, brisas de parrantial, los laureles, Alto prado, Simon mejía, Villa Mery, Villa del sol, la pista. CM4. Cristo vive, La union, belen de judea, hary fuminaya, villa amelia 1, luisa perez, rojas pinilla. CM5. villa madre laura, altos de villa inés, villa martpin camilo. | AP42: 650 200 | AQ42: 3250 1200 | AR42: Secretaria de Salud Municipal de Maicao-Autoridad Sanitaria
A43: Contar con elementos para la acción que le permita aproximarse a las condiciones de vida y salud de las diferentes poblaciones de acuerdo con sus particularidades y necesidades, mediante el respeto a la integridad y la participación social, y como garante en la construcción conjunta de intervenciones desde el dialogo horizontal y respetuoso de sus saberes, prácticas y creencias. | B43: Pueblos y comunidades étnicas y campesinas, mujeres, sectores LGBTIQ+ y otras poblaciones por condición y/o situación | C43: Prácticas, saberes y conocimientos para la salud pública reconocidos y fortalecidos para Pueblos y comunidades étnicas, mujeres, población campesina, LBGTIQ+ y otras poblaciones por condición y/o situación | D43: 2.272106e+09 | E43: SGP-SALUD-SALUD PUBLICA | F43: 12836757 | G43: 341 | H43: I30201 | I43: MAPEO Y CARACTERIZACIÓN DE ACTORES | J43: I3020137 | K43: Desarrollar una (1) mesa de trabajo mensual, dirigida al proceso de gestión de la SSMM, en la que se proyecte el avance de los resultados programados, plasmados en los informes mensuales. | L43: 9 | M43: numero | N43: 0 | O43: 3 | P43: 3 | Q43: 3 | R43: 1.1.02.06.001.02.02 | S43: cuidado de la salud en el territorio | T43: =U43/L43 -> 1636404.6 | U43: =SUM(V43:Y43) -> 14727641 | V43: =Cpte_Financiero_WT_PIC25!$H$19/75 -> 6126000 | W43: =Cpte_Financiero_WT_PIC25!$H$25/75 -> 4707000 | X43: =Cpte_Financiero_WT_PIC25!$E$58/75 -> 736552.18 | Y43: =SUM(Z43:AG43) -> 3158088.8 | Z43: ='Cadena de Valor'!$I$19*1 -> 169333.33 | AA43: ='Cadena de Valor'!$I$20*2 -> 189333.33 | AB43: ='Cadena de Valor'!$I$17*2 -> 290000 | AC43: 0 | AD43: 0 | AE43: 1800000 | AF43: =24499365/75 -> 326658.2 | AG43: =28707293.67/75 -> 382763.92 | AH43: 0. Informe Tecnico-Operativo de Ejecucion PIC 1.Registro de Asistencia 2. Formato de Acta de Reunion-Formato Acta de Concertacion-Formato Acta de dialogo para Consesno o disenso 3. Formato de Registros Filmicos (Fotograficos/Videos). 4. Ficha de Caracterizacion Socio-Demografica. 5. Ficha de Monitoreo y Seguimiento. 6. Formato de monitoreo y seguimiento de la Adherencia a las Rutas integrales de atencion en salud. 7. Formato de Visita Domiciliaria 8. Formato de Canalizacion 9. Formato y oficio de Remision 10. Registro Individual de Prestacion de servicios-RIPS-Codigo unico de prestacion de servicios-CUPS 11.Formato de intervenciones Breves | AI43: EBS # 5 | AJ43: Medico General, Enfermero, Promotor de Salud, Auxiliar de Enfermeria | AK43: 1. Institucional 2. Laboral 3. Educativo 4. Comunitario 5. Familia Hogar | AL43: 1. Primera Infancia 2. Infancia 3. Adolescencia 4. Juventud 5. Adultez 6. Adulto mayor 7. Mujer Lactante-gestante 8. Etnicos: Indigenas, Afros, Negros, Raizales, Rrom 9. Victimas del conflicto Armado 10. Poblacion en situacion de discapacidad 11. Trabajador Informal: Estacionario-Ambulante 12. Comunidad LGTBIQ+ | AM43: no aplica | AN43: no aplica | AO43: auditorio de ssmm, CAS | AP43: no aplica | AQ43: no aplica | AR43: Secretaria de Salud Municipal de Maicao-Autoridad Sanitaria
A44: Contar con elementos para la acción que le permita aproximarse a las condiciones de vida y salud de las diferentes poblaciones de acuerdo con sus particularidades y necesidades, mediante el respeto a la integridad y la participación social, y como garante en la construcción conjunta de intervenciones desde el dialogo horizontal y respetuoso de sus saberes, prácticas y creencias. | B44: Pueblos y comunidades étnicas y campesinas, mujeres, sectores LGBTIQ+ y otras poblaciones por condición y/o situación | C44: Prácticas, saberes y conocimientos para la salud pública reconocidos y fortalecidos para Pueblos y comunidades étnicas, mujeres, población campesina, LBGTIQ+ y otras poblaciones por condición y/o situación | D44: 2.272106e+09 | E44: SGP-SALUD-SALUD PUBLICA | F44: 12836757 | G44: 342 | H44: I11304 | I44: EDUCACIÓN Y COMUNICACIÓN PARA EL FORTALECIMIENTO DE FACTORES PROTECTORES HACIA EL CONTROL DE ENFERMEDADES TRANSMITIDAS POR VECTORES | J44: I1130438 | K44: Realizar un (1) taller educativo, dirigido a las madres de los micro-territorios priorizados del municipio de Maicao, donde se eduque sobre los signos de identificación de alarma que genera el dengue, con el fin de capacitarlas en la identificación temprana y actuación frente a las enfermedades transmitidas por vectores. | L44: 1 | M44: numero | N44: 0 | O44: 0 | P44: 0 | Q44: 1 | R44: 1.1.02.06.001.02.02 | S44: cuidado de la salud en el territorio | T44: =U44/L44 -> 14174505 | U44: =SUM(V44:Y44) -> 14174505 | V44: =Cpte_Financiero_WT_PIC25!$H$19/75 -> 6126000 | W44: =Cpte_Financiero_WT_PIC25!$H$25/75 -> 4707000 | X44: =Cpte_Financiero_WT_PIC25!$E$58/75 -> 736552.18 | Y44: =SUM(Z44:AG44) -> 2604953.1 | Z44: ='Cadena de Valor'!$I$19*1 -> 169333.33 | AA44: ='Cadena de Valor'!$I$20*1 -> 94666.667 | AB44: ='Cadena de Valor'!$I$17*2 -> 290000 | AC44: ='Cadena de Valor'!$I$15*10 -> 747086.67 | AD44: ='Cadena de Valor'!$I$16*1 -> 394444.33 | AE44: 200000 | AF44: =24499365/75 -> 326658.2 | AG44: =28707293.67/75 -> 382763.92 | AH44: 0. Informe Tecnico-Operativo de Ejecucion PIC 1.Registro de Asistencia 2. Formato de Acta de Reunion-Formato Acta de Concertacion-Formato Acta de dialogo para Consesno o disenso 3. Formato de Registros Filmicos (Fotograficos/Videos). 4. Ficha de Caracterizacion Socio-Demografica. 5. Ficha de Monitoreo y Seguimiento. 6. Formato de monitoreo y seguimiento de la Adherencia a las Rutas integrales de atencion en salud. 7. Formato de Visita Domiciliaria 8. Formato de Canalizacion 9. Formato y oficio de Remision 10. Registro Individual de Prestacion de servicios-RIPS-Codigo unico de prestacion de servicios-CUPS 11.Formato de intervenciones Breves | AI44: EBS # 5 | AJ44: Medico General, Enfermero, Promotor de Salud, Auxiliar de Enfermeria | AK44: 1. Institucional 2. Laboral 3. Educativo 4. Comunitario 5. Familia Hogar | AL44: 1. Primera Infancia 2. Infancia 3. Adolescencia 4. Juventud 5. Adultez 6. Adulto mayor 7. Mujer Lactante-gestante 8. Etnicos: Indigenas, Afros, Negros, Raizales, Rrom 9. Victimas del conflicto Armado 10. Poblacion en situacion de discapacidad 11. Trabajador Informal: Estacionario-Ambulante 12. Comunidad LGTBIQ+ | AM44: T24 | AN44: T24. MT05. | AO44: T24. MT05. Laguna de Oxidacion | AP44: 200 | AQ44: 800 | AR44: Secretaria de Salud Municipal de Maicao-Autoridad Sanitaria
A45: Contar con elementos para la acción que le permita aproximarse a las condiciones de vida y salud de las diferentes poblaciones de acuerdo con sus particularidades y necesidades, mediante el respeto a la integridad y la participación social, y como garante en la construcción conjunta de intervenciones desde el dialogo horizontal y respetuoso de sus saberes, prácticas y creencias. | B45: Pueblos y comunidades étnicas y campesinas, mujeres, sectores LGBTIQ+ y otras poblaciones por condición y/o situación | C45: Prácticas, saberes y conocimientos para la salud pública reconocidos y fortalecidos para Pueblos y comunidades étnicas, mujeres, población campesina, LBGTIQ+ y otras poblaciones por condición y/o situación | D45: 2.272106e+09 | E45: SGP-SALUD-SALUD PUBLICA | F45: 12836757 | G45: 343 | H45: I11305 | I45: EDUCACIÓN Y COMUNICACIÓN PARA EL FORTALECIMIENTO DE FACTORES PROTECTORES HACIA EL CONTROL DE ZOONOSIS | J45: I1130539 | K45: Realizar una (1) campaña lúdica, dirigida a las instituciones educativas de básica primaria priorizadas en el municipio de Maicao, donde se eduque a los niños mediante juegos, bailes y dramas, acerca de el lavado de manos, manipulación de mascotas, y comunicación de sus síntomas a los cuidadores, con el fin de identificar oportunamente el contagio por zoonosis. | L45: 1 | M45: numero | N45: 0 | O45: 1 | P45: 0 | Q45: 0 | R45: 1.1.02.06.001.02.02 | S45: cuidado de la salud en el territorio | T45: =U45/L45 -> 14174505 | U45: =SUM(V45:Y45) -> 14174505 | V45: =Cpte_Financiero_WT_PIC25!$H$19/75 -> 6126000 | W45: =Cpte_Financiero_WT_PIC25!$H$25/75 -> 4707000 | X45: =Cpte_Financiero_WT_PIC25!$E$58/75 -> 736552.18 | Y45: =SUM(Z45:AG45) -> 2604953.1 | Z45: ='Cadena de Valor'!$I$19*1 -> 169333.33 | AA45: ='Cadena de Valor'!$I$20*1 -> 94666.667 | AB45: ='Cadena de Valor'!$I$17*2 -> 290000 | AC45: ='Cadena de Valor'!$I$15*10 -> 747086.67 | AD45: ='Cadena de Valor'!$I$16*1 -> 394444.33 | AE45: 200000 | AF45: =24499365/75 -> 326658.2 | AG45: =28707293.67/75 -> 382763.92 | AH45: 0. Informe Tecnico-Operativo de Ejecucion PIC 1.Registro de Asistencia 2. Formato de Acta de Reunion-Formato Acta de Concertacion-Formato Acta de dialogo para Consesno o disenso 3. Formato de Registros Filmicos (Fotograficos/Videos). 4. Ficha de Caracterizacion Socio-Demografica. 5. Ficha de Monitoreo y Seguimiento. 6. Formato de monitoreo y seguimiento de la Adherencia a las Rutas integrales de atencion en salud. 7. Formato de Visita Domiciliaria 8. Formato de Canalizacion 9. Formato y oficio de Remision 10. Registro Individual de Prestacion de servicios-RIPS-Codigo unico de prestacion de servicios-CUPS 11.Formato de intervenciones Breves | AI45: EBS # 5 | AJ45: Medico General, Enfermero, Promotor de Salud, Auxiliar de Enfermeria | AK45: 1. Institucional 2. Laboral 3. Educativo 4. Comunitario 5. Familia Hogar | AL45: 1. Primera Infancia 2. Infancia 3. Adolescencia 4. Juventud 5. Adultez 6. Adulto mayor 7. Mujer Lactante-gestante 8. Etnicos: Indigenas, Afros, Negros, Raizales, Rrom 9. Victimas del conflicto Armado 10. Poblacion en situacion de discapacidad 11. Trabajador Informal: Estacionario-Ambulante 12. Comunidad LGTBIQ+ | AM45: T24 | AN45: T24. MT06. | AO45: T24. MT06. I.E.I N°05 Sede Urrain | AP45: 200 | AQ45: 800 | AR45: Secretaria de Salud Municipal de Maicao-Autoridad Sanitaria
A46: Contar con elementos para la acción que le permita aproximarse a las condiciones de vida y salud de las diferentes poblaciones de acuerdo con sus particularidades y necesidades, mediante el respeto a la integridad y la participación social, y como garante en la construcción conjunta de intervenciones desde el dialogo horizontal y respetuoso de sus saberes, prácticas y creencias. | B46: Pueblos y comunidades étnicas y campesinas, mujeres, sectores LGBTIQ+ y otras poblaciones por condición y/o situación | C46: Prácticas, saberes y conocimientos para la salud pública reconocidos y fortalecidos para Pueblos y comunidades étnicas, mujeres, población campesina, LBGTIQ+ y otras poblaciones por condición y/o situación | D46: 2.272106e+09 | E46: SGP-SALUD-SALUD PUBLICA | F46: 12836757 | G46: 344 | H46: I11410 | I46: EDUCACIÓN Y COMUNICACIÓN PARA EL FORTALECIMIENTO DE FACTORES PROTECTORES HACIA EL CONTROL DE ENFERMEDADES RESPIRATORIAS CRÓNICAS | J46: I1141040 | K46: Concertar con los actores sociales de la zona rural y urbana del municipio, la realización de cuatro (4) mesas de trabajo intersectoriales, con el fin de socializar el programa de tuberculosis, que incluya temas de identificación de signos y síntomas, diagnóstico, control médico y de enfermería, estrategia DOTS/TAES. | L46: 4 | M46: numero | N46: 0 | O46: 2 | P46: 1 | Q46: 1 | R46: 1.1.02.06.001.02.02 | S46: cuidado de la salud en el territorio | T46: =U46/L46 -> 3869959.7 | U46: =SUM(V46:Y46) -> 15479839 | V46: =Cpte_Financiero_WT_PIC25!$H$19/75 -> 6126000 | W46: =Cpte_Financiero_WT_PIC25!$H$25/75 -> 4707000 | X46: =Cpte_Financiero_WT_PIC25!$E$58/75 -> 736552.18 | Y46: =SUM(Z46:AG46) -> 3910286.4 | Z46: ='Cadena de Valor'!$I$19*1 -> 169333.33 | AA46: 0 | AB46: ='Cadena de Valor'!$I$17*2 -> 290000 | AC46: ='Cadena de Valor'!$I$15*10 -> 747086.67 | AD46: ='Cadena de Valor'!$I$16*1 -> 394444.33 | AE46: 1600000 | AF46: =24499365/75 -> 326658.2 | AG46: =28707293.67/75 -> 382763.92 | AH46: 0. Informe Tecnico-Operativo de Ejecucion PIC 1.Registro de Asistencia 2. Formato de Acta de Reunion-Formato Acta de Concertacion-Formato Acta de dialogo para Consesno o disenso 3. Formato de Registros Filmicos (Fotograficos/Videos). 4. Ficha de Caracterizacion Socio-Demografica. 5. Ficha de Monitoreo y Seguimiento. 6. Formato de monitoreo y seguimiento de la Adherencia a las Rutas integrales de atencion en salud. 7. Formato de Visita Domiciliaria 8. Formato de Canalizacion 9. Formato y oficio de Remision 10. Registro Individual de Prestacion de servicios-RIPS-Codigo unico de prestacion de servicios-CUPS 11.Formato de intervenciones Breves | AI46: EBS # 5 | AJ46: Medico General, Enfermero, Promotor de Salud, Auxiliar de Enfermeria | AK46: 1. Institucional 2. Laboral 3. Educativo 4. Comunitario 5. Familia Hogar | AL46: 1. Primera Infancia 2. Infancia 3. Adolescencia 4. Juventud 5. Adultez 6. Adulto mayor 7. Mujer Lactante-gestante 8. Etnicos: Indigenas, Afros, Negros, Raizales, Rrom 9. Victimas del conflicto Armado 10. Poblacion en situacion de discapacidad 11. Trabajador Informal: Estacionario-Ambulante 12. Comunidad LGTBIQ+ | AM46: T24 T11 | AN46: T24. MT02. Comuna 3 | AO46: T24. MT02. Maicaito, Kasichi 1 CM3. Altos de Parrantial, Brisas de Parrantial | AP46: no aplica | AQ46: no aplica | AR46: Secretaria de Salud Municipal de Maicao-Autoridad Sanitaria
A47: Contar con elementos para la acción que le permita aproximarse a las condiciones de vida y salud de las diferentes poblaciones de acuerdo con sus particularidades y necesidades, mediante el respeto a la integridad y la participación social, y como garante en la construcción conjunta de intervenciones desde el dialogo horizontal y respetuoso de sus saberes, prácticas y creencias. | B47: Pueblos y comunidades étnicas y campesinas, mujeres, sectores LGBTIQ+ y otras poblaciones por condición y/o situación | C47: Prácticas, saberes y conocimientos para la salud pública reconocidos y fortalecidos para Pueblos y comunidades étnicas, mujeres, población campesina, LBGTIQ+ y otras poblaciones por condición y/o situación | D47: 2.272106e+09 | E47: SGP-SALUD-SALUD PUBLICA | F47: 12836757 | G47: 345 | H47: I10009 | I47: INFORMACIÓN PARA LA SALUD DE PREVENCIÓN DE LA RADIACIÓN ULTRAVIOLETA (RUV) | J47: I1000941 | K47: Realizar cuatro (4) campañas educativas, dirigidas a la población de los micro-territorios priorizados, donde se promueva y prevenga los efectos nocivos de la exposición a radiaciones UV, se estimule el uso de productos con protección solar y demás medidas de protección contra las altas temperaturas, con el fin de reducir el riesgo de padecer cáncer de piel u otras afecciones en salud. | L47: 4 | M47: numero | N47: 0 | O47: 2 | P47: 1 | Q47: 1 | R47: 1.1.02.06.001.02.02 | S47: cuidado de la salud en el territorio | T47: =U47/L47 -> 3964626.3 | U47: =SUM(V47:Y47) -> 15858505 | V47: =Cpte_Financiero_WT_PIC25!$H$19/75 -> 6126000 | W47: =Cpte_Financiero_WT_PIC25!$H$25/75 -> 4707000 | X47: =Cpte_Financiero_WT_PIC25!$E$58/75 -> 736552.18 | Y47: =SUM(Z47:AG47) -> 4288953.1 | Z47: ='Cadena de Valor'!$I$19*1 -> 169333.33 | AA47: ='Cadena de Valor'!$I$20*4 -> 378666.67 | AB47: ='Cadena de Valor'!$I$17*2 -> 290000 | AC47: ='Cadena de Valor'!$I$15*10 -> 747086.67 | AD47: ='Cadena de Valor'!$I$16*1 -> 394444.33 | AE47: 1600000 | AF47: =24499365/75 -> 326658.2 | AG47: =28707293.67/75 -> 382763.92 | AH47: 0. Informe Tecnico-Operativo de Ejecucion PIC 1.Registro de Asistencia 2. Formato de Acta de Reunion-Formato Acta de Concertacion-Formato Acta de dialogo para Consesno o disenso 3. Formato de Registros Filmicos (Fotograficos/Videos). 4. Ficha de Caracterizacion Socio-Demografica. 5. Ficha de Monitoreo y Seguimiento. 6. Formato de monitoreo y seguimiento de la Adherencia a las Rutas integrales de atencion en salud. 7. Formato de Visita Domiciliaria 8. Formato de Canalizacion 9. Formato y oficio de Remision 10. Registro Individual de Prestacion de servicios-RIPS-Codigo unico de prestacion de servicios-CUPS 11.Formato de intervenciones Breves | AI47: EBS # 5 | AJ47: Medico General, Enfermero, Promotor de Salud, Auxiliar de Enfermeria | AK47: 1. Institucional 2. Laboral 3. Educativo 4. Comunitario 5. Familia Hogar | AL47: 1. Primera Infancia 2. Infancia 3. Adolescencia 4. Juventud 5. Adultez 6. Adulto mayor 7. Mujer Lactante-gestante 8. Etnicos: Indigenas, Afros, Negros, Raizales, Rrom 9. Victimas del conflicto Armado 10. Poblacion en situacion de discapacidad 11. Trabajador Informal: Estacionario-Ambulante 12. Comunidad LGTBIQ+ | AM47: T26 | AN47: T26. MT03 | AO47: T26. MT03. Kutumana, Palasumana, Yosulu, Iruwala | AP47: 250 | AQ47: 1000 | AR47: Secretaria de Salud Municipal de Maicao-Autoridad Sanitaria
A48: Contar con elementos para la acción que le permita aproximarse a las condiciones de vida y salud de las diferentes poblaciones de acuerdo con sus particularidades y necesidades, mediante el respeto a la integridad y la participación social, y como garante en la construcción conjunta de intervenciones desde el dialogo horizontal y respetuoso de sus saberes, prácticas y creencias. | B48: Pueblos y comunidades étnicas y campesinas, mujeres, sectores LGBTIQ+ y otras poblaciones por condición y/o situación | C48: Prácticas, saberes y conocimientos para la salud pública reconocidos y fortalecidos para Pueblos y comunidades étnicas, mujeres, población campesina, LBGTIQ+ y otras poblaciones por condición y/o situación | D48: 2.272106e+09 | E48: SGP-SALUD-SALUD PUBLICA | F48: 12836757 | G48: 346 | H48: I30202 | I48: INTERVENCIONES PARA EL DESARROLLO DE CAPACIDADES A REDES Y ORGANIZACIONES COMUNITARIAS | J48: I3020242 | K48: Ejecutar cinco (5) campañas de arborización en las comunas priorizadas del municipio de Maicao, en articulación con el proceso de gestión de la SSMM, corpoguajira, y demás órganos interdisciplinarios según corresponda, para abarcar las áreas en las que se requieran plantaciones. | L48: 4 | M48: numero | N48: 0 | O48: 1 | P48: 2 | Q48: 1 | R48: 1.1.02.06.001.02.02 | S48: cuidado de la salud en el territorio | T48: =U48/L48 -> 3936904.1 | U48: =SUM(V48:Y48) -> 15747616 | V48: =Cpte_Financiero_WT_PIC25!$H$19/75 -> 6126000 | W48: =Cpte_Financiero_WT_PIC25!$H$25/75 -> 4707000 | X48: =Cpte_Financiero_WT_PIC25!$E$58/75 -> 736552.18 | Y48: =SUM(Z48:AG48) -> 4178064.1 | Z48: ='Cadena de Valor'!$I$19*1 -> 169333.33 | AA48: ='Cadena de Valor'!$I$20*5 -> 473333.33 | AB48: ='Cadena de Valor'!$I$17*2 -> 290000 | AC48: ='Cadena de Valor'!$I$15*10 -> 747086.67 | AD48: ='Cadena de Valor'!$I$16*2 -> 788888.67 | AE48: 1000000 | AF48: =24499365/75 -> 326658.2 | AG48: =28707293.67/75 -> 382763.92 | AH48: 0. Informe Tecnico-Operativo de Ejecucion PIC 1.Registro de Asistencia 2. Formato de Acta de Reunion-Formato Acta de Concertacion-Formato Acta de dialogo para Consesno o disenso 3. Formato de Registros Filmicos (Fotograficos/Videos). 4. Ficha de Caracterizacion Socio-Demografica. 5. Ficha de Monitoreo y Seguimiento. 6. Formato de monitoreo y seguimiento de la Adherencia a las Rutas integrales de atencion en salud. 7. Formato de Visita Domiciliaria 8. Formato de Canalizacion 9. Formato y oficio de Remision 10. Registro Individual de Prestacion de servicios-RIPS-Codigo unico de prestacion de servicios-CUPS 11.Formato de intervenciones Breves | AI48: EBS # 5 | AJ48: Medico General, Enfermero, Promotor de Salud, Auxiliar de Enfermeria | AK48: 1. Institucional 2. Laboral 3. Educativo 4. Comunitario 5. Familia Hogar | AL48: 1. Primera Infancia 2. Infancia 3. Adolescencia 4. Juventud 5. Adultez 6. Adulto mayor 7. Mujer Lactante-gestante 8. Etnicos: Indigenas, Afros, Negros, Raizales, Rrom 9. Victimas del conflicto Armado 10. Poblacion en situacion de discapacidad 11. Trabajador Informal: Estacionario-Ambulante 12. Comunidad LGTBIQ+ | AM48: T09 | AN48: comuna 1 | AO48: Concepción, Flor de cañaguate, maximiliano moscote, Majupay. | AP48: 250 | AQ48: 1250 | AR48: Secretaria de Salud Municipal de Maicao-Autoridad Sanitaria
A49: Contar con elementos para la acción que le permita aproximarse a las condiciones de vida y salud de las diferentes poblaciones de acuerdo con sus particularidades y necesidades, mediante el respeto a la integridad y la participación social, y como garante en la construcción conjunta de intervenciones desde el dialogo horizontal y respetuoso de sus saberes, prácticas y creencias. | B49: Pueblos y comunidades étnicas y campesinas, mujeres, sectores LGBTIQ+ y otras poblaciones por condición y/o situación | C49: Prácticas, saberes y conocimientos para la salud pública reconocidos y fortalecidos para Pueblos y comunidades étnicas, mujeres, población campesina, LBGTIQ+ y otras poblaciones por condición y/o situación | D49: 2.272106e+09 | E49: SGP-SALUD-SALUD PUBLICA | F49: 12836757 | G49: 347 | H49: I11106 | I49: EDUCACIÓN Y COMUNICACIÓN EN SALUD PARA LA REDUCCIÓN DEL AUTOESTIGMA, ESTIGMA SOCIAL Y DISCRIMINACIÓN | J49: I1110643 | K49: Realizar cuatro (4) campañas educativas dirigidas a los estudiantes de los grados 9, 10 y 11 de las instituciones educativas rurales priorizadas, enfocadas a promover escenarios saludables, y de trato digno hacia la a la población discapacitada por situación o condición, con la finalidad de reducir la discriminación y el maltrato. | L49: 4 | M49: numero | N49: 0 | O49: 0 | P49: 2 | Q49: 2 | R49: 1.1.02.06.001.02.02 | S49: cuidado de la salud en el territorio | T49: =U49/L49 -> 3913237.4 | U49: =SUM(V49:Y49) -> 15652950 | V49: =Cpte_Financiero_WT_PIC25!$H$19/75 -> 6126000 | W49: =Cpte_Financiero_WT_PIC25!$H$25/75 -> 4707000 | X49: =Cpte_Financiero_WT_PIC25!$E$58/75 -> 736552.18 | Y49: =SUM(Z49:AG49) -> 4083397.4 | Z49: ='Cadena de Valor'!$I$19*1 -> 169333.33 | AA49: ='Cadena de Valor'!$I$20*4 -> 378666.67 | AB49: ='Cadena de Valor'!$I$17*2 -> 290000 | AC49: ='Cadena de Valor'!$I$15*10 -> 747086.67 | AD49: ='Cadena de Valor'!$I$16*2 -> 788888.67 | AE49: 1000000 | AF49: =24499365/75 -> 326658.2 | AG49: =28707293.67/75 -> 382763.92 | AH49: 0. Informe Tecnico-Operativo de Ejecucion PIC 1.Registro de Asistencia 2. Formato de Acta de Reunion-Formato Acta de Concertacion-Formato Acta de dialogo para Consesno o disenso 3. Formato de Registros Filmicos (Fotograficos/Videos). 4. Ficha de Caracterizacion Socio-Demografica. 5. Ficha de Monitoreo y Seguimiento. 6. Formato de monitoreo y seguimiento de la Adherencia a las Rutas integrales de atencion en salud. 7. Formato de Visita Domiciliaria 8. Formato de Canalizacion 9. Formato y oficio de Remision 10. Registro Individual de Prestacion de servicios-RIPS-Codigo unico de prestacion de servicios-CUPS 11.Formato de intervenciones Breves | AI49: EBS # 5 | AJ49: Medico General, Enfermero, Promotor de Salud, Auxiliar de Enfermeria | AK49: 1. Institucional 2. Laboral 3. Educativo 4. Comunitario 5. Familia Hogar | AL49: 1. Primera Infancia 2. Infancia 3. Adolescencia 4. Juventud 5. Adultez 6. Adulto mayor 7. Mujer Lactante-gestante 8. Etnicos: Indigenas, Afros, Negros, Raizales, Rrom 9. Victimas del conflicto Armado 10. Poblacion en situacion de discapacidad 11. Trabajador Informal: Estacionario-Ambulante 12. Comunidad LGTBIQ+ | AM49: T24 | AN49: T24. MTT01. MT02. MT06. | AO49: T24. MT01. I.E.I N°02 Sede la Estrella T24. MT02. I.E.I N°02 Sede Maicaito, I.E.I N°10 Sede Shalimana T24. MT06. I.E.I N°05 Sede Urrain | AP49: 200 200 200 | AQ49: 800 800 800 | AR49: Secretaria de Salud Municipal de Maicao-Autoridad Sanitaria
A50: Contar con elementos para la acción que le permita aproximarse a las condiciones de vida y salud de las diferentes poblaciones de acuerdo con sus particularidades y necesidades, mediante el respeto a la integridad y la participación social, y como garante en la construcción conjunta de intervenciones desde el dialogo horizontal y respetuoso de sus saberes, prácticas y creencias. | B50: Pueblos y comunidades étnicas y campesinas, mujeres, sectores LGBTIQ+ y otras poblaciones por condición y/o situación | C50: Prácticas, saberes y conocimientos para la salud pública reconocidos y fortalecidos para Pueblos y comunidades étnicas, mujeres, población campesina, LBGTIQ+ y otras poblaciones por condición y/o situación | D50: 2.272106e+09 | E50: SGP-SALUD-SALUD PUBLICA | F50: 12836757 | G50: 348 | H50: I10204 | I50: INFORMACIÓN EN SALUD PARA EL USO EFECTIVO DE MÉTODOS ANTICONCEPTIVOS MODERNOS Y ACCESO A LA ANTICONCEPCIÓN | J50: I1020444 | K50: Realizar dos (2) campañas educativas con enfoque étnico, dirigido a la población en edad fértil de los micro-territorios priorizados en el municipio de Maicao, acerca de la importancia de la adherencia al tratamiento para las enfermedades de transmisión sexual, además de educación sobre el adecuado uso de cada método anticonceptivo. | L50: 2 | M50: numero | N50: 0 | O50: 0 | P50: 1 | Q50: 1 | R50: 1.1.02.06.001.02.02 | S50: cuidado de la salud en el territorio | T50: =U50/L50 -> 7234586 | U50: =SUM(V50:Y50) -> 14469172 | V50: =Cpte_Financiero_WT_PIC25!$H$19/75 -> 6126000 | W50: =Cpte_Financiero_WT_PIC25!$H$25/75 -> 4707000 | X50: =Cpte_Financiero_WT_PIC25!$E$58/75 -> 736552.18 | Y50: =SUM(Z50:AG50) -> 2899619.8 | Z50: ='Cadena de Valor'!$I$19*1 -> 169333.33 | AA50: ='Cadena de Valor'!$I$20*2 -> 189333.33 | AB50: ='Cadena de Valor'!$I$17*2 -> 290000 | AC50: ='Cadena de Valor'!$I$15*10 -> 747086.67 | AD50: ='Cadena de Valor'!$I$16*1 -> 394444.33 | AE50: 400000 | AF50: =24499365/75 -> 326658.2 | AG50: =28707293.67/75 -> 382763.92 | AH50: 0. Informe Tecnico-Operativo de Ejecucion PIC 1.Registro de Asistencia 2. Formato de Acta de Reunion-Formato Acta de Concertacion-Formato Acta de dialogo para Consesno o disenso 3. Formato de Registros Filmicos (Fotograficos/Videos). 4. Ficha de Caracterizacion Socio-Demografica. 5. Ficha de Monitoreo y Seguimiento. 6. Formato de monitoreo y seguimiento de la Adherencia a las Rutas integrales de atencion en salud. 7. Formato de Visita Domiciliaria 8. Formato de Canalizacion 9. Formato y oficio de Remision 10. Registro Individual de Prestacion de servicios-RIPS-Codigo unico de prestacion de servicios-CUPS 11.Formato de intervenciones Breves | AI50: EBS # 5 | AJ50: Medico General, Enfermero, Promotor de Salud, Auxiliar de Enfermeria | AK50: 1. Institucional 2. Laboral 3. Educativo 4. Comunitario 5. Familia Hogar | AL50: 1. Primera Infancia 2. Infancia 3. Adolescencia 4. Juventud 5. Adultez 6. Adulto mayor 7. Mujer Lactante-gestante 8. Etnicos: Indigenas, Afros, Negros, Raizales, Rrom 9. Victimas del conflicto Armado 10. Poblacion en situacion de discapacidad 11. Trabajador Informal: Estacionario-Ambulante 12. Comunidad LGTBIQ+ | AM50: T24 | AN50: T24. MT04. | AO50: T24. MT04. Piyushiapana 1, Wayumana | AP50: 200 | AQ50: 800 | AR50: Secretaria de Salud Municipal de Maicao-Autoridad Sanitaria
A51: Contar con elementos para la acción que le permita aproximarse a las condiciones de vida y salud de las diferentes poblaciones de acuerdo con sus particularidades y necesidades, mediante el respeto a la integridad y la participación social, y como garante en la construcción conjunta de intervenciones desde el dialogo horizontal y respetuoso de sus saberes, prácticas y creencias. | B51: Pueblos y comunidades étnicas y campesinas, mujeres, sectores LGBTIQ+ y otras poblaciones por condición y/o situación | C51: Prácticas, saberes y conocimientos para la salud pública reconocidos y fortalecidos para Pueblos y comunidades étnicas, mujeres, población campesina, LBGTIQ+ y otras poblaciones por condición y/o situación | D51: 2.272106e+09 | E51: SGP-SALUD-SALUD PUBLICA | F51: 12836757 | G51: 349 | H51: I30203 | I51: ESPACIOS SECTORIALES E INTERSECTORIALES PARA TOMA DE DECISIONES EN POLÍTICAS PÚBLICAS | J51: I3020345 | K51: Concertar con la comunidad de las comunas priorizadas, un encuentro educativo, en articulación con el proceso de gestión, en el que se eduque sobre las rutas integrales de atención y los medios de notificación oportuna de los casos de interés en salud pública. | L51: 1 | M51: numero | N51: 0 | O51: 0 | P51: 1 | Q51: 0 | R51: 1.1.02.06.001.02.02 | S51: cuidado de la salud en el territorio | T51: =U51/L51 -> 14279839 | U51: =SUM(V51:Y51) -> 14279839 | V51: =Cpte_Financiero_WT_PIC25!$H$19/75 -> 6126000 | W51: =Cpte_Financiero_WT_PIC25!$H$25/75 -> 4707000 | X51: =Cpte_Financiero_WT_PIC25!$E$58/75 -> 736552.18 | Y51: =SUM(Z51:AG51) -> 2710286.4 | Z51: ='Cadena de Valor'!$I$19*1 -> 169333.33 | AA51: 0 | AB51: ='Cadena de Valor'!$I$17*2 -> 290000 | AC51: ='Cadena de Valor'!$I$15*10 -> 747086.67 | AD51: ='Cadena de Valor'!$I$16*1 -> 394444.33 | AE51: 400000 | AF51: =24499365/75 -> 326658.2 | AG51: =28707293.67/75 -> 382763.92 | AH51: 0. Informe Tecnico-Operativo de Ejecucion PIC 1.Registro de Asistencia 2. Formato de Acta de Reunion-Formato Acta de Concertacion-Formato Acta de dialogo para Consesno o disenso 3. Formato de Registros Filmicos (Fotograficos/Videos). 4. Ficha de Caracterizacion Socio-Demografica. 5. Ficha de Monitoreo y Seguimiento. 6. Formato de monitoreo y seguimiento de la Adherencia a las Rutas integrales de atencion en salud. 7. Formato de Visita Domiciliaria 8. Formato de Canalizacion 9. Formato y oficio de Remision 10. Registro Individual de Prestacion de servicios-RIPS-Codigo unico de prestacion de servicios-CUPS 11.Formato de intervenciones Breves | AI51: EBS # 5 | AJ51: Medico General, Enfermero, Promotor de Salud, Auxiliar de Enfermeria | AK51: 1. Institucional 2. Laboral 3. Educativo 4. Comunitario 5. Familia Hogar | AL51: 1. Primera Infancia 2. Infancia 3. Adolescencia 4. Juventud 5. Adultez 6. Adulto mayor 7. Mujer Lactante-gestante 8. Etnicos: Indigenas, Afros, Negros, Raizales, Rrom 9. Victimas del conflicto Armado 10. Poblacion en situacion de discapacidad 11. Trabajador Informal: Estacionario-Ambulante 12. Comunidad LGTBIQ+ | AM51: T14 | AN51: comuna 5 | AO51: villa inés, villa luz, villa amelia 2, comuneros, libertador, santo domingo, jorge arrieta, colombia libre. | AP51: 450 | AQ51: 2250 | AR51: Secretaria de Salud Municipal de Maicao-Autoridad Sanitaria
A52: Contar con elementos para la acción que le permita aproximarse a las condiciones de vida y salud de las diferentes poblaciones de acuerdo con sus particularidades y necesidades, mediante el respeto a la integridad y la participación social, y como garante en la construcción conjunta de intervenciones desde el dialogo horizontal y respetuoso de sus saberes, prácticas y creencias. | B52: Pueblos y comunidades étnicas y campesinas, mujeres, sectores LGBTIQ+ y otras poblaciones por condición y/o situación | C52: Prácticas, saberes y conocimientos para la salud pública reconocidos y fortalecidos para Pueblos y comunidades étnicas, mujeres, población campesina, LBGTIQ+ y otras poblaciones por condición y/o situación | D52: 2.272106e+09 | E52: SGP-SALUD-SALUD PUBLICA | F52: 12836757 | G52: 350 | H52: I10607 | I52: INFORMACIÓN EN SALUD EN PRÁCTICAS PARA EL CUIDADO DE LA SALUD | J52: I1060746 | K52: Realizar dos (2) campañas pedagógicas, dirigidas a la población estudiantil de las instituciones educativas rurales priorizadas en el municipio, a través de talleres educativos, volantes y pendones, sobre la promoción del programa de Servicios de Salud Amigables para Adolescente y Jóvenes (SSAAJ). | L52: 2 | M52: numero | N52: 0 | O52: 1 | P52: 1 | Q52: 0 | R52: 1.1.02.06.001.02.02 | S52: cuidado de la salud en el territorio | T52: =U52/L52 -> 7234586 | U52: =SUM(V52:Y52) -> 14469172 | V52: =Cpte_Financiero_WT_PIC25!$H$19/75 -> 6126000 | W52: =Cpte_Financiero_WT_PIC25!$H$25/75 -> 4707000 | X52: =Cpte_Financiero_WT_PIC25!$E$58/75 -> 736552.18 | Y52: =SUM(Z52:AG52) -> 2899619.8 | Z52: ='Cadena de Valor'!$I$19*1 -> 169333.33 | AA52: ='Cadena de Valor'!$I$20*2 -> 189333.33 | AB52: ='Cadena de Valor'!$I$17*2 -> 290000 | AC52: ='Cadena de Valor'!$I$15*10 -> 747086.67 | AD52: ='Cadena de Valor'!$I$16*1 -> 394444.33 | AE52: 400000 | AF52: =24499365/75 -> 326658.2 | AG52: =28707293.67/75 -> 382763.92 | AH52: 0. Informe Tecnico-Operativo de Ejecucion PIC 1.Registro de Asistencia 2. Formato de Acta de Reunion-Formato Acta de Concertacion-Formato Acta de dialogo para Consesno o disenso 3. Formato de Registros Filmicos (Fotograficos/Videos). 4. Ficha de Caracterizacion Socio-Demografica. 5. Ficha de Monitoreo y Seguimiento. 6. Formato de monitoreo y seguimiento de la Adherencia a las Rutas integrales de atencion en salud. 7. Formato de Visita Domiciliaria 8. Formato de Canalizacion 9. Formato y oficio de Remision 10. Registro Individual de Prestacion de servicios-RIPS-Codigo unico de prestacion de servicios-CUPS 11.Formato de intervenciones Breves | AI52: EBS # 5 | AJ52: Medico General, Enfermero, Promotor de Salud, Auxiliar de Enfermeria | AK52: 1. Institucional 2. Laboral 3. Educativo 4. Comunitario 5. Familia Hogar | AL52: 1. Primera Infancia 2. Infancia 3. Adolescencia 4. Juventud 5. Adultez 6. Adulto mayor 7. Mujer Lactante-gestante 8. Etnicos: Indigenas, Afros, Negros, Raizales, Rrom 9. Victimas del conflicto Armado 10. Poblacion en situacion de discapacidad 11. Trabajador Informal: Estacionario-Ambulante 12. Comunidad LGTBIQ+ | AM52: T24 | AN52: T24. MT06. | AO52: T24. MT06. I.E.I N°05 Sede Urrain | AP52: 200 | AQ52: 800 | AR52: Secretaria de Salud Municipal de Maicao-Autoridad Sanitaria
A53: Transformar las circunstancias injustas relacionadas con peores resultados de salud de la población, mediante la definición de acciones de carácter inter y transectorial en los planes de desarrollo territorial, con el fin de avanzar en la reducción de brechas sociosanitarias. | B53: Determinantes Sociales de la Salud | C53: Transformación cultural, movilización y organización social y popular por la vida, salud y la equidad en salud. | D53: 2.272106e+09 | E53: SGP-SALUD-SALUD PUBLICA | F53: 12836757 | G53: 351 | H53: I30006 | I53: ACOMPAÑAMIENTO A LA FAMILIA PARA EL MANEJO EN LOS DIFERENTES ENTORNOS | J53: I3000647 | K53: Concertar con los actores sociales de la zona rural y urbana del municipio, la realización de cuatro (4) mesas de trabajo intersectoriales, con el fin de promocionar las estrategias municipales de la erradicación del trabajo Infantil y Adolescente, incluye poster informativo. | L53: 4 | M53: Numero | N53: 0 | O53: 1 | P53: 1 | Q53: 2 | R53: 1.1.02.06.001.02.02 | S53: cuidado de la salud en el territorio | T53: =U53/L53 -> 5469959.7 | U53: =SUM(V53:Y53) -> 21879839 | V53: =Cpte_Financiero_WT_PIC25!$H$19/75 -> 6126000 | W53: =Cpte_Financiero_WT_PIC25!$H$25/75 -> 4707000 | X53: =Cpte_Financiero_WT_PIC25!$E$58/75 -> 736552.18 | Y53: =SUM(Z53:AG53) -> 10310286 | Z53: ='Cadena de Valor'!$I$19*1 -> 169333.33 | AA53: 0 | AB53: ='Cadena de Valor'!$I$17*2 -> 290000 | AC53: ='Cadena de Valor'!$I$15*10 -> 747086.67 | AD53: ='Cadena de Valor'!$I$16*1 -> 394444.33 | AE53: 8000000 | AF53: =24499365/75 -> 326658.2 | AG53: =28707293.67/75 -> 382763.92 | AH53: 0. Informe Tecnico-Operativo de Ejecucion PIC 1.Registro de Asistencia 2. Formato de Acta de Reunion-Formato Acta de Concertacion-Formato Acta de dialogo para Consesno o disenso 3. Formato de Registros Filmicos (Fotograficos/Videos). 4. Ficha de Caracterizacion Socio-Demografica. 5. Ficha de Monitoreo y Seguimiento. 6. Formato de monitoreo y seguimiento de la Adherencia a las Rutas integrales de atencion en salud. 7. Formato de Visita Domiciliaria 8. Formato de Canalizacion 9. Formato y oficio de Remision 10. Registro Individual de Prestacion de servicios-RIPS-Codigo unico de prestacion de servicios-CUPS 11.Formato de intervenciones Breves | AI53: EBS # 4 | AJ53: Trabajador Social, Enfermero, Promotor de Salud, Auxiliar de Enfermeria | AK53: 1. Institucional 2. Laboral 3. Educativo 4. Comunitario 5. Familia Hogar | AL53: 1. Primera Infancia 2. Infancia 3. Adolescencia 4. Juventud 5. Adultez 6. Adulto mayor 7. Mujer Lactante-gestante 8. Etnicos: Indigenas, Afros, Negros, Raizales, Rrom 9. Victimas del conflicto Armado 10. Poblacion en situacion de discapacidad 11. Trabajador Informal: Estacionario-Ambulante 12. Comunidad LGTBIQ+ | AM53: No Aplica | AN53: No Aplica | AO53: Auditorio de Secretaria de Salud Municipal de Maicao, CAS | AP53: No Aplica | AQ53: No Aplica | AR53: Secretaria de Salud Municipal de Maicao-Autoridad Sanitaria
A54: Transformar las circunstancias injustas relacionadas con peores resultados de salud de la población, mediante la definición de acciones de carácter inter y transectorial en los planes de desarrollo territorial, con el fin de avanzar en la reducción de brechas sociosanitarias. | B54: Determinantes Sociales de la Salud | C54: Transformación cultural, movilización y organización social y popular por la vida, salud y la equidad en salud. | D54: 2.272106e+09 | E54: SGP-SALUD-SALUD PUBLICA | F54: 12836757 | G54: 352 | H54: I11103 | I54: EDUCACIÓN Y COMUNICACIÓN EN SALUD PARA LA PREVENCIÓN DE LA VIOLENCIA | J54: I1110348 | K54: Realizar cuatro (4) campañas educativas dirigidas a los estudiantes de los grados 9, 10 y 11 de las instituciones educativas priorizadas, enfocadas a promover escenarios saludables, y de trato digno hacia la a la población discapacitada por situación o condición, con la finalidad de reducir la discriminación y el maltrato. | L54: 4 | M54: Numero | N54: 0 | O54: 1 | P54: 2 | Q54: 1 | R54: 1.1.02.06.001.02.02 | S54: cuidado de la salud en el territorio | T54: =U54/L54 -> 3764626.3 | U54: =SUM(V54:Y54) -> 15058505 | V54: =Cpte_Financiero_WT_PIC25!$H$19/75 -> 6126000 | W54: =Cpte_Financiero_WT_PIC25!$H$25/75 -> 4707000 | X54: =Cpte_Financiero_WT_PIC25!$E$58/75 -> 736552.18 | Y54: =SUM(Z54:AG54) -> 3488953.1 | Z54: ='Cadena de Valor'!$I$19*1 -> 169333.33 | AA54: ='Cadena de Valor'!$I$20*4 -> 378666.67 | AB54: ='Cadena de Valor'!$I$17*2 -> 290000 | AC54: ='Cadena de Valor'!$I$15*10 -> 747086.67 | AD54: ='Cadena de Valor'!$I$16*1 -> 394444.33 | AE54: 800000 | AF54: =24499365/75 -> 326658.2 | AG54: =28707293.67/75 -> 382763.92 | AH54: 0. Informe Tecnico-Operativo de Ejecucion PIC 1.Registro de Asistencia 2. Formato de Acta de Reunion-Formato Acta de Concertacion-Formato Acta de dialogo para Consesno o disenso 3. Formato de Registros Filmicos (Fotograficos/Videos). 4. Ficha de Caracterizacion Socio-Demografica. 5. Ficha de Monitoreo y Seguimiento. 6. Formato de monitoreo y seguimiento de la Adherencia a las Rutas integrales de atencion en salud. 7. Formato de Visita Domiciliaria 8. Formato de Canalizacion 9. Formato y oficio de Remision 10. Registro Individual de Prestacion de servicios-RIPS-Codigo unico de prestacion de servicios-CUPS 11.Formato de intervenciones Breves | AI54: EBS # 4 | AJ54: Trabajador Social, Enfermero, Promotor de Salud, Auxiliar de Enfermeria | AK54: 1. Institucional 2. Laboral 3. Educativo 4. Comunitario 5. Familia Hogar | AL54: 1. Primera Infancia 2. Infancia 3. Adolescencia 4. Juventud 5. Adultez 6. Adulto mayor 7. Mujer Lactante-gestante 8. Etnicos: Indigenas, Afros, Negros, Raizales, Rrom 9. Victimas del conflicto Armado 10. Poblacion en situacion de discapacidad 11. Trabajador Informal: Estacionario-Ambulante 12. Comunidad LGTBIQ+ | AM54: T24 T26 T29 | AN54: T24. MT05 T26. MT07 T29. MT04 | AO54: T24. MT05. IEI N°1 sede principal limonsito, IEI N°1 sede naranjito 2 T26. MT07. IEI N°3. sede la esperanza T29. MT04. IEI N°9. yaraliwou. | AP54: 200 250 250 | AQ54: 800 1000 1000 | AR54: Secretaria de Salud Municipal de Maicao-Autoridad Sanitaria
A55: Transformar las circunstancias injustas relacionadas con peores resultados de salud de la población, mediante la definición de acciones de carácter inter y transectorial en los planes de desarrollo territorial, con el fin de avanzar en la reducción de brechas sociosanitarias. | B55: Determinantes Sociales de la Salud | C55: Transformación cultural, movilización y organización social y popular por la vida, salud y la equidad en salud. | D55: 2.272106e+09 | E55: SGP-SALUD-SALUD PUBLICA | F55: 12836757 | G55: 353 | H55: I10603 | I55: INFORMACIÓN EN SALUD SOBRE MECANISMOS DE PARTICIPACIÓN CIUDADANA | J55: I1060349 | K55: Concertar con los actores sociales la participación en las mesas de diálogo dirigidas por los procesos de gestión de la SSMM, y demás órganos interdisciplinarios; donde se socialicen las estrategias enfocadas al cumplimiento del PDSP 2022-2031, el SISPI y la sentencia T-302 de 2017, con el fin de incluir a los líderes sociales en los procesos de planeación en salud. | L55: 3 | M55: numero | N55: 0 | O55: 1 | P55: 1 | Q55: 1 | R55: 1.1.02.06.001.02.02 | S55: cuidado de la salud en el territorio | T55: =U55/L55 -> 4759946.2 | U55: =SUM(V55:Y55) -> 14279839 | V55: =Cpte_Financiero_WT_PIC25!$H$19/75 -> 6126000 | W55: =Cpte_Financiero_WT_PIC25!$H$25/75 -> 4707000 | X55: =Cpte_Financiero_WT_PIC25!$E$58/75 -> 736552.18 | Y55: =SUM(Z55:AG55) -> 2710286.4 | Z55: ='Cadena de Valor'!$I$19*1 -> 169333.33 | AA55: 0 | AB55: ='Cadena de Valor'!$I$17*2 -> 290000 | AC55: ='Cadena de Valor'!$I$15*10 -> 747086.67 | AD55: ='Cadena de Valor'!$I$16*1 -> 394444.33 | AE55: 400000 | AF55: =24499365/75 -> 326658.2 | AG55: =28707293.67/75 -> 382763.92 | AH55: 0. Informe Tecnico-Operativo de Ejecucion PIC 1.Registro de Asistencia 2. Formato de Acta de Reunion-Formato Acta de Concertacion-Formato Acta de dialogo para Consesno o disenso 3. Formato de Registros Filmicos (Fotograficos/Videos). 4. Ficha de Caracterizacion Socio-Demografica. 5. Ficha de Monitoreo y Seguimiento. 6. Formato de monitoreo y seguimiento de la Adherencia a las Rutas integrales de atencion en salud. 7. Formato de Visita Domiciliaria 8. Formato de Canalizacion 9. Formato y oficio de Remision 10. Registro Individual de Prestacion de servicios-RIPS-Codigo unico de prestacion de servicios-CUPS 11.Formato de intervenciones Breves | AI55: EBS # 4 | AJ55: Trabajador Social, Enfermero, Promotor de Salud, Auxiliar de Enfermeria | AK55: 1. Institucional 2. Laboral 3. Educativo 4. Comunitario 5. Familia Hogar | AL55: 1. Primera Infancia 2. Infancia 3. Adolescencia 4. Juventud 5. Adultez 6. Adulto mayor 7. Mujer Lactante-gestante 8. Etnicos: Indigenas, Afros, Negros, Raizales, Rrom 9. Victimas del conflicto Armado 10. Poblacion en situacion de discapacidad 11. Trabajador Informal: Estacionario-Ambulante 12. Comunidad LGTBIQ+ | AM55: no aplica | AN55: no aplica | AO55: Auditorio Hospital San Jose | AP55: No Aplica | AQ55: no aplica | AR55: Secretaria de Salud Municipal de Maicao-Autoridad Sanitaria
A56: Transformar las circunstancias injustas relacionadas con peores resultados de salud de la población, mediante la definición de acciones de carácter inter y transectorial en los planes de desarrollo territorial, con el fin de avanzar en la reducción de brechas sociosanitarias. | B56: Determinantes Sociales de la Salud | C56: Transformación cultural, movilización y organización social y popular por la vida, salud y la equidad en salud. | D56: 2.272106e+09 | E56: SGP-SALUD-SALUD PUBLICA | F56: 12836757 | G56: 354 | H56: I11103 | I56: EDUCACIÓN Y COMUNICACIÓN EN SALUD PARA LA PREVENCIÓN DE LA VIOLENCIA | J56: I1110350 | K56: Desarrollar tres (3) actividades educativas, en articulación con la Comisaría de familia y Personería municipal, dirigidas a la población en general, con el fin de establecer la línea de ayuda y promover la convivencia pacífica, para prevenir la violencia en el entorno familiar, de género, laboral, sexual y comunitario. | L56: 3 | M56: numero | N56: 0 | O56: 1 | P56: 1 | Q56: 1 | R56: 1.1.02.06.001.02.02 | S56: cuidado de la salud en el territorio | T56: =U56/L56 -> 4921279.5 | U56: =SUM(V56:Y56) -> 14763839 | V56: =Cpte_Financiero_WT_PIC25!$H$19/75 -> 6126000 | W56: =Cpte_Financiero_WT_PIC25!$H$25/75 -> 4707000 | X56: =Cpte_Financiero_WT_PIC25!$E$58/75 -> 736552.18 | Y56: =SUM(Z56:AG56) -> 3194286.4 | Z56: ='Cadena de Valor'!$I$19*1 -> 169333.33 | AA56: ='Cadena de Valor'!$I$20*3 -> 284000 | AB56: ='Cadena de Valor'!$I$17*2 -> 290000 | AC56: ='Cadena de Valor'!$I$15*10 -> 747086.67 | AD56: ='Cadena de Valor'!$I$16*1 -> 394444.33 | AE56: 600000 | AF56: =24499365/75 -> 326658.2 | AG56: =28707293.67/75 -> 382763.92 | AH56: 0. Informe Tecnico-Operativo de Ejecucion PIC 1.Registro de Asistencia 2. Formato de Acta de Reunion-Formato Acta de Concertacion-Formato Acta de dialogo para Consesno o disenso 3. Formato de Registros Filmicos (Fotograficos/Videos). 4. Ficha de Caracterizacion Socio-Demografica. 5. Ficha de Monitoreo y Seguimiento. 6. Formato de monitoreo y seguimiento de la Adherencia a las Rutas integrales de atencion en salud. 7. Formato de Visita Domiciliaria 8. Formato de Canalizacion 9. Formato y oficio de Remision 10. Registro Individual de Prestacion de servicios-RIPS-Codigo unico de prestacion de servicios-CUPS 11.Formato de intervenciones Breves | AI56: EBS # 4 | AJ56: Trabajador Social, Enfermero, Promotor de Salud, Auxiliar de Enfermeria | AK56: 1. Institucional 2. Laboral 3. Educativo 4. Comunitario 5. Familia Hogar | AL56: 1. Primera Infancia 2. Infancia 3. Adolescencia 4. Juventud 5. Adultez 6. Adulto mayor 7. Mujer Lactante-gestante 8. Etnicos: Indigenas, Afros, Negros, Raizales, Rrom 9. Victimas del conflicto Armado 10. Poblacion en situacion de discapacidad 11. Trabajador Informal: Estacionario-Ambulante 12. Comunidad LGTBIQ+ | AM56: T11 T13 T14 | AN56: comuna 3 comuna 4 comuna 5 | AO56: CM 3. La pista CM 4. Nueva esperanza CM 5. comuneros | AP56: 650 200 450 | AQ56: 3250 1000 2250 | AR56: Secretaria de Salud Municipal de Maicao-Autoridad Sanitaria
A57: Transformar las circunstancias injustas relacionadas con peores resultados de salud de la población, mediante la definición de acciones de carácter inter y transectorial en los planes de desarrollo territorial, con el fin de avanzar en la reducción de brechas sociosanitarias. | B57: Determinantes Sociales de la Salud | C57: Transformación cultural, movilización y organización social y popular por la vida, salud y la equidad en salud. | D57: 2.272106e+09 | E57: SGP-SALUD-SALUD PUBLICA | F57: 12836757 | G57: 355 | H57: I10001 | I57: INFORMACIÓN EN SALUD PARA EL CUIDADO DEL AMBIENTE | J57: I1000151 | K57: Realizar dos (2) campañas educativas, en articulación con el proceso de gestión de la SSMM, dirigidas a los actores sociales del municipio, acerca del cambio Climático y las medidas de adaptación y mitigación que incidan en los determinantes de la Salud Ambiental, con el fin de capacitarlos en la identificación y notificación oportuna de las emergencias por eventos climáticos y catastróficos presentados en los micro-territorios y comunas que lideran. | L57: 2 | M57: numero | N57: 0 | O57: 1 | P57: 0 | Q57: 1 | R57: 1.1.02.06.001.02.02 | S57: cuidado de la salud en el territorio | T57: =U57/L57 -> 7234586 | U57: =SUM(V57:Y57) -> 14469172 | V57: =Cpte_Financiero_WT_PIC25!$H$19/75 -> 6126000 | W57: =Cpte_Financiero_WT_PIC25!$H$25/75 -> 4707000 | X57: =Cpte_Financiero_WT_PIC25!$E$58/75 -> 736552.18 | Y57: =SUM(Z57:AG57) -> 2899619.8 | Z57: ='Cadena de Valor'!$I$19*1 -> 169333.33 | AA57: ='Cadena de Valor'!$I$20*2 -> 189333.33 | AB57: ='Cadena de Valor'!$I$17*2 -> 290000 | AC57: ='Cadena de Valor'!$I$15*10 -> 747086.67 | AD57: ='Cadena de Valor'!$I$16*1 -> 394444.33 | AE57: 400000 | AF57: =24499365/75 -> 326658.2 | AG57: =28707293.67/75 -> 382763.92 | AH57: 0. Informe Tecnico-Operativo de Ejecucion PIC 1.Registro de Asistencia 2. Formato de Acta de Reunion-Formato Acta de Concertacion-Formato Acta de dialogo para Consesno o disenso 3. Formato de Registros Filmicos (Fotograficos/Videos). 4. Ficha de Caracterizacion Socio-Demografica. 5. Ficha de Monitoreo y Seguimiento. 6. Formato de monitoreo y seguimiento de la Adherencia a las Rutas integrales de atencion en salud. 7. Formato de Visita Domiciliaria 8. Formato de Canalizacion 9. Formato y oficio de Remision 10. Registro Individual de Prestacion de servicios-RIPS-Codigo unico de prestacion de servicios-CUPS 11.Formato de intervenciones Breves | AI57: EBS # 4 | AJ57: Trabajador Social, Enfermero, Promotor de Salud, Auxiliar de Enfermeria | AK57: 1. Institucional 2. Laboral 3. Educativo 4. Comunitario 5. Familia Hogar | AL57: 1. Primera Infancia 2. Infancia 3. Adolescencia 4. Juventud 5. Adultez 6. Adulto mayor 7. Mujer Lactante-gestante 8. Etnicos: Indigenas, Afros, Negros, Raizales, Rrom 9. Victimas del conflicto Armado 10. Poblacion en situacion de discapacidad 11. Trabajador Informal: Estacionario-Ambulante 12. Comunidad LGTBIQ+ | AM57: T24 T14 | AN57: T24. MT05 Comuna 5 | AO57: T24. MT05. IEI N°1 sede principal limonsito CM 5. Comuneros | AP57: 200 450 | AQ57: 800 2250 | AR57: Secretaria de Salud Municipal de Maicao-Autoridad Sanitaria
A58: Transformar las circunstancias injustas relacionadas con peores resultados de salud de la población, mediante la definición de acciones de carácter inter y transectorial en los planes de desarrollo territorial, con el fin de avanzar en la reducción de brechas sociosanitarias. | B58: Determinantes Sociales de la Salud | C58: Transformación cultural, movilización y organización social y popular por la vida, salud y la equidad en salud. | D58: 2.272106e+09 | E58: SGP-SALUD-SALUD PUBLICA | F58: 12836757 | G58: 356 | H58: I30204 | I58: CONFORMACIÓN Y FORTALECIMIENTO DE REDES FAMILIARES, COMUNITARIAS Y SOCIALES PARA LA PROMOCIÓN DE LOS COMPONENTES DE SALUD AMBIENTAL | J58: I3020452 | K58: Implementar cuatro (4) estrategias pedagógicas, dirigidas a la población de las comunas priorizadas en el municipio de Maicao, a través de acciones para reducir la contaminación del aire y el uso adecuado del agua, con el fin de promover adecuadas prácticas ambientales. | L58: 4 | M58: numero | N58: 0 | O58: 2 | P58: 1 | Q58: 1 | R58: 1.1.02.06.001.02.02 | S58: cuidado de la salud en el territorio | T58: =U58/L58 -> 3764626.3 | U58: =SUM(V58:Y58) -> 15058505 | V58: =Cpte_Financiero_WT_PIC25!$H$19/75 -> 6126000 | W58: =Cpte_Financiero_WT_PIC25!$H$25/75 -> 4707000 | X58: =Cpte_Financiero_WT_PIC25!$E$58/75 -> 736552.18 | Y58: =SUM(Z58:AG58) -> 3488953.1 | Z58: ='Cadena de Valor'!$I$19*1 -> 169333.33 | AA58: ='Cadena de Valor'!$I$20*4 -> 378666.67 | AB58: ='Cadena de Valor'!$I$17*2 -> 290000 | AC58: ='Cadena de Valor'!$I$15*10 -> 747086.67 | AD58: ='Cadena de Valor'!$I$16*1 -> 394444.33 | AE58: 800000 | AF58: =24499365/75 -> 326658.2 | AG58: =28707293.67/75 -> 382763.92 | AH58: 0. Informe Tecnico-Operativo de Ejecucion PIC 1.Registro de Asistencia 2. Formato de Acta de Reunion-Formato Acta de Concertacion-Formato Acta de dialogo para Consesno o disenso 3. Formato de Registros Filmicos (Fotograficos/Videos). 4. Ficha de Caracterizacion Socio-Demografica. 5. Ficha de Monitoreo y Seguimiento. 6. Formato de monitoreo y seguimiento de la Adherencia a las Rutas integrales de atencion en salud. 7. Formato de Visita Domiciliaria 8. Formato de Canalizacion 9. Formato y oficio de Remision 10. Registro Individual de Prestacion de servicios-RIPS-Codigo unico de prestacion de servicios-CUPS 11.Formato de intervenciones Breves | AI58: EBS # 4 | AJ58: Trabajador Social, Enfermero, Promotor de Salud, Auxiliar de Enfermeria | AK58: 1. Institucional 2. Laboral 3. Educativo 4. Comunitario 5. Familia Hogar | AL58: 1. Primera Infancia 2. Infancia 3. Adolescencia 4. Juventud 5. Adultez 6. Adulto mayor 7. Mujer Lactante-gestante 8. Etnicos: Indigenas, Afros, Negros, Raizales, Rrom 9. Victimas del conflicto Armado 10. Poblacion en situacion de discapacidad 11. Trabajador Informal: Estacionario-Ambulante 12. Comunidad LGTBIQ+ | AM58: T10 T11 T13 | AN58: comuna 2 comuna 3 comuna 4 | AO58: CM2. Nazareth CM3. Pastrana, La pista CM4. Nueva esperanza | AP58: 200 650 200 | AQ58: 1000 3250 1000 | AR58: Secretaria de Salud Municipal de Maicao-Autoridad Sanitaria
A59: Transformar las circunstancias injustas relacionadas con peores resultados de salud de la población, mediante la definición de acciones de carácter inter y transectorial en los planes de desarrollo territorial, con el fin de avanzar en la reducción de brechas sociosanitarias. | B59: Determinantes Sociales de la Salud | C59: Transformación cultural, movilización y organización social y popular por la vida, salud y la equidad en salud. | D59: 2.272106e+09 | E59: SGP-SALUD-SALUD PUBLICA | F59: 12836757 | G59: 357 | H59: I30202 | I59: INTERVENCIONES PARA EL DESARROLLO DE CAPACIDADES A REDES Y ORGANIZACIONES COMUNITARIAS | J59: I3020253 | K59: Ejecutar dos (2) talleres educativos con enfoque étnico, dirigidos a los micro-territorios priorizados en el municipio de Maicao, acerca de la atención prehospitalaria, actuación ante situaciones de emergencias y evacuación, con el fin de promover el desarrollo de capacidades, en articulación con los organismos de socorro de la cruz roja, Bomberos y UMGRD. | L59: 2 | M59: numero | N59: 0 | O59: 1 | P59: 0 | Q59: 1 | R59: 1.1.02.06.001.02.02 | S59: cuidado de la salud en el territorio | T59: =U59/L59 -> 7234586 | U59: =SUM(V59:Y59) -> 14469172 | V59: =Cpte_Financiero_WT_PIC25!$H$19/75 -> 6126000 | W59: =Cpte_Financiero_WT_PIC25!$H$25/75 -> 4707000 | X59: =Cpte_Financiero_WT_PIC25!$E$58/75 -> 736552.18 | Y59: =SUM(Z59:AG59) -> 2899619.8 | Z59: ='Cadena de Valor'!$I$19*1 -> 169333.33 | AA59: ='Cadena de Valor'!$I$20*2 -> 189333.33 | AB59: ='Cadena de Valor'!$I$17*2 -> 290000 | AC59: ='Cadena de Valor'!$I$15*10 -> 747086.67 | AD59: ='Cadena de Valor'!$I$16*1 -> 394444.33 | AE59: 400000 | AF59: =24499365/75 -> 326658.2 | AG59: =28707293.67/75 -> 382763.92 | AH59: 0. Informe Tecnico-Operativo de Ejecucion PIC 1.Registro de Asistencia 2. Formato de Acta de Reunion-Formato Acta de Concertacion-Formato Acta de dialogo para Consesno o disenso 3. Formato de Registros Filmicos (Fotograficos/Videos). 4. Ficha de Caracterizacion Socio-Demografica. 5. Ficha de Monitoreo y Seguimiento. 6. Formato de monitoreo y seguimiento de la Adherencia a las Rutas integrales de atencion en salud. 7. Formato de Visita Domiciliaria 8. Formato de Canalizacion 9. Formato y oficio de Remision 10. Registro Individual de Prestacion de servicios-RIPS-Codigo unico de prestacion de servicios-CUPS 11.Formato de intervenciones Breves | AI59: EBS # 4 | AJ59: Trabajador Social, Enfermero, Promotor de Salud, Auxiliar de Enfermeria | AK59: 1. Institucional 2. Laboral 3. Educativo 4. Comunitario 5. Familia Hogar | AL59: 1. Primera Infancia 2. Infancia 3. Adolescencia 4. Juventud 5. Adultez 6. Adulto mayor 7. Mujer Lactante-gestante 8. Etnicos: Indigenas, Afros, Negros, Raizales, Rrom 9. Victimas del conflicto Armado 10. Poblacion en situacion de discapacidad 11. Trabajador Informal: Estacionario-Ambulante 12. Comunidad LGTBIQ+ | AM59: T23 | AN59: T23. MT02 | AO59: T23. MT02. Wamayao, Kasuto | AP59: 200 | AQ59: 800 | AR59: Secretaria de Salud Municipal de Maicao-Autoridad Sanitaria
A60: Transformar las circunstancias injustas relacionadas con peores resultados de salud de la población, mediante la definición de acciones de carácter inter y transectorial en los planes de desarrollo territorial, con el fin de avanzar en la reducción de brechas sociosanitarias. | B60: Determinantes Sociales de la Salud | C60: Transformación cultural, movilización y organización social y popular por la vida, salud y la equidad en salud. | D60: 2.272106e+09 | E60: SGP-SALUD-SALUD PUBLICA | F60: 12836757 | G60: 358 | H60: I30202 | I60: INTERVENCIONES PARA EL DESARROLLO DE CAPACIDADES A REDES Y ORGANIZACIONES COMUNITARIAS | J60: I3020254 | K60: Ejecutar dos (2) talleres educativos con enfoque étnico, dirigidos a los barrios de las comunas priorizadas en el municipio de Maicao, acerca de la atención prehospitalaria, actuación ante situaciones de emergencias y evacuación, con el fin de promover el desarrollo de capacidades, en articulación con los organismos de socorro de la cruz roja, Bomberos y UMGRD. | L60: 2 | M60: numero | N60: 0 | O60: 1 | P60: 1 | Q60: 0 | R60: 1.1.02.06.001.02.02 | S60: cuidado de la salud en el territorio | T60: =U60/L60 -> 7434586 | U60: =SUM(V60:Y60) -> 14869172 | V60: =Cpte_Financiero_WT_PIC25!$H$19/75 -> 6126000 | W60: =Cpte_Financiero_WT_PIC25!$H$25/75 -> 4707000 | X60: =Cpte_Financiero_WT_PIC25!$E$58/75 -> 736552.18 | Y60: =SUM(Z60:AG60) -> 3299619.8 | Z60: ='Cadena de Valor'!$I$19*1 -> 169333.33 | AA60: ='Cadena de Valor'!$I$20*2 -> 189333.33 | AB60: ='Cadena de Valor'!$I$17*2 -> 290000 | AC60: ='Cadena de Valor'!$I$15*10 -> 747086.67 | AD60: ='Cadena de Valor'!$I$16*1 -> 394444.33 | AE60: 800000 | AF60: =24499365/75 -> 326658.2 | AG60: =28707293.67/75 -> 382763.92 | AH60: 0. Informe Tecnico-Operativo de Ejecucion PIC 1.Registro de Asistencia 2. Formato de Acta de Reunion-Formato Acta de Concertacion-Formato Acta de dialogo para Consesno o disenso 3. Formato de Registros Filmicos (Fotograficos/Videos). 4. Ficha de Caracterizacion Socio-Demografica. 5. Ficha de Monitoreo y Seguimiento. 6. Formato de monitoreo y seguimiento de la Adherencia a las Rutas integrales de atencion en salud. 7. Formato de Visita Domiciliaria 8. Formato de Canalizacion 9. Formato y oficio de Remision 10. Registro Individual de Prestacion de servicios-RIPS-Codigo unico de prestacion de servicios-CUPS 11.Formato de intervenciones Breves | AI60: EBS # 4 | AJ60: Trabajador Social, Enfermero, Promotor de Salud, Auxiliar de Enfermeria | AK60: 1. Institucional 2. Laboral 3. Educativo 4. Comunitario 5. Familia Hogar | AL60: 1. Primera Infancia 2. Infancia 3. Adolescencia 4. Juventud 5. Adultez 6. Adulto mayor 7. Mujer Lactante-gestante 8. Etnicos: Indigenas, Afros, Negros, Raizales, Rrom 9. Victimas del conflicto Armado 10. Poblacion en situacion de discapacidad 11. Trabajador Informal: Estacionario-Ambulante 12. Comunidad LGTBIQ+ | AM60: T10 T11 | AN60: comuna 2 comuna 3 | AO60: CM2. Nazareth CM3. Pastrana | AP60: 200 650 200 | AQ60: 1000 3250 1000 | AR60: Secretaria de Salud Municipal de Maicao-Autoridad Sanitaria
A61: Transformar las circunstancias injustas relacionadas con peores resultados de salud de la población, mediante la definición de acciones de carácter inter y transectorial en los planes de desarrollo territorial, con el fin de avanzar en la reducción de brechas sociosanitarias. | B61: Determinantes Sociales de la Salud | C61: Transformación cultural, movilización y organización social y popular por la vida, salud y la equidad en salud. | D61: 2.272106e+09 | E61: SGP-SALUD-SALUD PUBLICA | F61: 12836757 | G61: 359 | H61: I11403 | I61: EDUCACIÓN Y COMUNICACIÓN EN SALUD PARA LA ALIMENTACIÓN SALUDABLE | J61: I1140355 | K61: Desarrollar tres (3) talleres educativos, dirigidos a hombres y mujeres a cargo de los niños beneficiados por el programa piloto del ICBF en el municipio de Maicao, para la adecuada utilización de las raciones de alimentos entregadas, que incluya combinación y aprovechamiento en cantidades suficientes, para evitar el desperdicio de las provisiones. | L61: 3 | M61: numero | N61: 0 | O61: 1 | P61: 1 | Q61: 1 | R61: 1.1.02.06.001.02.02 | S61: cuidado de la salud en el territorio | T61: =U61/L61 -> 4921279.5 | U61: =SUM(V61:Y61) -> 14763839 | V61: =Cpte_Financiero_WT_PIC25!$H$19/75 -> 6126000 | W61: =Cpte_Financiero_WT_PIC25!$H$25/75 -> 4707000 | X61: =Cpte_Financiero_WT_PIC25!$E$58/75 -> 736552.18 | Y61: =SUM(Z61:AG61) -> 3194286.4 | Z61: ='Cadena de Valor'!$I$19*1 -> 169333.33 | AA61: ='Cadena de Valor'!$I$20*3 -> 284000 | AB61: ='Cadena de Valor'!$I$17*2 -> 290000 | AC61: ='Cadena de Valor'!$I$15*10 -> 747086.67 | AD61: ='Cadena de Valor'!$I$16*1 -> 394444.33 | AE61: 600000 | AF61: =24499365/75 -> 326658.2 | AG61: =28707293.67/75 -> 382763.92 | AH61: 0. Informe Tecnico-Operativo de Ejecucion PIC 1.Registro de Asistencia 2. Formato de Acta de Reunion-Formato Acta de Concertacion-Formato Acta de dialogo para Consesno o disenso 3. Formato de Registros Filmicos (Fotograficos/Videos). 4. Ficha de Caracterizacion Socio-Demografica. 5. Ficha de Monitoreo y Seguimiento. 6. Formato de monitoreo y seguimiento de la Adherencia a las Rutas integrales de atencion en salud. 7. Formato de Visita Domiciliaria 8. Formato de Canalizacion 9. Formato y oficio de Remision 10. Registro Individual de Prestacion de servicios-RIPS-Codigo unico de prestacion de servicios-CUPS 11.Formato de intervenciones Breves | AI61: EBS # 4 | AJ61: Trabajador Social, Enfermero, Promotor de Salud, Auxiliar de Enfermeria | AK61: 1. Institucional 2. Laboral 3. Educativo 4. Comunitario 5. Familia Hogar | AL61: 1. Primera Infancia 2. Infancia 3. Adolescencia 4. Juventud 5. Adultez 6. Adulto mayor 7. Mujer Lactante-gestante 8. Etnicos: Indigenas, Afros, Negros, Raizales, Rrom 9. Victimas del conflicto Armado 10. Poblacion en situacion de discapacidad 11. Trabajador Informal: Estacionario-Ambulante 12. Comunidad LGTBIQ+ | AM61: T14 | AN61: comuna 5 | AO61: CM 5. aprendiendo con amor. mi mundo de sueños, sembrando huellas de amor. | AP61: 40 | AQ61: 200 | AR61: Secretaria de Salud Municipal de Maicao-Autoridad Sanitaria
A62: Transformar las circunstancias injustas relacionadas con peores resultados de salud de la población, mediante la definición de acciones de carácter inter y transectorial en los planes de desarrollo territorial, con el fin de avanzar en la reducción de brechas sociosanitarias. | B62: Determinantes Sociales de la Salud | C62: Transformación cultural, movilización y organización social y popular por la vida, salud y la equidad en salud. | D62: 2.272106e+09 | E62: SGP-SALUD-SALUD PUBLICA | F62: 12836757 | G62: 360 | H62: I30205 | I62: CONFORMACIÓN Y FORTALECIMIENTO DE REDES FAMILIARES, COMUNITARIAS Y SOCIALES PARA PROMOCIÓN DE LA LACTANCIA MATERNA Y ALIMENTACIÓN COMPLEMENTARIA | J62: I3020556 | K62: Realizar una (1) movilización social en el municipio de Maicao, dirigido a la población en general, con el fin de conmemorar la Semana de la lactancia materna, programada el 1-7 de agosto de 2025, que permita concientizar a la población acerca de los beneficios de lactar, para el niño, la madre y la familia. | L62: 1 | M62: numero | N62: 0 | O62: 0 | P62: 1 | Q62: 0 | R62: 1.1.02.06.001.02.02 | S62: cuidado de la salud en el territorio | T62: =U62/L62 -> 14879839 | U62: =SUM(V62:Y62) -> 14879839 | V62: =Cpte_Financiero_WT_PIC25!$H$19/75 -> 6126000 | W62: =Cpte_Financiero_WT_PIC25!$H$25/75 -> 4707000 | X62: =Cpte_Financiero_WT_PIC25!$E$58/75 -> 736552.18 | Y62: =SUM(Z62:AG62) -> 3310286.4 | Z62: ='Cadena de Valor'!$I$19*1 -> 169333.33 | AA62: 0 | AB62: ='Cadena de Valor'!$I$17*2 -> 290000 | AC62: ='Cadena de Valor'!$I$15*10 -> 747086.67 | AD62: ='Cadena de Valor'!$I$16*1 -> 394444.33 | AE62: 1000000 | AF62: =24499365/75 -> 326658.2 | AG62: =28707293.67/75 -> 382763.92 | AH62: 0. Informe Tecnico-Operativo de Ejecucion PIC 1.Registro de Asistencia 2. Formato de Acta de Reunion-Formato Acta de Concertacion-Formato Acta de dialogo para Consesno o disenso 3. Formato de Registros Filmicos (Fotograficos/Videos). 4. Ficha de Caracterizacion Socio-Demografica. 5. Ficha de Monitoreo y Seguimiento. 6. Formato de monitoreo y seguimiento de la Adherencia a las Rutas integrales de atencion en salud. 7. Formato de Visita Domiciliaria 8. Formato de Canalizacion 9. Formato y oficio de Remision 10. Registro Individual de Prestacion de servicios-RIPS-Codigo unico de prestacion de servicios-CUPS 11.Formato de intervenciones Breves | AI62: EBS # 4 | AJ62: Trabajador Social, Enfermero, Promotor de Salud, Auxiliar de Enfermeria | AK62: 1. Institucional 2. Laboral 3. Educativo 4. Comunitario 5. Familia Hogar | AL62: 1. Primera Infancia 2. Infancia 3. Adolescencia 4. Juventud 5. Adultez 6. Adulto mayor 7. Mujer Lactante-gestante 8. Etnicos: Indigenas, Afros, Negros, Raizales, Rrom 9. Victimas del conflicto Armado 10. Poblacion en situacion de discapacidad 11. Trabajador Informal: Estacionario-Ambulante 12. Comunidad LGTBIQ+ | AM62: no aplica | AN62: no aplica | AO62: Plaza Simon Bolivar | AP62: 250 | AQ62: 1250 | AR62: Secretaria de Salud Municipal de Maicao-Autoridad Sanitaria
A63: Transformar las circunstancias injustas relacionadas con peores resultados de salud de la población, mediante la definición de acciones de carácter inter y transectorial en los planes de desarrollo territorial, con el fin de avanzar en la reducción de brechas sociosanitarias. | B63: Determinantes Sociales de la Salud | C63: Transformación cultural, movilización y organización social y popular por la vida, salud y la equidad en salud. | D63: 2.272106e+09 | E63: SGP-SALUD-SALUD PUBLICA | F63: 12836757 | G63: 361 | H63: I10607 | I63: INFORMACIÓN EN SALUD EN PRÁCTICAS PARA EL CUIDADO DE LA SALUD | J63: I1060757 | K63: Desarrollar un (1) estrategia de inclusión, con periodicidad trimestral, dirigida a la población con envejecimiento y vejez que asisten al geriátrico abuelos de las barbas de maíz, del municipio de Maicao, que fomenten el autocuidado y prevención de enfermedades no transmisibles, mediante actividad física y ejercicios. | L63: 1 | M63: numero | N63: 0 | O63: 0 | P63: 1 | Q63: 0 | R63: 1.1.02.06.001.02.02 | S63: cuidado de la salud en el territorio | T63: =U63/L63 -> 14174505 | U63: =SUM(V63:Y63) -> 14174505 | V63: =Cpte_Financiero_WT_PIC25!$H$19/75 -> 6126000 | W63: =Cpte_Financiero_WT_PIC25!$H$25/75 -> 4707000 | X63: =Cpte_Financiero_WT_PIC25!$E$58/75 -> 736552.18 | Y63: =SUM(Z63:AG63) -> 2604953.1 | Z63: ='Cadena de Valor'!$I$19*1 -> 169333.33 | AA63: ='Cadena de Valor'!$I$20*1 -> 94666.667 | AB63: ='Cadena de Valor'!$I$17*2 -> 290000 | AC63: ='Cadena de Valor'!$I$15*10 -> 747086.67 | AD63: ='Cadena de Valor'!$I$16*1 -> 394444.33 | AE63: 200000 | AF63: =24499365/75 -> 326658.2 | AG63: =28707293.67/75 -> 382763.92 | AH63: 0. Informe Tecnico-Operativo de Ejecucion PIC 1.Registro de Asistencia 2. Formato de Acta de Reunion-Formato Acta de Concertacion-Formato Acta de dialogo para Consesno o disenso 3. Formato de Registros Filmicos (Fotograficos/Videos). 4. Ficha de Caracterizacion Socio-Demografica. 5. Ficha de Monitoreo y Seguimiento. 6. Formato de monitoreo y seguimiento de la Adherencia a las Rutas integrales de atencion en salud. 7. Formato de Visita Domiciliaria 8. Formato de Canalizacion 9. Formato y oficio de Remision 10. Registro Individual de Prestacion de servicios-RIPS-Codigo unico de prestacion de servicios-CUPS 11.Formato de intervenciones Breves | AI63: EBS # 4 | AJ63: Trabajador Social, Enfermero, Promotor de Salud, Auxiliar de Enfermeria | AK63: 1. Institucional 2. Laboral 3. Educativo 4. Comunitario 5. Familia Hogar | AL63: 1. Primera Infancia 2. Infancia 3. Adolescencia 4. Juventud 5. Adultez 6. Adulto mayor 7. Mujer Lactante-gestante 8. Etnicos: Indigenas, Afros, Negros, Raizales, Rrom 9. Victimas del conflicto Armado 10. Poblacion en situacion de discapacidad 11. Trabajador Informal: Estacionario-Ambulante 12. Comunidad LGTBIQ+ | AM63: T13 | AN63: Comuna 5 | AO63: CM 5. Hogar geriatrico barbas de maiz | AP63: 90 | AQ63: 450 | AR63: Secretaria de Salud Municipal de Maicao-Autoridad Sanitaria
A64: Transformar las circunstancias injustas relacionadas con peores resultados de salud de la población, mediante la definición de acciones de carácter inter y transectorial en los planes de desarrollo territorial, con el fin de avanzar en la reducción de brechas sociosanitarias. | B64: Determinantes Sociales de la Salud | C64: Transformación cultural, movilización y organización social y popular por la vida, salud y la equidad en salud. | D64: 2.272106e+09 | E64: SGP-SALUD-SALUD PUBLICA | F64: 12836757 | G64: 362 | H64: I11203 | I64: EDUCACIÓN Y COMUNICACIÓN PARA LA PREVENCIÓN DEL EMBARAZO EN LA INFANCIA Y ADOLESCENCIA | J64: I1120358 | K64: Ejecutar una (1) estrategia informativa, dirigida a la población en edad fértil de las comunas priorizadas, donde se oriente y se eduque sobre el adecuado uso de cada método anticonceptivo, con la finalidad de contribuir en la disminución de embarazos no deseados. | L64: 1 | M64: numero | N64: 0 | O64: 1 | P64: 0 | Q64: 0 | R64: 1.1.02.06.001.02.02 | S64: cuidado de la salud en el territorio | T64: =U64/L64 -> 14174505 | U64: =SUM(V64:Y64) -> 14174505 | V64: =Cpte_Financiero_WT_PIC25!$H$19/75 -> 6126000 | W64: =Cpte_Financiero_WT_PIC25!$H$25/75 -> 4707000 | X64: =Cpte_Financiero_WT_PIC25!$E$58/75 -> 736552.18 | Y64: =SUM(Z64:AG64) -> 2604953.1 | Z64: ='Cadena de Valor'!$I$19*1 -> 169333.33 | AA64: ='Cadena de Valor'!$I$20*1 -> 94666.667 | AB64: ='Cadena de Valor'!$I$17*2 -> 290000 | AC64: ='Cadena de Valor'!$I$15*10 -> 747086.67 | AD64: ='Cadena de Valor'!$I$16*1 -> 394444.33 | AE64: 200000 | AF64: =24499365/75 -> 326658.2 | AG64: =28707293.67/75 -> 382763.92 | AH64: 0. Informe Tecnico-Operativo de Ejecucion PIC 1.Registro de Asistencia 2. Formato de Acta de Reunion-Formato Acta de Concertacion-Formato Acta de dialogo para Consesno o disenso 3. Formato de Registros Filmicos (Fotograficos/Videos). 4. Ficha de Caracterizacion Socio-Demografica. 5. Ficha de Monitoreo y Seguimiento. 6. Formato de monitoreo y seguimiento de la Adherencia a las Rutas integrales de atencion en salud. 7. Formato de Visita Domiciliaria 8. Formato de Canalizacion 9. Formato y oficio de Remision 10. Registro Individual de Prestacion de servicios-RIPS-Codigo unico de prestacion de servicios-CUPS 11.Formato de intervenciones Breves | AI64: EBS # 4 | AJ64: Trabajador Social, Enfermero, Promotor de Salud, Auxiliar de Enfermeria | AK64: 1. Institucional 2. Laboral 3. Educativo 4. Comunitario 5. Familia Hogar | AL64: 1. Primera Infancia 2. Infancia 3. Adolescencia 4. Juventud 5. Adultez 6. Adulto mayor 7. Mujer Lactante-gestante 8. Etnicos: Indigenas, Afros, Negros, Raizales, Rrom 9. Victimas del conflicto Armado 10. Poblacion en situacion de discapacidad 11. Trabajador Informal: Estacionario-Ambulante 12. Comunidad LGTBIQ+ | AM64: T14 | AN64: comuna 5 | AO64: CM 5. comuneros | AP64: 90 200 450 | AQ64: 450 1250 2250 | AR64: Secretaria de Salud Municipal de Maicao-Autoridad Sanitaria
A65: Transformar las circunstancias injustas relacionadas con peores resultados de salud de la población, mediante la definición de acciones de carácter inter y transectorial en los planes de desarrollo territorial, con el fin de avanzar en la reducción de brechas sociosanitarias. | B65: Determinantes Sociales de la Salud | C65: Transformación cultural, movilización y organización social y popular por la vida, salud y la equidad en salud. | D65: 2.272106e+09 | E65: SGP-SALUD-SALUD PUBLICA | F65: 12836757 | G65: 363 | H65: I11412 | I65: EDUCACIÓN Y COMUNICACIÓN PARA LA ADOPCIÓN DE ESTILOS DE VIDA SALUDABLE | J65: I1141259 | K65: Desarrollar seis (6) estrategias educativas, dirigidas a la población de las comunas priorizadas, que incluyan sesiones educativas, folletos, volantes y cuñas radiales, en conmemoración al día mundial del corazón, programado el 29 de septiembre de 2025, con el fin de sensibilizar sobre la prevención de la obesidad y mantener estilos de vida saludable. | L65: 6 | M65: numero | N65: 0 | O65: 0 | P65: 6 | Q65: 0 | R65: 1.1.02.06.001.02.02 | S65: cuidado de la salud en el territorio | T65: =U65/L65 -> 2607973.1 | U65: =SUM(V65:Y65) -> 15647839 | V65: =Cpte_Financiero_WT_PIC25!$H$19/75 -> 6126000 | W65: =Cpte_Financiero_WT_PIC25!$H$25/75 -> 4707000 | X65: =Cpte_Financiero_WT_PIC25!$E$58/75 -> 736552.18 | Y65: =SUM(Z65:AG65) -> 4078286.4 | Z65: ='Cadena de Valor'!$I$19*1 -> 169333.33 | AA65: ='Cadena de Valor'!$I$20*6 -> 568000 | AB65: ='Cadena de Valor'!$I$17*2 -> 290000 | AC65: ='Cadena de Valor'!$I$15*10 -> 747086.67 | AD65: ='Cadena de Valor'!$I$16*1 -> 394444.33 | AE65: 1200000 | AF65: =24499365/75 -> 326658.2 | AG65: =28707293.67/75 -> 382763.92 | AH65: 0. Informe Tecnico-Operativo de Ejecucion PIC 1.Registro de Asistencia 2. Formato de Acta de Reunion-Formato Acta de Concertacion-Formato Acta de dialogo para Consesno o disenso 3. Formato de Registros Filmicos (Fotograficos/Videos). 4. Ficha de Caracterizacion Socio-Demografica. 5. Ficha de Monitoreo y Seguimiento. 6. Formato de monitoreo y seguimiento de la Adherencia a las Rutas integrales de atencion en salud. 7. Formato de Visita Domiciliaria 8. Formato de Canalizacion 9. Formato y oficio de Remision 10. Registro Individual de Prestacion de servicios-RIPS-Codigo unico de prestacion de servicios-CUPS 11.Formato de intervenciones Breves | AI65: EBS # 4 | AJ65: Trabajador Social, Enfermero, Promotor de Salud, Auxiliar de Enfermeria | AK65: 1. Institucional 2. Laboral 3. Educativo 4. Comunitario 5. Familia Hogar | AL65: 1. Primera Infancia 2. Infancia 3. Adolescencia 4. Juventud 5. Adultez 6. Adulto mayor 7. Mujer Lactante-gestante 8. Etnicos: Indigenas, Afros, Negros, Raizales, Rrom 9. Victimas del conflicto Armado 10. Poblacion en situacion de discapacidad 11. Trabajador Informal: Estacionario-Ambulante 12. Comunidad LGTBIQ+ | AM65: T09 T13 T14 | AN65: comuna 1 comuna 4 comuna 5 | AO65: CM 1. san francisco. CM 4. Nueva esperanza, Hary fuminaya CM 5. comuneros, colombia libre, la victoria | AP65: 90 200 450 | AQ65: 450 1250 2250 | AR65: Secretaria de Salud Municipal de Maicao-Autoridad Sanitaria
A66: Transformar las circunstancias injustas relacionadas con peores resultados de salud de la población, mediante la definición de acciones de carácter inter y transectorial en los planes de desarrollo territorial, con el fin de avanzar en la reducción de brechas sociosanitarias. | B66: Determinantes Sociales de la Salud | C66: Transformación cultural, movilización y organización social y popular por la vida, salud y la equidad en salud. | D66: 2.272106e+09 | E66: SGP-SALUD-SALUD PUBLICA | F66: 12836757 | G66: 364 | H66: I11202 | I66: EDUCACIÓN Y COMUNICACIÓN PARA LA PREVENCIÓN DE VIOLENCIAS DE GÉNERO Y VIOLENCIAS SEXUALES | J66: I1120260 | K66: Realizar cuatro (4) actividades educativas, dirigidas a la población de los micro-territorios priorizados en el municipio de Maicao, a través del diseño e implementación de talleres, folletos y volantes, con el fin de informar y sensibilizar sobre la actuación ante los casos de violencia sexual, intrafamiliar y de género. | L66: 4 | M66: numero | N66: 0 | O66: 1 | P66: 1 | Q66: 2 | R66: 1.1.02.06.001.02.02 | S66: cuidado de la salud en el territorio | T66: =U66/L66 -> 3764626.3 | U66: =SUM(V66:Y66) -> 15058505 | V66: =Cpte_Financiero_WT_PIC25!$H$19/75 -> 6126000 | W66: =Cpte_Financiero_WT_PIC25!$H$25/75 -> 4707000 | X66: =Cpte_Financiero_WT_PIC25!$E$58/75 -> 736552.18 | Y66: =SUM(Z66:AG66) -> 3488953.1 | Z66: ='Cadena de Valor'!$I$19*1 -> 169333.33 | AA66: ='Cadena de Valor'!$I$20*4 -> 378666.67 | AB66: ='Cadena de Valor'!$I$17*2 -> 290000 | AC66: ='Cadena de Valor'!$I$15*10 -> 747086.67 | AD66: ='Cadena de Valor'!$I$16*1 -> 394444.33 | AE66: 800000 | AF66: =24499365/75 -> 326658.2 | AG66: =28707293.67/75 -> 382763.92 | AH66: 0. Informe Tecnico-Operativo de Ejecucion PIC 1.Registro de Asistencia 2. Formato de Acta de Reunion-Formato Acta de Concertacion-Formato Acta de dialogo para Consesno o disenso 3. Formato de Registros Filmicos (Fotograficos/Videos). 4. Ficha de Caracterizacion Socio-Demografica. 5. Ficha de Monitoreo y Seguimiento. 6. Formato de monitoreo y seguimiento de la Adherencia a las Rutas integrales de atencion en salud. 7. Formato de Visita Domiciliaria 8. Formato de Canalizacion 9. Formato y oficio de Remision 10. Registro Individual de Prestacion de servicios-RIPS-Codigo unico de prestacion de servicios-CUPS 11.Formato de intervenciones Breves | AI66: EBS # 4 | AJ66: Trabajador Social, Enfermero, Promotor de Salud, Auxiliar de Enfermeria | AK66: 1. Institucional 2. Laboral 3. Educativo 4. Comunitario 5. Familia Hogar | AL66: 1. Primera Infancia 2. Infancia 3. Adolescencia 4. Juventud 5. Adultez 6. Adulto mayor 7. Mujer Lactante-gestante 8. Etnicos: Indigenas, Afros, Negros, Raizales, Rrom 9. Victimas del conflicto Armado 10. Poblacion en situacion de discapacidad 11. Trabajador Informal: Estacionario-Ambulante 12. Comunidad LGTBIQ+ | AM66: T23 | AN66: T23. MT02 | AO66: T23. MT02. Wamayao, Kasuto, Kalapashon, Jularen | AP66: 200 | AQ66: 800 | AR66: Secretaria de Salud Municipal de Maicao-Autoridad Sanitaria
A67: Transformar las circunstancias injustas relacionadas con peores resultados de salud de la población, mediante la definición de acciones de carácter inter y transectorial en los planes de desarrollo territorial, con el fin de avanzar en la reducción de brechas sociosanitarias. | B67: Determinantes Sociales de la Salud | C67: Transformación cultural, movilización y organización social y popular por la vida, salud y la equidad en salud. | D67: 2.272106e+09 | E67: SGP-SALUD-SALUD PUBLICA | F67: 12836757 | G67: 365 | H67: I11202 | I67: EDUCACIÓN Y COMUNICACIÓN PARA LA PREVENCIÓN DE VIOLENCIAS DE GÉNERO Y VIOLENCIAS SEXUALES | J67: I1120261 | K67: Realizar una (1) movilización social, donde se integre a la población en general, que incluya el diseño de volantes, cuñas radiales y pendones, en conmemoración del día internacional de la eliminación de la violencia contra la mujer, programada el día 25 de noviembre de 2025. | L67: 1 | M67: numero | N67: 0 | O67: 0 | P67: 0 | Q67: 1 | R67: 1.1.02.06.001.02.02 | S67: cuidado de la salud en el territorio | T67: =U67/L67 -> 14279839 | U67: =SUM(V67:Y67) -> 14279839 | V67: =Cpte_Financiero_WT_PIC25!$H$19/75 -> 6126000 | W67: =Cpte_Financiero_WT_PIC25!$H$25/75 -> 4707000 | X67: =Cpte_Financiero_WT_PIC25!$E$58/75 -> 736552.18 | Y67: =SUM(Z67:AG67) -> 2710286.4 | Z67: ='Cadena de Valor'!$I$19*1 -> 169333.33 | AA67: 0 | AB67: ='Cadena de Valor'!$I$17*2 -> 290000 | AC67: ='Cadena de Valor'!$I$15*10 -> 747086.67 | AD67: ='Cadena de Valor'!$I$16*1 -> 394444.33 | AE67: 400000 | AF67: =24499365/75 -> 326658.2 | AG67: =28707293.67/75 -> 382763.92 | AH67: 0. Informe Tecnico-Operativo de Ejecucion PIC 1.Registro de Asistencia 2. Formato de Acta de Reunion-Formato Acta de Concertacion-Formato Acta de dialogo para Consesno o disenso 3. Formato de Registros Filmicos (Fotograficos/Videos). 4. Ficha de Caracterizacion Socio-Demografica. 5. Ficha de Monitoreo y Seguimiento. 6. Formato de monitoreo y seguimiento de la Adherencia a las Rutas integrales de atencion en salud. 7. Formato de Visita Domiciliaria 8. Formato de Canalizacion 9. Formato y oficio de Remision 10. Registro Individual de Prestacion de servicios-RIPS-Codigo unico de prestacion de servicios-CUPS 11.Formato de intervenciones Breves | AI67: EBS # 4 | AJ67: Trabajador Social, Enfermero, Promotor de Salud, Auxiliar de Enfermeria | AK67: 1. Institucional 2. Laboral 3. Educativo 4. Comunitario 5. Familia Hogar | AL67: 1. Primera Infancia 2. Infancia 3. Adolescencia 4. Juventud 5. Adultez 6. Adulto mayor 7. Mujer Lactante-gestante 8. Etnicos: Indigenas, Afros, Negros, Raizales, Rrom 9. Victimas del conflicto Armado 10. Poblacion en situacion de discapacidad 11. Trabajador Informal: Estacionario-Ambulante 12. Comunidad LGTBIQ+ | AM67: T14 | AN67: comuna 5 | AO67: CM 5. comuneros, colombia libre, la victoria | AP67: 650 200 450 | AQ67: 3250 1000 2250 | AR67: Secretaria de Salud Municipal de Maicao-Autoridad Sanitaria
